Workbook
Name csDesignMode: 1
Name Materials_Data: #REF!
Name НДС: #REF!
Name НДС: #REF!

Sheet Оглавление
A1: ПРАЙС-ЛИСТ НА ТЕПЛОИЗОЛЯЦИОННУЮ ПРОДУКЦИЮ
A2: ООО "РОКВУЛ"
A4: ТЕХНИЧЕСКАЯ ИЗОЛЯЦИЯ
A6: от 01 апреля 2026 года
A10: ТЕПЛОИЗОЛЯЦИОННАЯ ПРОДУКЦИЯ
A13: МАТЫ И ПЛИТЫ | B13: Продукт
A14: Прошивные маты ВАЙРЕД МАТ | B14: ВАЙРЕД МАТ 80 | C14: Прайс-лист | D14: Описание, возможности пр-ва, мин.заказ
A15: Прошивные маты ВАЙРЕД МАТ | B15: ВАЙРЕД МАТ 80 SST | C15: Прайс-лист | D15: Описание, возможности пр-ва, мин.заказ
A16: Прошивные маты ВАЙРЕД МАТ | B16: ВАЙРЕД МАТ 80 Кф | C16: Прайс-лист | D16: Описание, возможности пр-ва, мин.заказ
A17: Прошивные маты ВАЙРЕД МАТ | B17: ВАЙРЕД МАТ 80 Кф1 | C17: Прайс-лист | D17: Описание, возможности пр-ва, мин.заказ
A18: Прошивные маты ВАЙРЕД МАТ | B18: ВАЙРЕД МАТ 105 | C18: Прайс-лист | D18: Описание, возможности пр-ва, мин.заказ
A19: Прошивные маты ВАЙРЕД МАТ | B19: ВАЙРЕД МАТ 105 SST | C19: Прайс-лист | D19: Описание, возможности пр-ва, мин.заказ
A20: Прошивные маты ВАЙРЕД МАТ | B20: ВАЙРЕД МАТ 105 Кф | C20: Прайс-лист | D20: Описание, возможности пр-ва, мин.заказ
A21: Прошивные маты ВАЙРЕД МАТ | B21: ВАЙРЕД МАТ 105 Кф1 | C21: Прайс-лист | D21: Описание, возможности пр-ва, мин.заказ
A22: Прошивные маты ВАЙРЕД МАТ | B22: ВАЙРЕД МАТ 50 | C22: Прайс-лист | D22: Описание, возможности пр-ва, мин.заказ
A23: Ламельные маты | B23: ЛАМЕЛЛА МАТ (AL) | C23: Прайс-лист | D23: Описание, возможности пр-ва, мин.заказ
A24: Маты ТЕХ МАТ | B24: ТЕХ МАТ | C24: Прайс-лист | D24: Описание, возможности пр-ва, мин.заказ
A25: Маты ТЕХ МАТ | B25: ТЕХ МАТ Кф | C25: Прайс-лист | D25: Описание, возможности пр-ва, мин.заказ
... A41: Плиты ИНДАСТРИАЛ БАТТС | B41: ИНДАСТРИАЛ БАТТС 80 | C41: Прайс-лист | D41: Описание, возможности пр-ва, мин.заказ
A45: ВАЙРЕД МАТ (упаковка на паллету) | B45: Продукт
A46: Прошивные маты ВАЙРЕД МАТ | B46: ВАЙРЕД МАТ 80 | C46: Прайс-лист | D46: Описание, возможности пр-ва, мин.заказ
A47: Прошивные маты ВАЙРЕД МАТ | B47: ВАЙРЕД МАТ 80 SST | C47: Прайс-лист | D47: Описание, возможности пр-ва, мин.заказ
A48: Прошивные маты ВАЙРЕД МАТ | B48: ВАЙРЕД МАТ 80 Кф | C48: Прайс-лист | D48: Описание, возможности пр-ва, мин.заказ
A49: Прошивные маты ВАЙРЕД МАТ | B49: ВАЙРЕД МАТ 105 | C49: Прайс-лист | D49: Описание, возможности пр-ва, мин.заказ
A50: Прошивные маты ВАЙРЕД МАТ | B50: ВАЙРЕД МАТ 105 SST | C50: Прайс-лист | D50: Описание, возможности пр-ва, мин.заказ
A51: Прошивные маты ВАЙРЕД МАТ | B51: ВАЙРЕД МАТ 105 Кф | C51: Прайс-лист | D51: Описание, возможности пр-ва, мин.заказ
A52: Прошивные маты ВАЙРЕД МАТ | B52: ВАЙРЕД МАТ 105 Кф1 | C52: Прайс-лист | D52: Описание, возможности пр-ва, мин.заказ
A56: ЦИЛИНДРЫ | B56: Продукт
A57: Цилиндры навивные | B57: Цилиндр навивной RWL 100 | C57: Прайс-лист | D57: Описание, возможности пр-ва, мин.заказ
A58: Цилиндры навивные | B58: Цилиндр навивной RWL 100 Кф | C58: Прайс-лист | D58: Описание, возможности пр-ва, мин.заказ
A59: Цилиндры | B59: Цилиндр RWL 80 Кф1 | C59: Прайс-лист | D59: Описание, возможности пр-ва, мин.заказ
A60: Цилиндры | B60: Цилиндр RWL 80 Кф | C60: Прайс-лист | D60: Описание, возможности пр-ва, мин. заказ
A61: Цилиндры навивные | B61: Цилиндр навивной RWL 150 | C61: Прайс-лист | D61: Описание, возможности пр-ва, мин.заказ
A65: СОПУТСТВУЮЩАЯ ПРОДУКЦИЯ
A68: Сегмент | B68: Продукт
A69: Сопутствующая продукция для ФТ БАРЬЕР / ФТ БАРЬЕР Д | B69: Анкер стальной | C69: Прайс-лист
A70: Сопутствующая продукция для ФТ БАРЬЕР / ФТ БАРЬЕР Д | B70: Тарельчатый держатель | C70: Прайс-лист
A71: Сопутствующая продукция для ФТ БАРЬЕР / ФТ БАРЬЕР Д | B71: Декоративная краска ФТ Декор | C71: Прайс-лист
A72: Сопутствующая продукция для КОНЛИТ SL 150 | B72: Клей КОНЛИТ | C72: Прайс-лист
A73: Аксессуары к технической изоляции | B73: Самоклеящееся покрытие для теплоизоляции | C73: Прайс-лист
A74: Аксессуары к технической изоляции | B74: Лента алюминиевая самоклеящаяся | C74: Прайс-лист
D76: ОФИС ПРОДАЖ:
D77: 115054, г. Москва
D78: Павелецкая площадь, 2с2 (БЦ Павелецкая Плаза)
D79: тел. +7 (495) 777 79 79
D80: факс +7 (495) 777 79 70
D81: www.rwl.ru
D83: Контакты торговых представителей

Sheet Маты и плиты
A1: ПРАЙС-ЛИСТ НА ТЕПЛОИЗОЛЯЦИОННУЮ ПРОДУКЦИЮ
A2: ООО "РОКВУЛ"
A4: ТЕХНИЧЕСКАЯ ИЗОЛЯЦИЯ: МАТЫ И ПЛИТЫ
A6: от 01 апреля 2026 года
A9: Важные примечания:
A10: 1. Ставка НДС применяется в соответствии с действующим законодательством.
A11: 2. Счет является действительным к оплате в течение 3-х банковских дней.
A12: 3. Заказы на теплоизоляционные материалы поступают в производство с момента поступления денег на расчетный счет производителя.
A13: 4. Список материалов (их размеров и вариантов упаковок), представленный в данном Прайс-листе, не является исчерпывающим списком возможностей производства. С дополнительными возможностями можно ознакомиться
A14: на листе "Возможности пр-ва" или уточнить у торгового представителя компании в вашем регионе. | AC14: СКИДКА
A15: 5. Продукция категорий A, B и C (для всех продуктов, размеров и вариантов упаковок) полностью указана в Прайс-листе. Продукция, не указанная в Прайс-листе, относится к категории D. | AC15: 0
A16: 6. Размер минимального заказа указан на листе "Возможности пр-ва" и в колонках W-AA (под плюсом).
A17: 7. Стоимость кашировки плит ТЕХ БАТТС составляет 102.16 руб./м2 без НДС, или 124.64 руб./м2 с НДС 22%.
A18: 8. Возможен выпуск плит ИНДАСТРИАЛ БАТТС 80 BF с двухсторонним покрытием стеклохолстом.
A19: 9. ** Минимальная партия при отгрузке с завода (при наличии материала на складе) г. Балашиха - 1 уп .
A20: 10. *** Минимальная партия при отгрузке с завода г. Выборг - 9 тонн
I21: ПРОИЗВОДСТВО | M21: УПАКОВКА | Q21: ПАЛЛЕТА | U21: КАТЕГОРИЯ | Z21: ЦЕНА от 01.04.2026
A22: Сегмент | B22: Продукт | C22: Длина | D22: Ширина | E22: Толщина | F22: RWL код | G22: Название | H22: Упаковка | I22: ZHE | J22: VYB | K22: ELA | L22: TRK | M22: шт./уп. | N22: м2/уп. | O22: м3/уп. | P22: кг/уп. | Q22: пач./пал. | R22: м2/пал. | S22: м3/пал. | T22: кг/пал. | U22: ABC | V22: упак. | W22: м2 | X22: м3 | Y22: кг | Z22: руб./м2 без НДС | AA22: руб./м2 с НДС 22% | AB22: руб./м3 без НДС | AC22: руб./м3 с НДС 22% | AE22: Segment | AF22: RW код | AG22: Плотность | AH22: руб./м3 без НДС | AI22: руб./м2 без НДС
A23: Прошивные маты ВАЙРЕД МАТ | B23: ВАЙРЕД МАТ 80 | C23: 5000 | D23: 1000 | E23: 40 | F23: ГП-00006028 | G23: ВАЙРЕД МАТ 80 5000x1000x40 рул. | H23: рул. | I23: * | M23: 1 | N23: =M23*C23*D23/1000000 -> 5 | O23: =N23*E23/1000 -> 0.2 | P23: =O23*AG23 -> 16 | U23: A | V23: 80 | W23: =IF($H23="рул./пал.",$V23*R23,$V23*N23) -> 400 | X23: =IF($H23="рул./пал.",$V23*S23,$V23*O23) -> 16 | Y23: =IF($H23="рул./пал.",$V23*T23,$V23*P23) -> 1280 | Z23: =ROUND((AB23*E23)/1000,2) -> 702.71 | AA23: =ROUND(Z23*1.22,2) -> 857.31 | AB23: =ROUND(AH23*(1-$AC$15),2) -> 17567.8 | AC23: =ROUND(AB23*1.22,2) -> 21432.72 | AD23: =SUBSTITUTE(F23,"ГП-","") -> 00006028 | AE23: Process | AF23: 222468 | AG23: 80 | AH23: 17567.8 | AI23: =Z23 -> 702.71
A24: Прошивные маты ВАЙРЕД МАТ | B24: ВАЙРЕД МАТ 80 | C24: 4000 | D24: 1000 | E24: 50 | F24: ГП-65369 | G24: ВАЙРЕД МАТ 80 4000x1000x50 рул. | H24: рул. | I24: * | M24: 1 | N24: =M24*C24*D24/1000000 -> 4 | O24: =N24*E24/1000 -> 0.2 | P24: =O24*AG24 -> 16 | U24: A | V24: 80 | W24: =IF($H24="рул./пал.",$V24*R24,$V24*N24) -> 320 | X24: =IF($H24="рул./пал.",$V24*S24,$V24*O24) -> 16 | Y24: =IF($H24="рул./пал.",$V24*T24,$V24*P24) -> 1280 | Z24: =ROUND((AB24*E24)/1000,2) -> 836.69 | AA24: =ROUND(Z24*1.22,2) -> 1020.76 | AB24: =ROUND(AH24*(1-$AC$15),2) -> 16733.8 | AC24: =ROUND(AB24*1.22,2) -> 20415.24 | AD24: =SUBSTITUTE(F24,"ГП-","") -> 65369 | AE24: Process | AF24: 222475 | AG24: 80 | AH24: 16733.8 | AI24: =Z24 -> 836.69
A25: Прошивные маты ВАЙРЕД МАТ | B25: ВАЙРЕД МАТ 80 | C25: 4000 | D25: 1000 | E25: 60 | F25: ГП-222477 | G25: ВАЙРЕД МАТ 80 4000x1000x60 рул. | H25: рул. | I25: * | M25: 1 | N25: =M25*C25*D25/1000000 -> 4 | O25: =N25*E25/1000 -> 0.24 | P25: =O25*AG25 -> 19.2 | U25: A | V25: 80 | W25: =IF($H25="рул./пал.",$V25*R25,$V25*N25) -> 320 | X25: =IF($H25="рул./пал.",$V25*S25,$V25*O25) -> 19.2 | Y25: =IF($H25="рул./пал.",$V25*T25,$V25*P25) -> 1536 | Z25: =ROUND((AB25*E25)/1000,2) -> 997.8 | AA25: =ROUND(Z25*1.22,2) -> 1217.32 | AB25: =ROUND(AH25*(1-$AC$15),2) -> 16630 | AC25: =ROUND(AB25*1.22,2) -> 20288.6 | AD25: =SUBSTITUTE(F25,"ГП-","") -> 222477 | AE25: Process | AF25: 222477 | AG25: 80 | AH25: 16630 | AI25: =Z25 -> 997.8
A26: Прошивные маты ВАЙРЕД МАТ | B26: ВАЙРЕД МАТ 80 | C26: 2000 | D26: 1000 | E26: 70 | F26: ГП-76535 | G26: ВАЙРЕД МАТ 80 2000x1000x70 рул. | H26: рул. | I26: * | M26: 1 | N26: =M26*C26*D26/1000000 -> 2 | O26: =N26*E26/1000 -> 0.14 | P26: =O26*AG26 -> 11.2 | U26: B | V26: 80 | W26: =IF($H26="рул./пал.",$V26*R26,$V26*N26) -> 160 | X26: =IF($H26="рул./пал.",$V26*S26,$V26*O26) -> 11.2 | Y26: =IF($H26="рул./пал.",$V26*T26,$V26*P26) -> 896 | Z26: =ROUND((AB26*E26)/1000,2) -> 1144.17 | AA26: =ROUND(Z26*1.22,2) -> 1395.89 | AB26: =ROUND(AH26*(1-$AC$15),2) -> 16345.3 | AC26: =ROUND(AB26*1.22,2) -> 19941.27 | AD26: =SUBSTITUTE(F26,"ГП-","") -> 76535 | AE26: Process | AF26: 76535 | AG26: 80 | AH26: 16345.3 | AI26: =Z26 -> 1144.17
A27: Прошивные маты ВАЙРЕД МАТ | B27: ВАЙРЕД МАТ 80 | C27: 2000 | D27: 1000 | E27: 80 | F27: ГП-72377 | G27: ВАЙРЕД МАТ 80 2000x1000x80 рул. | H27: рул. | I27: * | M27: 1 | N27: =M27*C27*D27/1000000 -> 2 | O27: =N27*E27/1000 -> 0.16 | P27: =O27*AG27 -> 12.8 | U27: A | V27: 80 | W27: =IF($H27="рул./пал.",$V27*R27,$V27*N27) -> 160 | X27: =IF($H27="рул./пал.",$V27*S27,$V27*O27) -> 12.8 | Y27: =IF($H27="рул./пал.",$V27*T27,$V27*P27) -> 1024 | Z27: =ROUND((AB27*E27)/1000,2) -> 1243.31 | AA27: =ROUND(Z27*1.22,2) -> 1516.84 | AB27: =ROUND(AH27*(1-$AC$15),2) -> 15541.4 | AC27: =ROUND(AB27*1.22,2) -> 18960.51 | AD27: =SUBSTITUTE(F27,"ГП-","") -> 72377 | AE27: Process | AF27: 72377 | AG27: 80 | AH27: 15541.4 | AI27: =Z27 -> 1243.31
A28: Прошивные маты ВАЙРЕД МАТ | B28: ВАЙРЕД МАТ 80 | C28: 2000 | D28: 1000 | E28: 90 | F28: ГП-73766 | G28: ВАЙРЕД МАТ 80 2000x1000x90 рул. | H28: рул. | I28: * | M28: 1 | N28: =M28*C28*D28/1000000 -> 2 | O28: =N28*E28/1000 -> 0.18 | P28: =O28*AG28 -> 14.4 | U28: C | V28: 80 | W28: =IF($H28="рул./пал.",$V28*R28,$V28*N28) -> 160 | X28: =IF($H28="рул./пал.",$V28*S28,$V28*O28) -> 14.4 | Y28: =IF($H28="рул./пал.",$V28*T28,$V28*P28) -> 1152 | Z28: =ROUND((AB28*E28)/1000,2) -> 1389.69 | AA28: =ROUND(Z28*1.22,2) -> 1695.42 | AB28: =ROUND(AH28*(1-$AC$15),2) -> 15441 | AC28: =ROUND(AB28*1.22,2) -> 18838.02 | AD28: =SUBSTITUTE(F28,"ГП-","") -> 73766 | AE28: Process | AF28: 73766 | AG28: 80 | AH28: 15441 | AI28: =Z28 -> 1389.69
A29: Прошивные маты ВАЙРЕД МАТ | B29: ВАЙРЕД МАТ 80 | C29: 2000 | D29: 1000 | E29: 100 | F29: ГП-72272 | G29: ВАЙРЕД МАТ 80 2000x1000x100 рул. | H29: рул. | I29: * | M29: 1 | N29: =M29*C29*D29/1000000 -> 2 | O29: =N29*E29/1000 -> 0.2 | P29: =O29*AG29 -> 16 | U29: A | V29: 80 | W29: =IF($H29="рул./пал.",$V29*R29,$V29*N29) -> 160 | X29: =IF($H29="рул./пал.",$V29*S29,$V29*O29) -> 16 | Y29: =IF($H29="рул./пал.",$V29*T29,$V29*P29) -> 1280 | Z29: =ROUND((AB29*E29)/1000,2) -> 1527.35 | AA29: =ROUND(Z29*1.22,2) -> 1863.37 | AB29: =ROUND(AH29*(1-$AC$15),2) -> 15273.5 | AC29: =ROUND(AB29*1.22,2) -> 18633.67 | AD29: =SUBSTITUTE(F29,"ГП-","") -> 72272 | AE29: Process | AF29: 72272 | AG29: 80 | AH29: 15273.5 | AI29: =Z29 -> 1527.35
A30: Прошивные маты ВАЙРЕД МАТ | B30: ВАЙРЕД МАТ 80 | C30: 2000 | D30: 1000 | E30: 110 | F30: ГП-84237 | G30: ВАЙРЕД МАТ 80 2000x1000x110 рул. | H30: рул. | I30: * | M30: 1 | N30: =M30*C30*D30/1000000 -> 2 | O30: =N30*E30/1000 -> 0.22 | P30: =O30*AG30 -> 17.6 | U30: C | V30: 80 | W30: =IF($H30="рул./пал.",$V30*R30,$V30*N30) -> 160 | X30: =IF($H30="рул./пал.",$V30*S30,$V30*O30) -> 17.6 | Y30: =IF($H30="рул./пал.",$V30*T30,$V30*P30) -> 1408 | Z30: =ROUND((AB30*E30)/1000,2) -> 1737.02 | AA30: =ROUND(Z30*1.22,2) -> 2119.16 | AB30: =ROUND(AH30*(1-$AC$15),2) -> 15791.1 | AC30: =ROUND(AB30*1.22,2) -> 19265.14 | AD30: =SUBSTITUTE(F30,"ГП-","") -> 84237 | AE30: Process | AF30: 84237 | AG30: 80 | AH30: 15791.1 | AI30: =Z30 -> 1737.02
A31: Прошивные маты ВАЙРЕД МАТ | B31: ВАЙРЕД МАТ 80 | C31: 2000 | D31: 1000 | E31: 120 | F31: ГП-82605 | G31: ВАЙРЕД МАТ 80 2000x1000x120 рул. | H31: рул. | I31: * | M31: 1 | N31: =M31*C31*D31/1000000 -> 2 | O31: =N31*E31/1000 -> 0.24 | P31: =O31*AG31 -> 19.2 | U31: C | V31: 80 | W31: =IF($H31="рул./пал.",$V31*R31,$V31*N31) -> 160 | X31: =IF($H31="рул./пал.",$V31*S31,$V31*O31) -> 19.2 | Y31: =IF($H31="рул./пал.",$V31*T31,$V31*P31) -> 1536 | Z31: =ROUND((AB31*E31)/1000,2) -> 1895.11 | AA31: =ROUND(Z31*1.22,2) -> 2312.03 | AB31: =ROUND(AH31*(1-$AC$15),2) -> 15792.6 | AC31: =ROUND(AB31*1.22,2) -> 19266.97 | AD31: =SUBSTITUTE(F31,"ГП-","") -> 82605 | AE31: Process | AF31: 82605 | AG31: 80 | AH31: 15792.6 | AI31: =Z31 -> 1895.11
A32: Прошивные маты ВАЙРЕД МАТ | B32: ВАЙРЕД МАТ 80 SST | C32: 5000 | D32: 1000 | E32: 40 | F32: ГП-00006030 | G32: ВАЙРЕД МАТ 80 SST 5000x1000x40 рул. | H32: рул. | I32: * | M32: 1 | N32: =M32*C32*D32/1000000 -> 5 | O32: =N32*E32/1000 -> 0.2 | P32: =O32*AG32 -> 16 | U32: C | V32: 80 | W32: =IF($H32="рул./пал.",$V32*R32,$V32*N32) -> 400 | X32: =IF($H32="рул./пал.",$V32*S32,$V32*O32) -> 16 | Y32: =IF($H32="рул./пал.",$V32*T32,$V32*P32) -> 1280 | Z32: =ROUND((AB32*E32)/1000,2) -> 1462.37 | AA32: =ROUND(Z32*1.22,2) -> 1784.09 | AB32: =ROUND(AH32*(1-$AC$15),2) -> 36559.2 | AC32: =ROUND(AB32*1.22,2) -> 44602.22 | AD32: =SUBSTITUTE(F32,"ГП-","") -> 00006030 | AE32: Process | AF32: 223405 | AG32: 80 | AH32: 36559.2 | AI32: =Z32 -> 1462.37
A33: Прошивные маты ВАЙРЕД МАТ | B33: ВАЙРЕД МАТ 80 SST | C33: 4000 | D33: 1000 | E33: 50 | F33: ГП-00006031 | G33: ВАЙРЕД МАТ 80 SST 4000x1000x50 рул. | H33: рул. | I33: * | M33: 1 | N33: =M33*C33*D33/1000000 -> 4 | O33: =N33*E33/1000 -> 0.2 | P33: =O33*AG33 -> 16 | U33: C | V33: 80 | W33: =IF($H33="рул./пал.",$V33*R33,$V33*N33) -> 320 | X33: =IF($H33="рул./пал.",$V33*S33,$V33*O33) -> 16 | Y33: =IF($H33="рул./пал.",$V33*T33,$V33*P33) -> 1280 | Z33: =ROUND((AB33*E33)/1000,2) -> 1640.56 | AA33: =ROUND(Z33*1.22,2) -> 2001.48 | AB33: =ROUND(AH33*(1-$AC$15),2) -> 32811.2 | AC33: =ROUND(AB33*1.22,2) -> 40029.66 | AD33: =SUBSTITUTE(F33,"ГП-","") -> 00006031 | AE33: Process | AF33: 223406 | AG33: 80 | AH33: 32811.2 | AI33: =Z33 -> 1640.56
A34: Прошивные маты ВАЙРЕД МАТ | B34: ВАЙРЕД МАТ 80 SST | C34: 4000 | D34: 1000 | E34: 60 | F34: ГП-223410 | G34: ВАЙРЕД МАТ 80 SST 4000x1000x60 рул. | H34: рул. | I34: * | M34: 1 | N34: =M34*C34*D34/1000000 -> 4 | O34: =N34*E34/1000 -> 0.24 | P34: =O34*AG34 -> 19.2 | U34: C | V34: 80 | W34: =IF($H34="рул./пал.",$V34*R34,$V34*N34) -> 320 | X34: =IF($H34="рул./пал.",$V34*S34,$V34*O34) -> 19.2 | Y34: =IF($H34="рул./пал.",$V34*T34,$V34*P34) -> 1536 | Z34: =ROUND((AB34*E34)/1000,2) -> 1823.77 | AA34: =ROUND(Z34*1.22,2) -> 2225 | AB34: =ROUND(AH34*(1-$AC$15),2) -> 30396.2 | AC34: =ROUND(AB34*1.22,2) -> 37083.36 | AD34: =SUBSTITUTE(F34,"ГП-","") -> 223410 | AE34: Process | AF34: 223410 | AG34: 80 | AH34: 30396.2 | AI34: =Z34 -> 1823.77
... A99: Прошивные маты ВАЙРЕД МАТ | B99: ВАЙРЕД МАТ 50 | C99: 2000 | D99: 1000 | E99: 100 | F99: ГП-210360 | G99: ВАЙРЕД МАТ 50 2000x1000x100 рул. | H99: рул. | I99: * | M99: 1 | N99: =M99*C99*D99/1000000 -> 2 | O99: =N99*E99/1000 -> 0.2 | P99: =O99*AG99 -> 10 | U99: B | V99: 80 | W99: =IF($H99="рул./пал.",$V99*R99,$V99*N99) -> 160 | X99: =IF($H99="рул./пал.",$V99*S99,$V99*O99) -> 16 | Y99: =IF($H99="рул./пал.",$V99*T99,$V99*P99) -> 800 | Z99: =ROUND((AB99*E99)/1000,2) -> 1160.58 | AA99: =ROUND(Z99*1.22,2) -> 1415.91 | AB99: =ROUND(AH99*(1-$AC$15),2) -> 11605.8 | AC99: =ROUND(AB99*1.22,2) -> 14159.08 | AD99: =SUBSTITUTE(F99,"ГП-","") -> 210360 | AE99: Process | AF99: 210360 | AG99: 50 | AH99: 11605.8 | AI99: =Z99 -> 1160.58
A100: Ламельные маты | B100: ЛАМЕЛЛА МАТ (AL) | C100: 10000 | D100: 1000 | E100: 20 | F100: ГП-00001457 | G100: ЛАМЕЛЛА МАТ (AL) 10000х1000х20 рул. | H100: рул. | I100: * | M100: 1 | N100: =M100*C100*D100/1000000 -> 10 | O100: =N100*E100/1000 -> 0.2 | P100: =O100*AG100 -> 8.6 | U100: B | V100: ** | W100: 10 | X100: 0.2 | Y100: 8.6 | Z100: =ROUND((AB100*E100)/1000,2) -> 1290.71 | AA100: =ROUND(Z100*1.22,2) -> 1574.67 | AB100: =ROUND(AH100*(1-$AC$15),2) -> 64535.5 | AC100: =ROUND(AB100*1.22,2) -> 78733.31 | AD100: =SUBSTITUTE(F100,"ГП-","") -> 00001457 | AE100: HVAC | AF100: 00001457 | AG100: 43 | AH100: 64535.5 | AI100: 847.77
A101: Ламельные маты | B101: ЛАМЕЛЛА МАТ (AL) | C101: 9000 | D101: 1000 | E101: 25 | F101: ГП-00001458 | G101: ЛАМЕЛЛА МАТ (AL) 9000х1000х25 рул. | H101: рул. | I101: * | M101: 1 | N101: =M101*C101*D101/1000000 -> 9 | O101: =N101*E101/1000 -> 0.225 | P101: =O101*AG101 -> 9.675 | U101: B | V101: ** | W101: 9 | X101: 0.225 | Y101: 9.675 | Z101: =ROUND((AB101*E101)/1000,2) -> 1453.13 | AA101: =ROUND(Z101*1.22,2) -> 1772.82 | AB101: =ROUND(AH101*(1-$AC$15),2) -> 58125.1 | AC101: =ROUND(AB101*1.22,2) -> 70912.62 | AD101: =SUBSTITUTE(F101,"ГП-","") -> 00001458 | AE101: HVAC | AF101: 00001458 | AG101: 43 | AH101: 58125.1 | AI101: 954.45
A102: Ламельные маты | B102: ЛАМЕЛЛА МАТ (AL) | C102: 8000 | D102: 1000 | E102: 30 | F102: ГП-00001459 | G102: ЛАМЕЛЛА МАТ (AL) 8000х1000х30 рул. | H102: рул. | I102: * | M102: 1 | N102: =M102*C102*D102/1000000 -> 8 | O102: =N102*E102/1000 -> 0.24 | P102: =O102*AG102 -> 10.32 | U102: A | V102: ** | W102: 8 | X102: 0.24 | Y102: 10.32 | Z102: =ROUND((AB102*E102)/1000,2) -> 1518.1 | AA102: =ROUND(Z102*1.22,2) -> 1852.08 | AB102: =ROUND(AH102*(1-$AC$15),2) -> 50603.2 | AC102: =ROUND(AB102*1.22,2) -> 61735.9 | AD102: =SUBSTITUTE(F102,"ГП-","") -> 00001459 | AE102: HVAC | AF102: 00001459 | AG102: 43 | AH102: 50603.2 | AI102: 863.31
A103: Ламельные маты | B103: ЛАМЕЛЛА МАТ (AL) | C103: 6000 | D103: 1000 | E103: 40 | F103: ГП-00001460 | G103: ЛАМЕЛЛА МАТ (AL) 6000х1000х40 рул. | H103: рул. | I103: * | M103: 1 | N103: =M103*C103*D103/1000000 -> 6 | O103: =N103*E103/1000 -> 0.24 | P103: =O103*AG103 -> 10.32 | U103: A | V103: ** | W103: 6 | X103: 0.24 | Y103: 10.32 | Z103: =ROUND((AB103*E103)/1000,2) -> 1552.56 | AA103: =ROUND(Z103*1.22,2) -> 1894.12 | AB103: =ROUND(AH103*(1-$AC$15),2) -> 38814 | AC103: =ROUND(AB103*1.22,2) -> 47353.08 | AD103: =SUBSTITUTE(F103,"ГП-","") -> 00001460 | AE103: HVAC | AF103: 00001460 | AG103: 43 | AH103: 38814 | AI103: 1019.76
A104: Ламельные маты | B104: ЛАМЕЛЛА МАТ (AL) | C104: 5000 | D104: 1000 | E104: 50 | F104: ГП-00001461 | G104: ЛАМЕЛЛА МАТ (AL) 5000х1000х50 рул. | H104: рул. | I104: * | M104: 1 | N104: =M104*C104*D104/1000000 -> 5 | O104: =N104*E104/1000 -> 0.25 | P104: =O104*AG104 -> 10.75 | U104: A | V104: ** | W104: 5 | X104: 0.25 | Y104: 10.75 | Z104: =ROUND((AB104*E104)/1000,2) -> 1899.14 | AA104: =ROUND(Z104*1.22,2) -> 2316.95 | AB104: =ROUND(AH104*(1-$AC$15),2) -> 37982.8 | AC104: =ROUND(AB104*1.22,2) -> 46339.02 | AD104: =SUBSTITUTE(F104,"ГП-","") -> 00001461 | AE104: HVAC | AF104: 00001461 | AG104: 43 | AH104: 37982.8 | AI104: 1247.4
A105: Ламельные маты | B105: ЛАМЕЛЛА МАТ (AL) | C105: 4000 | D105: 1000 | E105: 60 | F105: ГП-00001462 | G105: ЛАМЕЛЛА МАТ (AL) 4000х1000х60 рул. | H105: рул. | I105: * | M105: 1 | N105: =M105*C105*D105/1000000 -> 4 | O105: =N105*E105/1000 -> 0.24 | P105: =O105*AG105 -> 10.32 | U105: C | V105: ** | W105: 4 | X105: 0.24 | Y105: 10.32 | Z105: =ROUND((AB105*E105)/1000,2) -> 2356.66 | AA105: =ROUND(Z105*1.22,2) -> 2875.13 | AB105: =ROUND(AH105*(1-$AC$15),2) -> 39277.6 | AC105: =ROUND(AB105*1.22,2) -> 47918.67 | AD105: =SUBSTITUTE(F105,"ГП-","") -> 00001462 | AE105: HVAC | AF105: 00001462 | AG105: 43 | AH105: 39277.6 | AI105: 1547.91
A106: Ламельные маты | B106: ЛАМЕЛЛА МАТ (AL) | C106: 3000 | D106: 1000 | E106: 80 | F106: ГП-00001464 | G106: ЛАМЕЛЛА МАТ (AL) 3000х1000х80 рул. | H106: рул. | I106: * | M106: 1 | N106: =M106*C106*D106/1000000 -> 3 | O106: =N106*E106/1000 -> 0.24 | P106: =O106*AG106 -> 10.32 | U106: C | V106: ** | W106: 3 | X106: 0.24 | Y106: 10.32 | Z106: =ROUND((AB106*E106)/1000,2) -> 2611.47 | AA106: =ROUND(Z106*1.22,2) -> 3185.99 | AB106: =ROUND(AH106*(1-$AC$15),2) -> 32643.4 | AC106: =ROUND(AB106*1.22,2) -> 39824.95 | AD106: =SUBSTITUTE(F106,"ГП-","") -> 00001464 | AE106: HVAC | AF106: 00001464 | AG106: 43 | AH106: 32643.4 | AI106: 1715.28
A107: Ламельные маты | B107: ЛАМЕЛЛА МАТ (AL) | C107: 2500 | D107: 1000 | E107: 100 | F107: ГП-00001465 | G107: ЛАМЕЛЛА МАТ (AL) 2500х1000х100 рул. | H107: рул. | I107: * | M107: 1 | N107: =M107*C107*D107/1000000 -> 2.5 | O107: =N107*E107/1000 -> 0.25 | P107: =O107*AG107 -> 10.75 | U107: C | V107: ** | W107: 2.5 | X107: 0.25 | Y107: 10.75 | Z107: =ROUND((AB107*E107)/1000,2) -> 3038.94 | AA107: =ROUND(Z107*1.22,2) -> 3707.51 | AB107: =ROUND(AH107*(1-$AC$15),2) -> 30389.4 | AC107: =ROUND(AB107*1.22,2) -> 37075.07 | AD107: =SUBSTITUTE(F107,"ГП-","") -> 00001465 | AE107: HVAC | AF107: 00001465 | AG107: 43 | AH107: 30389.4 | AI107: 1996.05
A108: Маты ТЕХ МАТ | B108: ТЕХ МАТ | C108: 5000 | D108: 1000 | E108: 50 | F108: ГП-56198 | G108: ТЕХ МАТ 5000x1000x50 рул. | H108: рул. | I108: * | M108: 1 | N108: =M108*C108*D108/1000000 -> 5 | O108: =N108*E108/1000 -> 0.25 | P108: =O108*AG108 -> 10.75 | U108: A | V108: 80 | W108: =IF($H108="рул./пал.",$V108*R108,$V108*N108) -> 400 | X108: =IF($H108="рул./пал.",$V108*S108,$V108*O108) -> 20 | Y108: =IF($H108="рул./пал.",$V108*T108,$V108*P108) -> 860 | Z108: =ROUND((AB108*E108)/1000,2) -> 399.52 | AA108: =ROUND(Z108*1.22,2) -> 487.41 | AB108: =ROUND(AH108*(1-$AC$15),2) -> 7990.3 | AC108: =ROUND(AB108*1.22,2) -> 9748.17 | AD108: =SUBSTITUTE(F108,"ГП-","") -> 56198 | AE108: Process | AF108: 56198 | AG108: 43 | AH108: 7990.3 | AI108: =Z108 -> 399.52
A109: Маты ТЕХ МАТ | B109: ТЕХ МАТ | C109: 5000 | D109: 1000 | E109: 60 | F109: ГП-39243 | G109: ТЕХ МАТ 5000x1000x60 рул. | H109: рул. | I109: * | M109: 1 | N109: =M109*C109*D109/1000000 -> 5 | O109: =N109*E109/1000 -> 0.3 | P109: =O109*AG109 -> 12.9 | U109: A | V109: 80 | W109: =IF($H109="рул./пал.",$V109*R109,$V109*N109) -> 400 | X109: =IF($H109="рул./пал.",$V109*S109,$V109*O109) -> 24 | Y109: =IF($H109="рул./пал.",$V109*T109,$V109*P109) -> 1032 | Z109: =ROUND((AB109*E109)/1000,2) -> 479.42 | AA109: =ROUND(Z109*1.22,2) -> 584.89 | AB109: =ROUND(AH109*(1-$AC$15),2) -> 7990.3 | AC109: =ROUND(AB109*1.22,2) -> 9748.17 | AD109: =SUBSTITUTE(F109,"ГП-","") -> 39243 | AE109: Process | AF109: 39243 | AG109: 43 | AH109: 7990.3 | AI109: =Z109 -> 479.42
A110: Маты ТЕХ МАТ | B110: ТЕХ МАТ | C110: 4500 | D110: 1000 | E110: 70 | F110: ГП-39241 | G110: ТЕХ МАТ 4500x1000x70 рул. | H110: рул. | I110: * | M110: 1 | N110: =M110*C110*D110/1000000 -> 4.5 | O110: =N110*E110/1000 -> 0.315 | P110: =O110*AG110 -> 13.545 | U110: A | V110: 80 | W110: =IF($H110="рул./пал.",$V110*R110,$V110*N110) -> 360 | X110: =IF($H110="рул./пал.",$V110*S110,$V110*O110) -> 25.2 | Y110: =IF($H110="рул./пал.",$V110*T110,$V110*P110) -> 1083.6 | Z110: =ROUND((AB110*E110)/1000,2) -> 559.32 | AA110: =ROUND(Z110*1.22,2) -> 682.37 | AB110: =ROUND(AH110*(1-$AC$15),2) -> 7990.3 | AC110: =ROUND(AB110*1.22,2) -> 9748.17 | AD110: =SUBSTITUTE(F110,"ГП-","") -> 39241 | AE110: Process | AF110: 39241 | AG110: 43 | AH110: 7990.3 | AI110: =Z110 -> 559.32
A111: Маты ТЕХ МАТ | B111: ТЕХ МАТ | C111: 4500 | D111: 1000 | E111: 80 | F111: ГП-39242 | G111: ТЕХ МАТ 4500x1000x80 рул. | H111: рул. | I111: * | M111: 1 | N111: =M111*C111*D111/1000000 -> 4.5 | O111: =N111*E111/1000 -> 0.36 | P111: =O111*AG111 -> 15.48 | U111: A | V111: 80 | W111: =IF($H111="рул./пал.",$V111*R111,$V111*N111) -> 360 | X111: =IF($H111="рул./пал.",$V111*S111,$V111*O111) -> 28.8 | Y111: =IF($H111="рул./пал.",$V111*T111,$V111*P111) -> 1238.4 | Z111: =ROUND((AB111*E111)/1000,2) -> 639.22 | AA111: =ROUND(Z111*1.22,2) -> 779.85 | AB111: =ROUND(AH111*(1-$AC$15),2) -> 7990.3 | AC111: =ROUND(AB111*1.22,2) -> 9748.17 | AD111: =SUBSTITUTE(F111,"ГП-","") -> 39242 | AE111: Process | AF111: 39242 | AG111: 43 | AH111: 7990.3 | AI111: =Z111 -> 639.22
A112: Маты ТЕХ МАТ | B112: ТЕХ МАТ | C112: 4500 | D112: 1000 | E112: 90 | F112: ГП-91478 | G112: ТЕХ МАТ 4500x1000x90 рул. | H112: рул. | I112: * | M112: 1 | N112: =M112*C112*D112/1000000 -> 4.5 | O112: =N112*E112/1000 -> 0.405 | P112: =O112*AG112 -> 17.415 | U112: A | V112: 80 | W112: =IF($H112="рул./пал.",$V112*R112,$V112*N112) -> 360 | X112: =IF($H112="рул./пал.",$V112*S112,$V112*O112) -> 32.4 | Y112: =IF($H112="рул./пал.",$V112*T112,$V112*P112) -> 1393.2 | Z112: =ROUND((AB112*E112)/1000,2) -> 719.13 | AA112: =ROUND(Z112*1.22,2) -> 877.34 | AB112: =ROUND(AH112*(1-$AC$15),2) -> 7990.3 | AC112: =ROUND(AB112*1.22,2) -> 9748.17 | AD112: =SUBSTITUTE(F112,"ГП-","") -> 91478 | AE112: Process | AF112: 91478 | AG112: 43 | AH112: 7990.3 | AI112: =Z112 -> 719.13
A113: Маты ТЕХ МАТ | B113: ТЕХ МАТ Кф | C113: 5000 | D113: 1000 | E113: 50 | F113: ГП-56200 | G113: ТЕХ МАТ Кф 5000x1000x50 рул. | H113: рул. | I113: * | M113: 1 | N113: =M113*C113*D113/1000000 -> 5 | O113: =N113*E113/1000 -> 0.25 | P113: =O113*AG113 -> 10.75 | U113: A | V113: 80 | W113: =IF($H113="рул./пал.",$V113*R113,$V113*N113) -> 400 | X113: =IF($H113="рул./пал.",$V113*S113,$V113*O113) -> 20 | Y113: =IF($H113="рул./пал.",$V113*T113,$V113*P113) -> 860 | Z113: =ROUND((AB113*E113)/1000,2) -> 548.64 | AA113: =ROUND(Z113*1.22,2) -> 669.34 | AB113: =ROUND(AH113*(1-$AC$15),2) -> 10972.8 | AC113: =ROUND(AB113*1.22,2) -> 13386.82 | AD113: =SUBSTITUTE(F113,"ГП-","") -> 56200 | AE113: HVAC | AF113: 56200 | AG113: 43 | AH113: 10972.8 | AI113: =Z113 -> 548.64
A114: Маты ТЕХ МАТ | B114: ТЕХ МАТ Кф | C114: 5000 | D114: 1000 | E114: 60 | F114: ГП-39438 | G114: ТЕХ МАТ Кф 5000x1000x60 рул. | H114: рул. | I114: * | M114: 1 | N114: =M114*C114*D114/1000000 -> 5 | O114: =N114*E114/1000 -> 0.3 | P114: =O114*AG114 -> 12.9 | U114: C | V114: =IF(LEFT(U114,1)="A",1,IF(H114="рул.",IF(U114="B",ROUNDUP(4500/P114,0),ROUNDUP(6000/P114,0)))) -> 466 | W114: =IF($H114="рул./пал.",$V114*R114,$V114*N114) -> 2330 | X114: =IF($H114="рул./пал.",$V114*S114,$V114*O114) -> 139.8 | Y114: =IF($H114="рул./пал.",$V114*T114,$V114*P114) -> 6011.4 | Z114: =ROUND((AB114*E114)/1000,2) -> 638.07 | AA114: =ROUND(Z114*1.22,2) -> 778.45 | AB114: =ROUND(AH114*(1-$AC$15),2) -> 10634.5 | AC114: =ROUND(AB114*1.22,2) -> 12974.09 | AD114: =SUBSTITUTE(F114,"ГП-","") -> 39438 | AE114: HVAC | AF114: 39438 | AG114: 43 | AH114: 10634.5 | AI114: =Z114 -> 638.07
A115: Маты ТЕХ МАТ | B115: ТЕХ МАТ Кф | C115: 4500 | D115: 1000 | E115: 70 | F115: ГП-39436 | G115: ТЕХ МАТ Кф 4500x1000x70 рул. | H115: рул. | I115: * | M115: 1 | N115: =M115*C115*D115/1000000 -> 4.5 | O115: =N115*E115/1000 -> 0.315 | P115: =O115*AG115 -> 13.545 | U115: C | V115: =IF(LEFT(U115,1)="A",1,IF(H115="рул.",IF(U115="B",ROUNDUP(4500/P115,0),ROUNDUP(6000/P115,0)))) -> 443 | W115: =IF($H115="рул./пал.",$V115*R115,$V115*N115) -> 1993.5 | X115: =IF($H115="рул./пал.",$V115*S115,$V115*O115) -> 139.545 | Y115: =IF($H115="рул./пал.",$V115*T115,$V115*P115) -> 6000.435 | Z115: =ROUND((AB115*E115)/1000,2) -> 723.14 | AA115: =ROUND(Z115*1.22,2) -> 882.23 | AB115: =ROUND(AH115*(1-$AC$15),2) -> 10330.6 | AC115: =ROUND(AB115*1.22,2) -> 12603.33 | AD115: =SUBSTITUTE(F115,"ГП-","") -> 39436 | AE115: HVAC | AF115: 39436 | AG115: 43 | AH115: 10330.6 | AI115: =Z115 -> 723.14
A116: Маты ТЕХ МАТ | B116: ТЕХ МАТ Кф | C116: 4500 | D116: 1000 | E116: 80 | F116: ГП-39437 | G116: ТЕХ МАТ Кф 4500x1000x80 рул. | H116: рул. | I116: * | M116: 1 | N116: =M116*C116*D116/1000000 -> 4.5 | O116: =N116*E116/1000 -> 0.36 | P116: =O116*AG116 -> 15.48 | U116: C | V116: =IF(LEFT(U116,1)="A",1,IF(H116="рул.",IF(U116="B",ROUNDUP(4500/P116,0),ROUNDUP(6000/P116,0)))) -> 388 | W116: =IF($H116="рул./пал.",$V116*R116,$V116*N116) -> 1746 | X116: =IF($H116="рул./пал.",$V116*S116,$V116*O116) -> 139.68 | Y116: =IF($H116="рул./пал.",$V116*T116,$V116*P116) -> 6006.24 | Z116: =ROUND((AB116*E116)/1000,2) -> 802.53 | AA116: =ROUND(Z116*1.22,2) -> 979.09 | AB116: =ROUND(AH116*(1-$AC$15),2) -> 10031.6 | AC116: =ROUND(AB116*1.22,2) -> 12238.55 | AD116: =SUBSTITUTE(F116,"ГП-","") -> 39437 | AE116: HVAC | AF116: 39437 | AG116: 43 | AH116: 10031.6 | AI116: =Z116 -> 802.53
A117: Маты ТЕХ МАТ | B117: ТЕХ МАТ Кф | C117: 4500 | D117: 1000 | E117: 90 | F117: ГП-115391 | G117: ТЕХ МАТ Кф 4500x1000x90 рул. | H117: рул. | I117: * | M117: 1 | N117: =M117*C117*D117/1000000 -> 4.5 | O117: =N117*E117/1000 -> 0.405 | P117: =O117*AG117 -> 17.415 | U117: C | V117: =IF(LEFT(U117,1)="A",1,IF(H117="рул.",IF(U117="B",ROUNDUP(4500/P117,0),ROUNDUP(6000/P117,0)))) -> 345 | W117: =IF($H117="рул./пал.",$V117*R117,$V117*N117) -> 1552.5 | X117: =IF($H117="рул./пал.",$V117*S117,$V117*O117) -> 139.725 | Y117: =IF($H117="рул./пал.",$V117*T117,$V117*P117) -> 6008.175 | Z117: =ROUND((AB117*E117)/1000,2) -> 895.31 | AA117: =ROUND(Z117*1.22,2) -> 1092.28 | AB117: =ROUND(AH117*(1-$AC$15),2) -> 9947.9 | AC117: =ROUND(AB117*1.22,2) -> 12136.44 | AD117: =SUBSTITUTE(F117,"ГП-","") -> 115391 | AE117: HVAC | AF117: 115391 | AG117: 43 | AH117: 9947.9 | AI117: =Z117 -> 895.31
A118: Плиты ФТ БАРЬЕР | B118: ФТ БАРЬЕР | C118: 1000 | D118: 600 | E118: 30 | F118: ГП-00009662 | G118: ФТ БАРЬЕР 1000х600х30 (16 ПАЧ/ПАЛ) | H118: пал. | I118: * | J118: *** | L118: * | M118: 10 | N118: =M118*C118*D118/1000000 -> 6 | O118: =N118*E118/1000 -> 0.18 | P118: =O118*AG118 -> 19.8 | Q118: 16 | R118: 96 | S118: 2.88 | T118: 316.8 | U118: A | V118: =IF(LEFT(U118,1)="A",1,IF(H118="пал.",IF(U118="B",ROUNDUP(4500/T118,0),ROUNDUP(6000/T118,0)))) -> 1 | W118: =IF($H118="пал.",$V118*R118) -> 96 | X118: =IF($H118="пал.",$V118*S118) -> 2.88 | Y118: =IF($H118="пал.",$V118*T118) -> 316.8 | Z118: =ROUND((AB118*E118)/1000,2) -> 420.52 | AA118: =ROUND(Z118*1.22,2) -> 513.03 | AB118: =ROUND(AH118*(1-$AC$15),2) -> 14017.4 | AC118: =ROUND(AB118*1.22,2) -> 17101.23 | AE118: Fire Protection | AF118: 00007237 | AG118: 110 | AH118: 14017.4 | AI118: =Z118 -> 420.52
A119: Плиты ФТ БАРЬЕР | B119: ФТ БАРЬЕР | C119: 1000 | D119: 600 | E119: 50 | F119: ГП-00009663 | G119: ФТ БАРЬЕР 1000х600х50 (16 ПАЧ/ПАЛ) | H119: пал. | I119: * | J119: *** | L119: * | M119: 6 | N119: =M119*C119*D119/1000000 -> 3.6 | O119: =N119*E119/1000 -> 0.18 | P119: =O119*AG119 -> 19.8 | Q119: 16 | R119: 57.6 | S119: 2.88 | T119: 316.8 | U119: A | V119: =IF(LEFT(U119,1)="A",1,IF(H119="пал.",IF(U119="B",ROUNDUP(4500/T119,0),ROUNDUP(6000/T119,0)))) -> 1 | W119: =IF($H119="пал.",$V119*R119) -> 57.6 | X119: =IF($H119="пал.",$V119*S119) -> 2.88 | Y119: =IF($H119="пал.",$V119*T119) -> 316.8 | Z119: =ROUND((AB119*E119)/1000,2) -> 700.87 | AA119: =ROUND(Z119*1.22,2) -> 855.06 | AB119: =ROUND(AH119*(1-$AC$15),2) -> 14017.4 | AC119: =ROUND(AB119*1.22,2) -> 17101.23 | AE119: Fire Protection | AF119: 315845 | AG119: 110 | AH119: 14017.4 | AI119: =Z119 -> 700.87
A120: Плиты ФТ БАРЬЕР | B120: ФТ БАРЬЕР | C120: 1000 | D120: 600 | E120: 70 | F120: ГП-00007247 | G120: ФТ БАРЬЕР 1000х600х70 (16 ПАЧ/ПАЛ) | H120: пал. | I120: * | J120: *** | L120: * | M120: 4 | N120: =M120*C120*D120/1000000 -> 2.4 | O120: =N120*E120/1000 -> 0.168 | P120: =O120*AG120 -> 18.48 | Q120: 16 | R120: 38.4 | S120: 2.688 | T120: 295.68 | U120: C | V120: =IF(LEFT(U120,1)="A",1,IF(H120="пал.",IF(U120="B",ROUNDUP(4500/T120,0),ROUNDUP(6000/T120,0)))) -> 21 | W120: =IF($H120="пал.",$V120*R120) -> 806.4 | X120: =IF($H120="пал.",$V120*S120) -> 56.448 | Y120: =IF($H120="пал.",$V120*T120) -> 6209.28 | Z120: =ROUND((AB120*E120)/1000,2) -> 981.22 | AA120: =ROUND(Z120*1.22,2) -> 1197.09 | AB120: =ROUND(AH120*(1-$AC$15),2) -> 14017.4 | AC120: =ROUND(AB120*1.22,2) -> 17101.23 | AE120: Fire Protection | AF120: 00007247 | AG120: 110 | AH120: 14017.4 | AI120: =Z120 -> 981.22
A121: Плиты ФТ БАРЬЕР | B121: ФТ БАРЬЕР | C121: 1000 | D121: 600 | E121: 100 | F121: ГП-00009665 | G121: ФТ БАРЬЕР 1000х600х100 (16 ПАЧ/ПАЛ) | H121: пал. | I121: * | J121: *** | L121: * | M121: 3 | N121: =M121*C121*D121/1000000 -> 1.8 | O121: =N121*E121/1000 -> 0.18 | P121: =O121*AG121 -> 19.8 | Q121: 16 | R121: 28.8 | S121: 2.88 | T121: 316.8 | U121: B | V121: =IF(LEFT(U121,1)="A",1,IF(H121="пал.",IF(U121="B",ROUNDUP(4500/T121,0),ROUNDUP(6000/T121,0)))) -> 15 | W121: =IF($H121="пал.",$V121*R121) -> 432 | X121: =IF($H121="пал.",$V121*S121) -> 43.2 | Y121: =IF($H121="пал.",$V121*T121) -> 4752 | Z121: =ROUND((AB121*E121)/1000,2) -> 1401.74 | AA121: =ROUND(Z121*1.22,2) -> 1710.12 | AB121: =ROUND(AH121*(1-$AC$15),2) -> 14017.4 | AC121: =ROUND(AB121*1.22,2) -> 17101.23 | AE121: Fire Protection | AF121: 00007248 | AG121: 110 | AH121: 14017.4 | AI121: =Z121 -> 1401.74
A122: Плиты ФТ БАРЬЕР | B122: ФТ БАРЬЕР | C122: 1000 | D122: 600 | E122: 150 | F122: ГП-00007249 | G122: ФТ БАРЬЕР 1000х600х150 (16 ПАЧ/ПАЛ) | H122: пал. | I122: * | J122: *** | L122: * | M122: 2 | N122: =M122*C122*D122/1000000 -> 1.2 | O122: =N122*E122/1000 -> 0.18 | P122: =O122*AG122 -> 19.8 | Q122: 16 | R122: 19.2 | S122: 2.88 | T122: 316.8 | U122: C | V122: =IF(LEFT(U122,1)="A",1,IF(H122="пал.",IF(U122="B",ROUNDUP(4500/T122,0),ROUNDUP(6000/T122,0)))) -> 19 | W122: =IF($H122="пал.",$V122*R122) -> 364.8 | X122: =IF($H122="пал.",$V122*S122) -> 54.72 | Y122: =IF($H122="пал.",$V122*T122) -> 6019.2 | Z122: =ROUND((AB122*E122)/1000,2) -> 2102.61 | AA122: =ROUND(Z122*1.22,2) -> 2565.18 | AB122: =ROUND(AH122*(1-$AC$15),2) -> 14017.4 | AC122: =ROUND(AB122*1.22,2) -> 17101.23 | AE122: Fire Protection | AF122: 00007249 | AG122: 110 | AH122: 14017.4 | AI122: =Z122 -> 2102.61
A123: Плиты ФТ БАРЬЕР | B123: ФТ БАРЬЕР Д | C123: 1000 | D123: 600 | E123: 80 | F123: ГП-00007269 | G123: ФТ БАРЬЕР Д 1000х600х80 (10 ПАЧ/ПАЛ) | H123: пал. | I123: * | L123: * | M123: 6 | N123: =M123*C123*D123/1000000 -> 3.6 | O123: =N123*E123/1000 -> 0.288 | P123: =O123*AG123 -> 19.8 | Q123: 10 | R123: 36 | S123: 2.88 | T123: 198.72 | U123: C | V123: =IF(LEFT(U123,1)="A",1,IF(H123="пал.",IF(U123="B",ROUNDUP(4500/T123,0),ROUNDUP(6000/T123,0)))) -> 31 | W123: =IF($H123="пал.",$V123*R123) -> 1116 | X123: =IF($H123="пал.",$V123*S123) -> 89.28 | Y123: =IF($H123="пал.",$V123*T123) -> 6160.32 | Z123: =ROUND((AB123*E123)/1000,2) -> 890.95 | AA123: =ROUND(Z123*1.22,2) -> 1086.96 | AB123: =ROUND(AH123*(1-$AC$15),2) -> 11136.9 | AC123: =ROUND(AB123*1.22,2) -> 13587.02 | AE123: Fire Protection | AF123: 00007269 | AG123: 68.75 | AH123: 11136.9 | AI123: =Z123 -> 890.95
A124: Плиты ФТ БАРЬЕР | B124: ФТ БАРЬЕР Д | C124: 1000 | D124: 600 | E124: 100 | F124: ГП-00007270 | G124: ФТ БАРЬЕР Д 1000х600х100 (8 ПАЧ/ПАЛ) | H124: пал. | I124: * | L124: * | M124: 5 | N124: =M124*C124*D124/1000000 -> 3 | O124: =N124*E124/1000 -> 0.3 | P124: =O124*AG124 -> 19.5 | Q124: 8 | R124: 24 | S124: 2.4 | T124: 156 | U124: C | V124: =IF(LEFT(U124,1)="A",1,IF(H124="пал.",IF(U124="B",ROUNDUP(4500/T124,0),ROUNDUP(6000/T124,0)))) -> 39 | W124: =IF($H124="пал.",$V124*R124) -> 936 | X124: =IF($H124="пал.",$V124*S124) -> 93.6 | Y124: =IF($H124="пал.",$V124*T124) -> 6084 | Z124: =ROUND((AB124*E124)/1000,2) -> 1113.69 | AA124: =ROUND(Z124*1.22,2) -> 1358.7 | AB124: =ROUND(AH124*(1-$AC$15),2) -> 11136.9 | AC124: =ROUND(AB124*1.22,2) -> 13587.02 | AE124: Fire Protection | AF124: 00007270 | AG124: 65 | AH124: 11136.9 | AI124: =Z124 -> 1113.69
A125: Плиты ФТ БАРЬЕР | B125: ФТ БАРЬЕР Д | C125: 1000 | D125: 600 | E125: 150 | F125: ГП-00007271 | G125: ФТ БАРЬЕР Д 1000х600х150 (10 ПАЧ/ПАЛ) | H125: пал. | I125: * | L125: * | M125: 3 | N125: =M125*C125*D125/1000000 -> 1.8 | O125: =N125*E125/1000 -> 0.27 | P125: =O125*AG125 -> 16.2 | Q125: 10 | R125: 18 | S125: 2.7 | T125: 162 | U125: C | V125: =IF(LEFT(U125,1)="A",1,IF(H125="пал.",IF(U125="B",ROUNDUP(4500/T125,0),ROUNDUP(6000/T125,0)))) -> 38 | W125: =IF($H125="пал.",$V125*R125) -> 684 | X125: =IF($H125="пал.",$V125*S125) -> 102.6 | Y125: =IF($H125="пал.",$V125*T125) -> 6156 | Z125: =ROUND((AB125*E125)/1000,2) -> 1670.54 | AA125: =ROUND(Z125*1.22,2) -> 2038.06 | AB125: =ROUND(AH125*(1-$AC$15),2) -> 11136.9 | AC125: =ROUND(AB125*1.22,2) -> 13587.02 | AE125: Fire Protection | AF125: 00007271 | AG125: 60 | AH125: 11136.9 | AI125: =Z125 -> 1670.54
A126: Плиты ФТ БАРЬЕР | B126: ФТ БАРЬЕР Д | C126: 1000 | D126: 600 | E126: 170 | F126: ГП-00007272 | G126: ФТ БАРЬЕР Д 1000х600х170 (8 ПАЧ/ПАЛ) | H126: пал. | I126: * | M126: 3 | N126: =M126*C126*D126/1000000 -> 1.8 | O126: =N126*E126/1000 -> 0.306 | P126: =O126*AG126 -> 17.99892 | Q126: 8 | R126: 14.4 | S126: 2.448 | T126: 144.432 | U126: C | V126: =IF(LEFT(U126,1)="A",1,IF(H126="пал.",IF(U126="B",ROUNDUP(4500/T126,0),ROUNDUP(6000/T126,0)))) -> 42 | W126: =IF($H126="пал.",$V126*R126) -> 604.8 | X126: =IF($H126="пал.",$V126*S126) -> 102.816 | Y126: =IF($H126="пал.",$V126*T126) -> 6066.144 | Z126: =ROUND((AB126*E126)/1000,2) -> 1893.27 | AA126: =ROUND(Z126*1.22,2) -> 2309.79 | AB126: =ROUND(AH126*(1-$AC$15),2) -> 11136.9 | AC126: =ROUND(AB126*1.22,2) -> 13587.02 | AE126: Fire Protection | AF126: 00007272 | AG126: 58.82 | AH126: 11136.9 | AI126: =Z126 -> 1893.27
A127: Плиты ФТ БАРЬЕР | B127: ФТ БАРЬЕР Д | C127: 1000 | D127: 600 | E127: 200 | F127: ГП-00007273 | G127: ФТ БАРЬЕР Д 1000х600х200 (8 ПАЧ/ПАЛ) | H127: пал. | I127: * | M127: 3 | N127: =M127*C127*D127/1000000 -> 1.8 | O127: =N127*E127/1000 -> 0.36 | P127: =O127*AG127 -> 20.7 | Q127: 8 | R127: 14.4 | S127: 2.88 | T127: 167.04 | U127: C | V127: =IF(LEFT(U127,1)="A",1,IF(H127="пал.",IF(U127="B",ROUNDUP(4500/T127,0),ROUNDUP(6000/T127,0)))) -> 36 | W127: =IF($H127="пал.",$V127*R127) -> 518.4 | X127: =IF($H127="пал.",$V127*S127) -> 103.68 | Y127: =IF($H127="пал.",$V127*T127) -> 6013.44 | Z127: =ROUND((AB127*E127)/1000,2) -> 2227.38 | AA127: =ROUND(Z127*1.22,2) -> 2717.4 | AB127: =ROUND(AH127*(1-$AC$15),2) -> 11136.9 | AC127: =ROUND(AB127*1.22,2) -> 13587.02 | AE127: Fire Protection | AF127: 00007273 | AG127: 57.5 | AH127: 11136.9 | AI127: =Z127 -> 2227.38
A128: Плиты КОНЛИТ SL | B128: КОНЛИТ SL 150 | C128: 1000 | D128: 600 | E128: 25 | F128: ГП-00009653 | G128: КОНЛИТ SL 150 1000х600х25 (24 ПАЧ/ПАЛ) | H128: пал. | I128: * | M128: 8 | N128: =M128*C128*D128/1000000 -> 4.8 | O128: =N128*E128/1000 -> 0.12 | P128: =O128*AG128 -> 19.8 | Q128: 24 | R128: 115.2 | S128: 2.88 | T128: 475.2 | U128: A | V128: =IF(LEFT(U128,1)="A",1,IF(H128="пал.",IF(U128="B",ROUNDUP(4500/T128,0),ROUNDUP(6000/T128,0)))) -> 1 | W128: =IF($H128="пал.",$V128*R128) -> 115.2 | X128: =IF($H128="пал.",$V128*S128) -> 2.88 | Y128: =IF($H128="пал.",$V128*T128) -> 475.2 | Z128: =ROUND((AB128*E128)/1000,2) -> 739.39 | AA128: =ROUND(Z128*1.22,2) -> 902.06 | AB128: =ROUND(AH128*(1-$AC$15),2) -> 29575.6 | AC128: =ROUND(AB128*1.22,2) -> 36082.23 | AE128: Fire Protection | AF128: 00007275 | AG128: 165 | AH128: 29575.6 | AI128: =Z128 -> 739.39
A129: Плиты КОНЛИТ SL | B129: КОНЛИТ SL 150 | C129: 1000 | D129: 600 | E129: 30 | F129: ГП-00009654 | G129: КОНЛИТ SL 150 1000х600х30 (20 ПАЧ/ПАЛ) | H129: пал. | I129: * | M129: 8 | N129: =M129*C129*D129/1000000 -> 4.8 | O129: =N129*E129/1000 -> 0.144 | P129: =O129*AG129 -> 23.76 | Q129: 20 | R129: 96 | S129: 2.88 | T129: 475.2 | U129: A | V129: =IF(LEFT(U129,1)="A",1,IF(H129="пал.",IF(U129="B",ROUNDUP(4500/T129,0),ROUNDUP(6000/T129,0)))) -> 1 | W129: =IF($H129="пал.",$V129*R129) -> 96 | X129: =IF($H129="пал.",$V129*S129) -> 2.88 | Y129: =IF($H129="пал.",$V129*T129) -> 475.2 | Z129: =ROUND((AB129*E129)/1000,2) -> 887.27 | AA129: =ROUND(Z129*1.22,2) -> 1082.47 | AB129: =ROUND(AH129*(1-$AC$15),2) -> 29575.6 | AC129: =ROUND(AB129*1.22,2) -> 36082.23 | AE129: Fire Protection | AF129: 00007278 | AG129: 165 | AH129: 29575.6 | AI129: =Z129 -> 887.27
A130: Плиты КОНЛИТ SL | B130: КОНЛИТ SL 150 | C130: 1000 | D130: 600 | E130: 40 | F130: ГП-00009655 | G130: КОНЛИТ SL 150 1000х600х40 (20 ПАЧ/ПАЛ) | H130: пал. | I130: * | M130: 6 | N130: =M130*C130*D130/1000000 -> 3.6 | O130: =N130*E130/1000 -> 0.144 | P130: =O130*AG130 -> 23.76 | Q130: 20 | R130: 72 | S130: 2.88 | T130: 475.2 | U130: B | V130: =IF(LEFT(U130,1)="A",1,IF(H130="пал.",IF(U130="B",ROUNDUP(4500/T130,0),ROUNDUP(6000/T130,0)))) -> 10 | W130: =IF($H130="пал.",$V130*R130) -> 720 | X130: =IF($H130="пал.",$V130*S130) -> 28.8 | Y130: =IF($H130="пал.",$V130*T130) -> 4752 | Z130: =ROUND((AB130*E130)/1000,2) -> 1183.02 | AA130: =ROUND(Z130*1.22,2) -> 1443.28 | AB130: =ROUND(AH130*(1-$AC$15),2) -> 29575.6 | AC130: =ROUND(AB130*1.22,2) -> 36082.23 | AE130: Fire Protection | AF130: 00007279 | AG130: 165 | AH130: 29575.6 | AI130: =Z130 -> 1183.02
A131: Плиты КОНЛИТ SL | B131: КОНЛИТ SL 150 | C131: 1000 | D131: 600 | E131: 50 | F131: ГП-00009658 | G131: КОНЛИТ SL 150 1000х600х50 (24 ПАЧ/ПАЛ) | H131: пал. | I131: * | M131: 4 | N131: =M131*C131*D131/1000000 -> 2.4 | O131: =N131*E131/1000 -> 0.12 | P131: =O131*AG131 -> 19.8 | Q131: 24 | R131: 57.6 | S131: 2.88 | T131: 475.2 | U131: A | V131: =IF(LEFT(U131,1)="A",1,IF(H131="пал.",IF(U131="B",ROUNDUP(4500/T131,0),ROUNDUP(6000/T131,0)))) -> 1 | W131: =IF($H131="пал.",$V131*R131) -> 57.6 | X131: =IF($H131="пал.",$V131*S131) -> 2.88 | Y131: =IF($H131="пал.",$V131*T131) -> 475.2 | Z131: =ROUND((AB131*E131)/1000,2) -> 1478.78 | AA131: =ROUND(Z131*1.22,2) -> 1804.11 | AB131: =ROUND(AH131*(1-$AC$15),2) -> 29575.6 | AC131: =ROUND(AB131*1.22,2) -> 36082.23 | AE131: Fire Protection | AF131: 00007280 | AG131: 165 | AH131: 29575.6 | AI131: =Z131 -> 1478.78
A132: Плиты КОНЛИТ SL | B132: КОНЛИТ SL 150 | C132: 1000 | D132: 600 | E132: 80 | F132: ГП-00009661 | G132: КОНЛИТ SL 150 1000х600х80 (30 ПАЧ/ПАЛ) | H132: пал. | I132: * | M132: 2 | N132: =M132*C132*D132/1000000 -> 1.2 | O132: =N132*E132/1000 -> 0.096 | P132: =O132*AG132 -> 15.84 | Q132: 30 | R132: 36 | S132: 2.88 | T132: 475.2 | U132: C | V132: =IF(LEFT(U132,1)="A",1,IF(H132="пал.",IF(U132="B",ROUNDUP(4500/T132,0),ROUNDUP(6000/T132,0)))) -> 13 | W132: =IF($H132="пал.",$V132*R132) -> 468 | X132: =IF($H132="пал.",$V132*S132) -> 37.44 | Y132: =IF($H132="пал.",$V132*T132) -> 6177.6 | Z132: =ROUND((AB132*E132)/1000,2) -> 2366.05 | AA132: =ROUND(Z132*1.22,2) -> 2886.58 | AB132: =ROUND(AH132*(1-$AC$15),2) -> 29575.6 | AC132: =ROUND(AB132*1.22,2) -> 36082.23 | AE132: Fire Protection | AF132: 00007281 | AG132: 165 | AH132: 29575.6 | AI132: =Z132 -> 2366.05
A133: Плиты ТЕХ БАТТС | B133: ТЕХ БАТТС 50 | C133: 1000 | D133: 600 | E133: 50 | F133: ГП-00007287 | G133: ТЕХ БАТТС 50 1000x600x50 (20 ПАЧ/ПАЛ) | H133: пал. | I133: * | K133: * | L133: * | M133: 10 | N133: =M133*C133*D133/1000000 -> 6 | O133: =N133*E133/1000 -> 0.3 | P133: =O133*AG133 -> 12 | Q133: 20 | R133: 120 | S133: 6 | T133: 240 | U133: C | V133: =IF(LEFT(U133,1)="A",1,IF(H133="пал.",IF(U133="B",ROUNDUP(4500/T133,0),ROUNDUP(6000/T133,0)))) -> 25 | W133: =IF($H133="пал.",$V133*R133) -> 3000 | X133: =IF($H133="пал.",$V133*S133) -> 150 | Y133: =IF($H133="пал.",$V133*T133) -> 6000 | Z133: =ROUND((AB133*E133)/1000,2) -> 413.66 | AA133: =ROUND(Z133*1.22,2) -> 504.67 | AB133: =ROUND(AH133*(1-$AC$15),2) -> 8273.1 | AC133: =ROUND(AB133*1.22,2) -> 10093.18 | AE133: Process | AF133: 00007287 | AG133: 40 | AH133: 8273.1 | AI133: =Z133 -> 413.66
A134: Плиты ТЕХ БАТТС | B134: ТЕХ БАТТС 50 | C134: 1000 | D134: 600 | E134: 100 | F134: ГП-00007306 | G134: ТЕХ БАТТС 50 1000x600x100 (20 ПАЧ/ПАЛ) | H134: пал. | I134: * | J134: * | K134: * | L134: * | M134: 5 | N134: =M134*C134*D134/1000000 -> 3 | O134: =N134*E134/1000 -> 0.3 | P134: =O134*AG134 -> 12 | Q134: 20 | R134: 60 | S134: 6 | T134: 240 | U134: C | V134: =IF(LEFT(U134,1)="A",1,IF(H134="пал.",IF(U134="B",ROUNDUP(4500/T134,0),ROUNDUP(6000/T134,0)))) -> 25 | W134: =IF($H134="пал.",$V134*R134) -> 1500 | X134: =IF($H134="пал.",$V134*S134) -> 150 | Y134: =IF($H134="пал.",$V134*T134) -> 6000 | Z134: =ROUND((AB134*E134)/1000,2) -> 827.31 | AA134: =ROUND(Z134*1.22,2) -> 1009.32 | AB134: =ROUND(AH134*(1-$AC$15),2) -> 8273.1 | AC134: =ROUND(AB134*1.22,2) -> 10093.18 | AE134: Process | AF134: 00007306 | AG134: 40 | AH134: 8273.1 | AI134: =Z134 -> 827.31
A135: Плиты ТЕХ БАТТС | B135: ТЕХ БАТТС 50 | C135: 1000 | D135: 600 | E135: 150 | F135: ГП-00007503 | G135: ТЕХ БАТТС 50 1000х600х150 (16 ПАЧ/ПАЛ) | H135: пал. | I135: * | J135: * | K135: * | L135: * | M135: 4 | N135: =M135*C135*D135/1000000 -> 2.4 | O135: =N135*E135/1000 -> 0.36 | P135: =O135*AG135 -> 14.4 | Q135: 16 | R135: 38.4 | S135: 5.76 | T135: 230.4 | U135: C | V135: =IF(LEFT(U135,1)="A",1,IF(H135="пал.",IF(U135="B",ROUNDUP(4500/T135,0),ROUNDUP(6000/T135,0)))) -> 27 | W135: =IF($H135="пал.",$V135*R135) -> 1036.8 | X135: =IF($H135="пал.",$V135*S135) -> 155.52 | Y135: =IF($H135="пал.",$V135*T135) -> 6220.8 | Z135: =ROUND((AB135*E135)/1000,2) -> 1240.97 | AA135: =ROUND(Z135*1.22,2) -> 1513.98 | AB135: =ROUND(AH135*(1-$AC$15),2) -> 8273.1 | AC135: =ROUND(AB135*1.22,2) -> 10093.18 | AE135: Process | AF135: 00007503 | AG135: 40 | AH135: 8273.1 | AI135: =Z135 -> 1240.97
A136: Плиты ТЕХ БАТТС | B136: ТЕХ БАТТС 50 Кф | C136: 1000 | D136: 600 | E136: 50 | F136: ГП-00007308 | G136: ТЕХ БАТТС 50 Кф 1000x600x50 (20 ПАЧ/ПАЛ) | H136: пал. | I136: * | M136: 10 | N136: =M136*C136*D136/1000000 -> 6 | O136: =N136*E136/1000 -> 0.3 | P136: =O136*AG136 -> 12 | Q136: 20 | R136: 120 | S136: 6 | T136: 240 | U136: C | V136: =IF(LEFT(U136,1)="A",1,IF(H136="пал.",IF(U136="B",ROUNDUP(4500/T136,0),ROUNDUP(6000/T136,0)))) -> 25 | W136: =IF($H136="пал.",$V136*R136) -> 3000 | X136: =IF($H136="пал.",$V136*S136) -> 150 | Y136: =IF($H136="пал.",$V136*T136) -> 6000 | Z136: =ROUND((AB136*E136)/1000,2) -> 515.82 | AA136: =ROUND(Z136*1.22,2) -> 629.3 | AB136: =ROUND(AH136*(1-$AC$15),2) -> 10316.3 | AC136: =ROUND(AB136*1.22,2) -> 12585.89 | AE136: Process | AF136: 00007308 | AG136: 40 | AH136: 10316.3 | AI136: =Z136 -> 515.82
A137: Плиты ТЕХ БАТТС | B137: ТЕХ БАТТС 50 Кф | C137: 1000 | D137: 600 | E137: 100 | F137: ГП-00007309 | G137: ТЕХ БАТТС 50 Кф 1000x600x100 (20 ПАЧ/ПАЛ) | H137: пал. | I137: * | M137: 5 | N137: =M137*C137*D137/1000000 -> 3 | O137: =N137*E137/1000 -> 0.3 | P137: =O137*AG137 -> 12 | Q137: 20 | R137: 60 | S137: 6 | T137: 240 | U137: C | V137: =IF(LEFT(U137,1)="A",1,IF(H137="пал.",IF(U137="B",ROUNDUP(4500/T137,0),ROUNDUP(6000/T137,0)))) -> 25 | W137: =IF($H137="пал.",$V137*R137) -> 1500 | X137: =IF($H137="пал.",$V137*S137) -> 150 | Y137: =IF($H137="пал.",$V137*T137) -> 6000 | Z137: =ROUND((AB137*E137)/1000,2) -> 929.47 | AA137: =ROUND(Z137*1.22,2) -> 1133.95 | AB137: =ROUND(AH137*(1-$AC$15),2) -> 9294.7 | AC137: =ROUND(AB137*1.22,2) -> 11339.53 | AE137: Process | AF137: 00007309 | AG137: 40 | AH137: 9294.7 | AI137: =Z137 -> 929.47
A138: Плиты ТЕХ БАТТС | B138: ТЕХ БАТТС 75 | C138: 1000 | D138: 600 | E138: 50 | F138: ГП-00007288 | G138: ТЕХ БАТТС 75 1000x600x50 (24 ПАЧ/ПАЛ) | H138: пал. | I138: * | J138: * | K138: * | L138: * | M138: 8 | N138: =M138*C138*D138/1000000 -> 4.8 | O138: =N138*E138/1000 -> 0.24 | P138: =O138*AG138 -> 14.4 | Q138: 24 | R138: 115.2 | S138: 5.76 | T138: 345.6 | U138: C | V138: =IF(LEFT(U138,1)="A",1,IF(H138="пал.",IF(U138="B",ROUNDUP(4500/T138,0),ROUNDUP(6000/T138,0)))) -> 18 | W138: =IF($H138="пал.",$V138*R138) -> 2073.6 | X138: =IF($H138="пал.",$V138*S138) -> 103.68 | Y138: =IF($H138="пал.",$V138*T138) -> 6220.8 | Z138: =ROUND((AB138*E138)/1000,2) -> 537.59 | AA138: =ROUND(Z138*1.22,2) -> 655.86 | AB138: =ROUND(AH138*(1-$AC$15),2) -> 10751.7 | AC138: =ROUND(AB138*1.22,2) -> 13117.07 | AE138: Process | AF138: 00007288 | AG138: 60 | AH138: 10751.7 | AI138: =Z138 -> 537.59
A139: Плиты ТЕХ БАТТС | B139: ТЕХ БАТТС 75 | C139: 1000 | D139: 600 | E139: 100 | F139: ГП-00007289 | G139: ТЕХ БАТТС 75 1000x600x100 (24 ПАЧ/ПАЛ) | H139: пал. | I139: * | J139: * | K139: * | L139: * | M139: 4 | N139: =M139*C139*D139/1000000 -> 2.4 | O139: =N139*E139/1000 -> 0.24 | P139: =O139*AG139 -> 14.4 | Q139: 24 | R139: 57.6 | S139: 5.76 | T139: 345.6 | U139: C | V139: =IF(LEFT(U139,1)="A",1,IF(H139="пал.",IF(U139="B",ROUNDUP(4500/T139,0),ROUNDUP(6000/T139,0)))) -> 18 | W139: =IF($H139="пал.",$V139*R139) -> 1036.8 | X139: =IF($H139="пал.",$V139*S139) -> 103.68 | Y139: =IF($H139="пал.",$V139*T139) -> 6220.8 | Z139: =ROUND((AB139*E139)/1000,2) -> 1075.17 | AA139: =ROUND(Z139*1.22,2) -> 1311.71 | AB139: =ROUND(AH139*(1-$AC$15),2) -> 10751.7 | AC139: =ROUND(AB139*1.22,2) -> 13117.07 | AE139: Process | AF139: 00007289 | AG139: 60 | AH139: 10751.7 | AI139: =Z139 -> 1075.17
A140: Плиты ТЕХ БАТТС | B140: ТЕХ БАТТС 75 | C140: 1000 | D140: 600 | E140: 150 | F140: ГП-00007290 | G140: ТЕХ БАТТС 75 1000x600x150 (16 ПАЧ/ПАЛ) | H140: пал. | I140: * | J140: * | K140: * | L140: * | M140: 4 | N140: =M140*C140*D140/1000000 -> 2.4 | O140: =N140*E140/1000 -> 0.36 | P140: =O140*AG140 -> 21.6 | Q140: 16 | R140: 38.4 | S140: 5.76 | T140: 345.6 | U140: C | V140: =IF(LEFT(U140,1)="A",1,IF(H140="пал.",IF(U140="B",ROUNDUP(4500/T140,0),ROUNDUP(6000/T140,0)))) -> 18 | W140: =IF($H140="пал.",$V140*R140) -> 691.2 | X140: =IF($H140="пал.",$V140*S140) -> 103.68 | Y140: =IF($H140="пал.",$V140*T140) -> 6220.8 | Z140: =ROUND((AB140*E140)/1000,2) -> 1612.76 | AA140: =ROUND(Z140*1.22,2) -> 1967.57 | AB140: =ROUND(AH140*(1-$AC$15),2) -> 10751.7 | AC140: =ROUND(AB140*1.22,2) -> 13117.07 | AE140: Process | AF140: 00007290 | AG140: 60 | AH140: 10751.7 | AI140: =Z140 -> 1612.76
A141: Плиты ТЕХ БАТТС | B141: ТЕХ БАТТС 75 Кф | C141: 1000 | D141: 600 | E141: 50 | F141: ГП-00007291 | G141: ТЕХ БАТТС 75 Кф 1000х600х50 (24 ПАЧ/ПАЛ) | H141: пал. | I141: * | M141: 8 | N141: =M141*C141*D141/1000000 -> 4.8 | O141: =N141*E141/1000 -> 0.24 | P141: =O141*AG141 -> 14.4 | Q141: 24 | R141: 115.2 | S141: 5.76 | T141: 345.6 | U141: C | V141: =IF(LEFT(U141,1)="A",1,IF(H141="пал.",IF(U141="B",ROUNDUP(4500/T141,0),ROUNDUP(6000/T141,0)))) -> 18 | W141: =IF($H141="пал.",$V141*R141) -> 2073.6 | X141: =IF($H141="пал.",$V141*S141) -> 103.68 | Y141: =IF($H141="пал.",$V141*T141) -> 6220.8 | Z141: =ROUND((AB141*E141)/1000,2) -> 639.75 | AA141: =ROUND(Z141*1.22,2) -> 780.5 | AB141: =ROUND(AH141*(1-$AC$15),2) -> 12794.9 | AC141: =ROUND(AB141*1.22,2) -> 15609.78 | AE141: Process | AF141: 00007291 | AG141: 60 | AH141: 12794.9 | AI141: =Z141 -> 639.75
A142: Плиты ТЕХ БАТТС | B142: ТЕХ БАТТС 75 Кф | C142: 1000 | D142: 600 | E142: 100 | F142: ГП-00007292 | G142: ТЕХ БАТТС 75 Кф 1000x600x100 (24 ПАЧ/ПАЛ) | H142: пал. | I142: * | M142: 4 | N142: =M142*C142*D142/1000000 -> 2.4 | O142: =N142*E142/1000 -> 0.24 | P142: =O142*AG142 -> 14.4 | Q142: 24 | R142: 57.6 | S142: 5.76 | T142: 345.6 | U142: C | V142: =IF(LEFT(U142,1)="A",1,IF(H142="пал.",IF(U142="B",ROUNDUP(4500/T142,0),ROUNDUP(6000/T142,0)))) -> 18 | W142: =IF($H142="пал.",$V142*R142) -> 1036.8 | X142: =IF($H142="пал.",$V142*S142) -> 103.68 | Y142: =IF($H142="пал.",$V142*T142) -> 6220.8 | Z142: =ROUND((AB142*E142)/1000,2) -> 1177.33 | AA142: =ROUND(Z142*1.22,2) -> 1436.34 | AB142: =ROUND(AH142*(1-$AC$15),2) -> 11773.3 | AC142: =ROUND(AB142*1.22,2) -> 14363.43 | AE142: Process | AF142: 00007292 | AG142: 60 | AH142: 11773.3 | AI142: =Z142 -> 1177.33
A143: Плиты ТЕХ БАТТС | B143: ТЕХ БАТТС 100 | C143: 1000 | D143: 600 | E143: 50 | F143: ГП-00007310 | G143: ТЕХ БАТТС 100 1000x600x50 (24 ПАЧ/ПАЛ) | H143: пал. | I143: * | J143: * | K143: * | L143: * | M143: 8 | N143: =M143*C143*D143/1000000 -> 4.8 | O143: =N143*E143/1000 -> 0.24 | P143: =O143*AG143 -> 21.6 | Q143: 24 | R143: 115.2 | S143: 5.76 | T143: 518.4 | U143: B | V143: =IF(LEFT(U143,1)="A",1,IF(H143="пал.",IF(U143="B",ROUNDUP(4500/T143,0),ROUNDUP(6000/T143,0)))) -> 9 | W143: =IF($H143="пал.",$V143*R143) -> 1036.8 | X143: =IF($H143="пал.",$V143*S143) -> 51.84 | Y143: =IF($H143="пал.",$V143*T143) -> 4665.6 | Z143: =ROUND((AB143*E143)/1000,2) -> 746.93 | AA143: =ROUND(Z143*1.22,2) -> 911.25 | AB143: =ROUND(AH143*(1-$AC$15),2) -> 14938.5 | AC143: =ROUND(AB143*1.22,2) -> 18224.97 | AE143: Process | AF143: 00007310 | AG143: 90 | AH143: 14938.5 | AI143: =Z143 -> 746.93
A144: Плиты ТЕХ БАТТС | B144: ТЕХ БАТТС 100 | C144: 1000 | D144: 600 | E144: 100 | F144: ГП-00007311 | G144: ТЕХ БАТТС 100 1000x600x100 (24 ПАЧ/ПАЛ) | H144: пал. | I144: * | J144: * | K144: * | L144: * | M144: 4 | N144: =M144*C144*D144/1000000 -> 2.4 | O144: =N144*E144/1000 -> 0.24 | P144: =O144*AG144 -> 21.6 | Q144: 24 | R144: 57.6 | S144: 5.76 | T144: 518.4 | U144: B | V144: =IF(LEFT(U144,1)="A",1,IF(H144="пал.",IF(U144="B",ROUNDUP(4500/T144,0),ROUNDUP(6000/T144,0)))) -> 9 | W144: =IF($H144="пал.",$V144*R144) -> 518.4 | X144: =IF($H144="пал.",$V144*S144) -> 51.84 | Y144: =IF($H144="пал.",$V144*T144) -> 4665.6 | Z144: =ROUND((AB144*E144)/1000,2) -> 1493.85 | AA144: =ROUND(Z144*1.22,2) -> 1822.5 | AB144: =ROUND(AH144*(1-$AC$15),2) -> 14938.5 | AC144: =ROUND(AB144*1.22,2) -> 18224.97 | AE144: Process | AF144: 00007311 | AG144: 90 | AH144: 14938.5 | AI144: =Z144 -> 1493.85
A145: Плиты ТЕХ БАТТС | B145: ТЕХ БАТТС 100 | C145: 1000 | D145: 600 | E145: 150 | F145: ГП-00007312 | G145: ТЕХ БАТТС 100 1000x600x150 (32 ПАЧ/ПАЛ) | H145: пал. | I145: * | J145: * | L145: * | M145: 2 | N145: =M145*C145*D145/1000000 -> 1.2 | O145: =N145*E145/1000 -> 0.18 | P145: =O145*AG145 -> 16.2 | Q145: 32 | R145: 38.4 | S145: 5.76 | T145: 518.4 | U145: C | V145: =IF(LEFT(U145,1)="A",1,IF(H145="пал.",IF(U145="B",ROUNDUP(4500/T145,0),ROUNDUP(6000/T145,0)))) -> 12 | W145: =IF($H145="пал.",$V145*R145) -> 460.8 | X145: =IF($H145="пал.",$V145*S145) -> 69.12 | Y145: =IF($H145="пал.",$V145*T145) -> 6220.8 | Z145: =ROUND((AB145*E145)/1000,2) -> 2240.78 | AA145: =ROUND(Z145*1.22,2) -> 2733.75 | AB145: =ROUND(AH145*(1-$AC$15),2) -> 14938.5 | AC145: =ROUND(AB145*1.22,2) -> 18224.97 | AE145: Process | AF145: 00007312 | AG145: 90 | AH145: 14938.5 | AI145: =Z145 -> 2240.78
A146: Плиты ТЕХ БАТТС | B146: ТЕХ БАТТС 100 Кф | C146: 1000 | D146: 600 | E146: 50 | F146: ГП-00007314 | G146: ТЕХ БАТТС 100 Кф 1000x600x50 (24 ПАЧ/ПАЛ) | H146: пал. | I146: * | M146: 8 | N146: =M146*C146*D146/1000000 -> 4.8 | O146: =N146*E146/1000 -> 0.24 | P146: =O146*AG146 -> 21.6 | Q146: 24 | R146: 115.2 | S146: 5.76 | T146: 518.4 | U146: C | V146: =IF(LEFT(U146,1)="A",1,IF(H146="пал.",IF(U146="B",ROUNDUP(4500/T146,0),ROUNDUP(6000/T146,0)))) -> 12 | W146: =IF($H146="пал.",$V146*R146) -> 1382.4 | X146: =IF($H146="пал.",$V146*S146) -> 69.12 | Y146: =IF($H146="пал.",$V146*T146) -> 6220.8 | Z146: =ROUND((AB146*E146)/1000,2) -> 849.09 | AA146: =ROUND(Z146*1.22,2) -> 1035.89 | AB146: =ROUND(AH146*(1-$AC$15),2) -> 16981.7 | AC146: =ROUND(AB146*1.22,2) -> 20717.67 | AE146: Process | AF146: 00007314 | AG146: 90 | AH146: 16981.7 | AI146: =Z146 -> 849.09
A147: Плиты ТЕХ БАТТС | B147: ТЕХ БАТТС 100 Кф | C147: 1000 | D147: 600 | E147: 100 | F147: ГП-00007315 | G147: ТЕХ БАТТС 100 Кф 1000x600x100 (24 ПАЧ/ПАЛ) | H147: пал. | I147: * | M147: 4 | N147: =M147*C147*D147/1000000 -> 2.4 | O147: =N147*E147/1000 -> 0.24 | P147: =O147*AG147 -> 21.6 | Q147: 24 | R147: 57.6 | S147: 5.76 | T147: 518.4 | U147: C | V147: =IF(LEFT(U147,1)="A",1,IF(H147="пал.",IF(U147="B",ROUNDUP(4500/T147,0),ROUNDUP(6000/T147,0)))) -> 12 | W147: =IF($H147="пал.",$V147*R147) -> 691.2 | X147: =IF($H147="пал.",$V147*S147) -> 69.12 | Y147: =IF($H147="пал.",$V147*T147) -> 6220.8 | Z147: =ROUND((AB147*E147)/1000,2) -> 1596.01 | AA147: =ROUND(Z147*1.22,2) -> 1947.13 | AB147: =ROUND(AH147*(1-$AC$15),2) -> 15960.1 | AC147: =ROUND(AB147*1.22,2) -> 19471.32 | AE147: Process | AF147: 00007315 | AG147: 90 | AH147: 15960.1 | AI147: =Z147 -> 1596.01
A148: Плиты ТЕХ БАТТС | B148: ТЕХ БАТТС 100 Кф | C148: 1000 | D148: 600 | E148: 150 | F148: ГП-00007316 | G148: ТЕХ БАТТС 100 Кф 1000x600x150 (32 ПАЧ/ПАЛ) | H148: пал. | I148: * | M148: 2 | N148: =M148*C148*D148/1000000 -> 1.2 | O148: =N148*E148/1000 -> 0.18 | P148: =O148*AG148 -> 16.2 | Q148: 32 | R148: 38.4 | S148: 5.76 | T148: 518.4 | U148: C | V148: =IF(LEFT(U148,1)="A",1,IF(H148="пал.",IF(U148="B",ROUNDUP(4500/T148,0),ROUNDUP(6000/T148,0)))) -> 12 | W148: =IF($H148="пал.",$V148*R148) -> 460.8 | X148: =IF($H148="пал.",$V148*S148) -> 69.12 | Y148: =IF($H148="пал.",$V148*T148) -> 6220.8 | Z148: =ROUND((AB148*E148)/1000,2) -> 2342.93 | AA148: =ROUND(Z148*1.22,2) -> 2858.37 | AB148: =ROUND(AH148*(1-$AC$15),2) -> 15619.5 | AC148: =ROUND(AB148*1.22,2) -> 19055.79 | AE148: Process | AF148: 00007316 | AG148: 90 | AH148: 15619.5 | AI148: =Z148 -> 2342.93
A149: Плиты ТЕХ БАТТС | B149: ТЕХ БАТТС 125 | C149: 1000 | D149: 600 | E149: 50 | F149: ГП-00007267 | G149: ТЕХ БАТТС 125 1000x600x50 (32 ПАЧ/ПАЛ) | H149: пал. | I149: * | J149: * | K149: * | L149: * | M149: 6 | N149: =M149*C149*D149/1000000 -> 3.6 | O149: =N149*E149/1000 -> 0.18 | P149: =O149*AG149 -> 19.8 | Q149: 32 | R149: 115.2 | S149: 5.76 | T149: 633.6 | U149: B | V149: =IF(LEFT(U149,1)="A",1,IF(H149="пал.",IF(U149="B",ROUNDUP(4500/T149,0),ROUNDUP(6000/T149,0)))) -> 8 | W149: =IF($H149="пал.",$V149*R149) -> 921.6 | X149: =IF($H149="пал.",$V149*S149) -> 46.08 | Y149: =IF($H149="пал.",$V149*T149) -> 5068.8 | Z149: =ROUND((AB149*E149)/1000,2) -> 967.21 | AA149: =ROUND(Z149*1.22,2) -> 1180 | AB149: =ROUND(AH149*(1-$AC$15),2) -> 19344.1 | AC149: =ROUND(AB149*1.22,2) -> 23599.8 | AE149: Process | AF149: 00007267 | AG149: 110 | AH149: 19344.1 | AI149: =Z149 -> 967.21
A150: Плиты ТЕХ БАТТС | B150: ТЕХ БАТТС 125 | C150: 1000 | D150: 600 | E150: 100 | F150: ГП-340924 | G150: ТЕХ БАТТС 125 1000x600x100 (32 ПАЧ/ПАЛ) | H150: пал. | I150: * | J150: * | K150: * | L150: * | M150: 3 | N150: =M150*C150*D150/1000000 -> 1.8 | O150: =N150*E150/1000 -> 0.18 | P150: =O150*AG150 -> 19.8 | Q150: 32 | R150: 57.6 | S150: 5.76 | T150: 633.6 | U150: B | V150: =IF(LEFT(U150,1)="A",1,IF(H150="пал.",IF(U150="B",ROUNDUP(4500/T150,0),ROUNDUP(6000/T150,0)))) -> 8 | W150: =IF($H150="пал.",$V150*R150) -> 460.8 | X150: =IF($H150="пал.",$V150*S150) -> 46.08 | Y150: =IF($H150="пал.",$V150*T150) -> 5068.8 | Z150: =ROUND((AB150*E150)/1000,2) -> 1934.41 | AA150: =ROUND(Z150*1.22,2) -> 2359.98 | AB150: =ROUND(AH150*(1-$AC$15),2) -> 19344.1 | AC150: =ROUND(AB150*1.22,2) -> 23599.8 | AE150: Process | AF150: 340924 | AG150: 110 | AH150: 19344.1 | AI150: =Z150 -> 1934.41
A151: Плиты ТЕХ БАТТС | B151: ТЕХ БАТТС 125 | C151: 1000 | D151: 600 | E151: 150 | F151: ГП-00007268 | G151: ТЕХ БАТТС 125 1000x600x150 (32 ПАЧ/ПАЛ) | H151: пал. | I151: * | K151: * | L151: * | M151: 2 | N151: =M151*C151*D151/1000000 -> 1.2 | O151: =N151*E151/1000 -> 0.18 | P151: =O151*AG151 -> 19.8 | Q151: 32 | R151: 38.4 | S151: 5.76 | T151: 633.6 | U151: C | V151: =IF(LEFT(U151,1)="A",1,IF(H151="пал.",IF(U151="B",ROUNDUP(4500/T151,0),ROUNDUP(6000/T151,0)))) -> 10 | W151: =IF($H151="пал.",$V151*R151) -> 384 | X151: =IF($H151="пал.",$V151*S151) -> 57.6 | Y151: =IF($H151="пал.",$V151*T151) -> 6336 | Z151: =ROUND((AB151*E151)/1000,2) -> 2901.62 | AA151: =ROUND(Z151*1.22,2) -> 3539.98 | AB151: =ROUND(AH151*(1-$AC$15),2) -> 19344.1 | AC151: =ROUND(AB151*1.22,2) -> 23599.8 | AE151: Process | AF151: 00007268 | AG151: 110 | AH151: 19344.1 | AI151: =Z151 -> 2901.62
A152: Плиты ТЕХ БАТТС | B152: ТЕХ БАТТС 125 Кф | C152: 1000 | D152: 600 | E152: 50 | F152: ГП-00007274 | G152: ТЕХ БАТТС 125 Кф 1000x600x50 (32 ПАЧ/ПАЛ) | H152: пал. | I152: * | M152: 6 | N152: =M152*C152*D152/1000000 -> 3.6 | O152: =N152*E152/1000 -> 0.18 | P152: =O152*AG152 -> 19.8 | Q152: 32 | R152: 115.2 | S152: 5.76 | T152: 633.6 | U152: C | V152: =IF(LEFT(U152,1)="A",1,IF(H152="пал.",IF(U152="B",ROUNDUP(4500/T152,0),ROUNDUP(6000/T152,0)))) -> 10 | W152: =IF($H152="пал.",$V152*R152) -> 1152 | X152: =IF($H152="пал.",$V152*S152) -> 57.6 | Y152: =IF($H152="пал.",$V152*T152) -> 6336 | Z152: =ROUND((AB152*E152)/1000,2) -> 1069.48 | AA152: =ROUND(Z152*1.22,2) -> 1304.77 | AB152: =ROUND(AH152*(1-$AC$15),2) -> 21389.6 | AC152: =ROUND(AB152*1.22,2) -> 26095.31 | AE152: Process | AF152: 00007274 | AG152: 110 | AH152: 21389.6 | AI152: =Z152 -> 1069.48
A153: Плиты ТЕХ БАТТС | B153: ТЕХ БАТТС 125 Кф | C153: 1000 | D153: 600 | E153: 100 | F153: ГП-00007276 | G153: ТЕХ БАТТС 125 Кф 1000x600x100 (32 ПАЧ/ПАЛ) | H153: пал. | I153: * | M153: 3 | N153: =M153*C153*D153/1000000 -> 1.8 | O153: =N153*E153/1000 -> 0.18 | P153: =O153*AG153 -> 19.8 | Q153: 32 | R153: 57.6 | S153: 5.76 | T153: 633.6 | U153: C | V153: =IF(LEFT(U153,1)="A",1,IF(H153="пал.",IF(U153="B",ROUNDUP(4500/T153,0),ROUNDUP(6000/T153,0)))) -> 10 | W153: =IF($H153="пал.",$V153*R153) -> 576 | X153: =IF($H153="пал.",$V153*S153) -> 57.6 | Y153: =IF($H153="пал.",$V153*T153) -> 6336 | Z153: =ROUND((AB153*E153)/1000,2) -> 2036.46 | AA153: =ROUND(Z153*1.22,2) -> 2484.48 | AB153: =ROUND(AH153*(1-$AC$15),2) -> 20364.6 | AC153: =ROUND(AB153*1.22,2) -> 24844.81 | AE153: Process | AF153: 00007276 | AG153: 110 | AH153: 20364.6 | AI153: =Z153 -> 2036.46
A154: Плиты ТЕХ БАТТС | B154: ТЕХ БАТТС 125 Кф | C154: 1000 | D154: 600 | E154: 150 | F154: ГП-00007277 | G154: ТЕХ БАТТС 125 Кф 1000x600x150 (32 ПАЧ/ПАЛ) | H154: пал. | I154: * | M154: 2 | N154: =M154*C154*D154/1000000 -> 1.2 | O154: =N154*E154/1000 -> 0.18 | P154: =O154*AG154 -> 19.8 | Q154: 32 | R154: 38.4 | S154: 5.76 | T154: 633.6 | U154: C | V154: =IF(LEFT(U154,1)="A",1,IF(H154="пал.",IF(U154="B",ROUNDUP(4500/T154,0),ROUNDUP(6000/T154,0)))) -> 10 | W154: =IF($H154="пал.",$V154*R154) -> 384 | X154: =IF($H154="пал.",$V154*S154) -> 57.6 | Y154: =IF($H154="пал.",$V154*T154) -> 6336 | Z154: =ROUND((AB154*E154)/1000,2) -> 3003.8 | AA154: =ROUND(Z154*1.22,2) -> 3664.64 | AB154: =ROUND(AH154*(1-$AC$15),2) -> 20025.3 | AC154: =ROUND(AB154*1.22,2) -> 24430.87 | AE154: Process | AF154: 00007277 | AG154: 110 | AH154: 20025.3 | AI154: =Z154 -> 3003.8
A155: Плиты ТЕХ БАТТС | B155: ТЕХ БАТТС 150 | C155: 1000 | D155: 600 | E155: 50 | F155: ГП-00007285 | G155: ТЕХ БАТТС 150 1000x600x50 (48 ПАЧ/ПАЛ) | H155: пал. | I155: * | J155: * | K155: * | L155: * | M155: 4 | N155: =M155*C155*D155/1000000 -> 2.4 | O155: =N155*E155/1000 -> 0.12 | P155: =O155*AG155 -> 16.8 | Q155: 48 | R155: 115.2 | S155: 5.76 | T155: 806.4 | U155: C | V155: =IF(LEFT(U155,1)="A",1,IF(H155="пал.",IF(U155="B",ROUNDUP(4500/T155,0),ROUNDUP(6000/T155,0)))) -> 8 | W155: =IF($H155="пал.",$V155*R155) -> 921.6 | X155: =IF($H155="пал.",$V155*S155) -> 46.08 | Y155: =IF($H155="пал.",$V155*T155) -> 6451.2 | Z155: =ROUND((AB155*E155)/1000,2) -> 1257.05 | AA155: =ROUND(Z155*1.22,2) -> 1533.6 | AB155: =ROUND(AH155*(1-$AC$15),2) -> 25141 | AC155: =ROUND(AB155*1.22,2) -> 30672.02 | AE155: Process | AF155: 00007285 | AG155: 140 | AH155: 25141 | AI155: =Z155 -> 1257.05
A156: Плиты ТЕХ БАТТС | B156: ТЕХ БАТТС 150 | C156: 1000 | D156: 600 | E156: 100 | F156: ГП-00007286 | G156: ТЕХ БАТТС 150 1000x600x100 (48 ПАЧ/ПАЛ) | H156: пал. | I156: * | J156: * | K156: * | L156: * | M156: 2 | N156: =M156*C156*D156/1000000 -> 1.2 | O156: =N156*E156/1000 -> 0.12 | P156: =O156*AG156 -> 16.8 | Q156: 48 | R156: 57.6 | S156: 5.76 | T156: 806.4 | U156: C | V156: =IF(LEFT(U156,1)="A",1,IF(H156="пал.",IF(U156="B",ROUNDUP(4500/T156,0),ROUNDUP(6000/T156,0)))) -> 8 | W156: =IF($H156="пал.",$V156*R156) -> 460.8 | X156: =IF($H156="пал.",$V156*S156) -> 46.08 | Y156: =IF($H156="пал.",$V156*T156) -> 6451.2 | Z156: =ROUND((AB156*E156)/1000,2) -> 2514.1 | AA156: =ROUND(Z156*1.22,2) -> 3067.2 | AB156: =ROUND(AH156*(1-$AC$15),2) -> 25141 | AC156: =ROUND(AB156*1.22,2) -> 30672.02 | AE156: Process | AF156: 00007286 | AG156: 140 | AH156: 25141 | AI156: =Z156 -> 2514.1
A157: Плиты ТЕХ БАТТС | B157: ТЕХ БАТТС 150 | C157: 1000 | D157: 600 | E157: 150 | F157: ГП-321197 | G157: ТЕХ БАТТС 150 1000х600х150 (32 ПАЧ/ПАЛ) | H157: пал. | I157: * | K157: * | L157: * | M157: 2 | N157: =M157*C157*D157/1000000 -> 1.2 | O157: =N157*E157/1000 -> 0.18 | P157: =O157*AG157 -> 25.2 | Q157: 32 | R157: 38.4 | S157: 5.76 | T157: 806.4 | U157: C | V157: =IF(LEFT(U157,1)="A",1,IF(H157="пал.",IF(U157="B",ROUNDUP(4500/T157,0),ROUNDUP(6000/T157,0)))) -> 8 | W157: =IF($H157="пал.",$V157*R157) -> 307.2 | X157: =IF($H157="пал.",$V157*S157) -> 46.08 | Y157: =IF($H157="пал.",$V157*T157) -> 6451.2 | Z157: =ROUND((AB157*E157)/1000,2) -> 3771.15 | AA157: =ROUND(Z157*1.22,2) -> 4600.8 | AB157: =ROUND(AH157*(1-$AC$15),2) -> 25141 | AC157: =ROUND(AB157*1.22,2) -> 30672.02 | AE157: Process | AF157: 321197 | AG157: 140 | AH157: 25141 | AI157: =Z157 -> 3771.15
A158: Плиты ТЕХ БАТТС | B158: ТЕХ БАТТС 150 Кф | C158: 1000 | D158: 600 | E158: 50 | F158: ГП-00007317 | G158: ТЕХ БАТТС 150 Кф 1000x600x50 (48 ПАЧ/ПАЛ) | H158: пал. | I158: * | M158: 4 | N158: =M158*C158*D158/1000000 -> 2.4 | O158: =N158*E158/1000 -> 0.12 | P158: =O158*AG158 -> 16.8 | Q158: 48 | R158: 115.2 | S158: 5.76 | T158: 806.4 | U158: C | V158: =IF(LEFT(U158,1)="A",1,IF(H158="пал.",IF(U158="B",ROUNDUP(4500/T158,0),ROUNDUP(6000/T158,0)))) -> 8 | W158: =IF($H158="пал.",$V158*R158) -> 921.6 | X158: =IF($H158="пал.",$V158*S158) -> 46.08 | Y158: =IF($H158="пал.",$V158*T158) -> 6451.2 | Z158: =ROUND((AB158*E158)/1000,2) -> 1359.21 | AA158: =ROUND(Z158*1.22,2) -> 1658.24 | AB158: =ROUND(AH158*(1-$AC$15),2) -> 27184.1 | AC158: =ROUND(AB158*1.22,2) -> 33164.6 | AE158: Process | AF158: 00007317 | AG158: 140 | AH158: 27184.1 | AI158: =Z158 -> 1359.21
A159: Плиты ТЕХ БАТТС | B159: ТЕХ БАТТС 150 Кф | C159: 1000 | D159: 600 | E159: 100 | F159: ГП-00007318 | G159: ТЕХ БАТТС 150 Кф 1000x600x100 (48 ПАЧ/ПАЛ) | H159: пал. | I159: * | M159: 2 | N159: =M159*C159*D159/1000000 -> 1.2 | O159: =N159*E159/1000 -> 0.12 | P159: =O159*AG159 -> 16.8 | Q159: 48 | R159: 57.6 | S159: 5.76 | T159: 806.4 | U159: C | V159: =IF(LEFT(U159,1)="A",1,IF(H159="пал.",IF(U159="B",ROUNDUP(4500/T159,0),ROUNDUP(6000/T159,0)))) -> 8 | W159: =IF($H159="пал.",$V159*R159) -> 460.8 | X159: =IF($H159="пал.",$V159*S159) -> 46.08 | Y159: =IF($H159="пал.",$V159*T159) -> 6451.2 | Z159: =ROUND((AB159*E159)/1000,2) -> 2615.92 | AA159: =ROUND(Z159*1.22,2) -> 3191.42 | AB159: =ROUND(AH159*(1-$AC$15),2) -> 26159.2 | AC159: =ROUND(AB159*1.22,2) -> 31914.22 | AE159: Process | AF159: 00007318 | AG159: 140 | AH159: 26159.2 | AI159: =Z159 -> 2615.92
A160: Плиты ФАЙЕР БАТТС | B160: ФАЙЕР БАТТС | C160: 1000 | D160: 600 | E160: 25 | F160: ГП-00009675 | G160: ФАЙЕР БАТТС 1000х600х25 (22 ПАЧ/ПАЛ) | H160: пал. | J160: * | M160: 8 | N160: =M160*C160*D160/1000000 -> 4.8 | O160: =N160*E160/1000 -> 0.12 | P160: =O160*AG160 -> 13.2 | Q160: 22 | R160: 105.6 | S160: 2.64 | T160: 290.4 | U160: C | V160: =IF(LEFT(U160,1)="A",1,IF(H160="пал.",IF(U160="B",ROUNDUP(9000/T160,0),ROUNDUP(9000/T160,0)))) -> 31 | W160: =IF($H160="пал.",$V160*R160) -> 3273.6 | X160: =IF($H160="пал.",$V160*S160) -> 81.84 | Y160: =IF($H160="пал.",$V160*T160) -> 9002.4 | Z160: =ROUND((AB160*E160)/1000,2) -> 1162.26 | AA160: =ROUND(Z160*1.22,2) -> 1417.96 | AB160: =ROUND(AH160*(1-$AC$15),2) -> 46490.3 | AC160: =ROUND(AB160*1.22,2) -> 56718.17 | AE160: Process | AF160: 00007369 | AG160: 110 | AH160: 46490.3 | AI160: =Z160 -> 1162.26
A161: Плиты ФАЙЕР БАТТС | B161: ФАЙЕР БАТТС | C161: 1000 | D161: 600 | E161: 50 | F161: ГП-00007370 | G161: ФАЙЕР БАТТС 1000х600х50 (24 ПАЧ/ПАЛ) | H161: пал. | J161: * | M161: 4 | N161: =M161*C161*D161/1000000 -> 2.4 | O161: =N161*E161/1000 -> 0.12 | P161: =O161*AG161 -> 13.2 | Q161: 24 | R161: 57.6 | S161: 2.88 | T161: 316.8 | U161: C | V161: =IF(LEFT(U161,1)="A",1,IF(H161="пал.",IF(U161="B",ROUNDUP(9000/T161,0),ROUNDUP(9000/T161,0)))) -> 29 | W161: =IF($H161="пал.",$V161*R161) -> 1670.4 | X161: =IF($H161="пал.",$V161*S161) -> 83.52 | Y161: =IF($H161="пал.",$V161*T161) -> 9187.2 | Z161: =ROUND((AB161*E161)/1000,2) -> 2324.52 | AA161: =ROUND(Z161*1.22,2) -> 2835.91 | AB161: =ROUND(AH161*(1-$AC$15),2) -> 46490.3 | AC161: =ROUND(AB161*1.22,2) -> 56718.17 | AE161: Process | AF161: 00007370 | AG161: 110 | AH161: 46490.3 | AI161: =Z161 -> 2324.52
A162: Плиты ФАЙЕР БАТТС | B162: ФАЙЕР БАТТС Кф | C162: 1000 | D162: 600 | E162: 30 | F162: ГП-00007371 | G162: ФАЙЕР БАТТС Кф 1000х600х30 (26 ПАЧ/ПАЛ) | H162: пал. | J162: * | M162: 6 | N162: =M162*C162*D162/1000000 -> 3.6 | O162: =N162*E162/1000 -> 0.108 | P162: =O162*AG162 -> 11.88 | Q162: 26 | R162: 93.6 | S162: 2.808 | T162: 308.88 | U162: A | V162: =IF(LEFT(U162,1)="A",1,IF(H162="пал.",IF(U162="B",ROUNDUP(9000/T162,0),ROUNDUP(9000/T162,0)))) -> 1 | W162: =IF($H162="пал.",$V162*R162) -> 93.6 | X162: =IF($H162="пал.",$V162*S162) -> 2.808 | Y162: =IF($H162="пал.",$V162*T162) -> 308.88 | Z162: =ROUND((AB162*E162)/1000,2) -> 1572.9 | AA162: =ROUND(Z162*1.22,2) -> 1918.94 | AB162: =ROUND(AH162*(1-$AC$15),2) -> 52430 | AC162: =ROUND(AB162*1.22,2) -> 63964.6 | AE162: Process | AF162: 00007371 | AG162: 110 | AH162: 52430 | AI162: =Z162 -> 1572.9
A163: Плиты ФАЙЕР БАТТС | B163: ФАЙЕР БАТТС Кф | C163: 1000 | D163: 600 | E163: 50 | F163: ГП-00007372 | G163: ФАЙЕР БАТТС Кф 1000х600х50 (24 ПАЧ/ПАЛ) | H163: пал. | J163: * | M163: 4 | N163: =M163*C163*D163/1000000 -> 2.4 | O163: =N163*E163/1000 -> 0.12 | P163: =O163*AG163 -> 13.2 | Q163: 24 | R163: 57.6 | S163: 2.88 | T163: 316.8 | U163: C | V163: =IF(LEFT(U163,1)="A",1,IF(H163="пал.",IF(U163="B",ROUNDUP(9000/T163,0),ROUNDUP(9000/T163,0)))) -> 29 | W163: =IF($H163="пал.",$V163*R163) -> 1670.4 | X163: =IF($H163="пал.",$V163*S163) -> 83.52 | Y163: =IF($H163="пал.",$V163*T163) -> 9187.2 | Z163: =ROUND((AB163*E163)/1000,2) -> 2498.02 | AA163: =ROUND(Z163*1.22,2) -> 3047.58 | AB163: =ROUND(AH163*(1-$AC$15),2) -> 49960.4 | AC163: =ROUND(AB163*1.22,2) -> 60951.69 | AE163: Process | AF163: 00007372 | AG163: 110 | AH163: 49960.4 | AI163: =Z163 -> 2498.02
A164: Плиты ИНДАСТРИАЛ БАТТС | B164: ИНДАСТРИАЛ БАТТС 80 | C164: 1000 | D164: 600 | E164: 25 | F164: ГП-00006525 | G164: ИНДАСТРИАЛ БАТТС 80 1000х600х25 (16 ПАЧ/ПАЛ) | H164: пал. | J164: * | M164: 12 | N164: =M164*C164*D164/1000000 -> 7.2 | O164: =N164*E164/1000 -> 0.18 | P164: =O164*AG164 -> 14.4 | Q164: 16 | R164: 115.2 | S164: 2.88 | T164: 230.4 | U164: B | V164: =IF(LEFT(U164,1)="A",1,IF(H164="пал.",IF(U164="B",ROUNDUP(9000/T164,0),ROUNDUP(9000/T164,0)))) -> 40 | W164: =IF($H164="пал.",$V164*R164) -> 4608 | X164: =IF($H164="пал.",$V164*S164) -> 115.2 | Y164: =IF($H164="пал.",$V164*T164) -> 9216 | Z164: =ROUND((AB164*E164)/1000,2) -> 794.83 | AA164: =ROUND(Z164*1.22,2) -> 969.69 | AB164: =ROUND(AH164*(1-$AC$15),2) -> 31793 | AC164: =ROUND(AB164*1.22,2) -> 38787.46 | AE164: HVAC | AF164: 00006525 | AG164: 80 | AH164: 31793 | AI164: =Z164 -> 794.83
A165: Плиты ИНДАСТРИАЛ БАТТС | B165: ИНДАСТРИАЛ БАТТС 80 | C165: 1000 | D165: 600 | E165: 50 | F165: ГП-00007373 | G165: ИНДАСТРИАЛ БАТТС 80 1000х600х50 (12 ПАЧ/ПАЛ) | H165: пал. | J165: * | M165: 8 | N165: =M165*C165*D165/1000000 -> 4.8 | O165: =N165*E165/1000 -> 0.24 | P165: =O165*AG165 -> 19.2 | Q165: 12 | R165: 57.6 | S165: 2.88 | T165: 230.4 | U165: B | V165: =IF(LEFT(U165,1)="A",1,IF(H165="пал.",IF(U165="B",ROUNDUP(9000/T165,0),ROUNDUP(9000/T165,0)))) -> 40 | W165: =IF($H165="пал.",$V165*R165) -> 2304 | X165: =IF($H165="пал.",$V165*S165) -> 115.2 | Y165: =IF($H165="пал.",$V165*T165) -> 9216 | Z165: =ROUND((AB165*E165)/1000,2) -> 1325.71 | AA165: =ROUND(Z165*1.22,2) -> 1617.37 | AB165: =ROUND(AH165*(1-$AC$15),2) -> 26514.2 | AC165: =ROUND(AB165*1.22,2) -> 32347.32 | AE165: HVAC | AF165: 00007373 | AG165: 80 | AH165: 26514.2 | AI165: =Z165 -> 1325.71

Sheet OUT
C4: Сегмент | D4: Продукт | E4: Длина | F4: Ширина | G4: Толщина | H4: RW код | I4: Название
C5: Плиты INDUSTRIAL BATTS | D5: INDUSTRIAL BATTS 80 BF | E5: 1000 | F5: 600 | G5: 50 | H5: 253495 | I5: INDUSTRIAL BATTS 80 BF 1000x600x50 пач.
C6: Плиты INDUSTRIAL BATTS | D6: INDUSTRIAL BATTS 80 BF | E6: 1000 | F6: 600 | G6: 100 | H6: 253500 | I6: INDUSTRIAL BATTS 80 BF 1000x600x100 пач.

Sheet ВАЙРЕД МАТ (пал.)
A1: ПРАЙС-ЛИСТ НА ТЕПЛОИЗОЛЯЦИОННУЮ ПРОДУКЦИЮ
A2: ООО "РОКВУЛ"
A4: ВАЙРЕД МАТ (упаковка на паллете)
A6: от 01 апреля 2026 года
AD10: СКИДКА
AD11: 0
I14: ПРОИЗВОДСТВО | M14: УПАКОВКА | Q14: ПАЛЛЕТА | V14: КАТЕГОРИЯ | AA14: ЦЕНА от 01.04.2026
A15: Сегмент | B15: Продукт | C15: Длина | D15: Ширина | E15: Толщина | F15: RWL код | G15: Название | H15: Упаковка | I15: ZHE | J15: VYB | K15: ELA | L15: TRK | M15: шт./уп. | N15: м2/уп. | O15: м3/уп. | P15: кг/уп. | Q15: пач./пал. | R15: м2/пал. | S15: м3/пал. | T15: размеры | U15: макс.высота | V15: ABC | W15: упак. | X15: м2 | Y15: м3 | Z15: кг | AA15: руб./м2 без НДС | AB15: руб./м2 с НДС 22% | AC15: руб./м3 без НДС | AD15: руб./м3 с НДС 22% | AF15: Segment | AG15: RW код | AH15: Плотность | AI15: руб./м3 без НДС | AJ15: руб./м2 без НДС
A16: Прошивные маты ВАЙРЕД МАТ | B16: ВАЙРЕД МАТ 80 | C16: 5000 | D16: 1000 | E16: 40 | F16: ГП-00008569 | G16: ВАЙРЕД МАТ 80 5000х1000х40 (21 ПАЧ/ПАЛ) | H16: пал. | I16: * | M16: 1 | Q16: 21 | R16: =Q16*(C16*D16/1000000) -> 105 | S16: =Q16*(C16*D16*E16/1000000000) -> 4.2 | T16: 1200х1200 | U16: 2540 | V16: C | W16: =ROUNDUP(80/Q16,0) -> 4 | X16: =W16*R16 -> 420 | Y16: =W16*S16 -> 16.8 | AA16: =ROUND((AC16*E16)/1000,2) -> 702.71 | AB16: =ROUND(AA16*1.22,2) -> 857.31 | AC16: =ROUND(AI16*(1-$AD$11),2) -> 17567.8 | AD16: =ROUND(AC16*1.22,2) -> 21432.72 | AE16: =SUBSTITUTE(F16,"ГП-","") -> 00008569 | AF16: Process | AG16: 222468 | AH16: 80 | AI16: 17567.8 | AJ16: =AA16 -> 702.71
A17: Прошивные маты ВАЙРЕД МАТ | B17: ВАЙРЕД МАТ 80 | C17: 4000 | D17: 1000 | E17: 50 | F17: ГП-00008596 | G17: ВАЙРЕД МАТ 80 4000х1000х50 (21 ПАЧ/ПАЛ) | H17: пал. | I17: * | M17: 1 | Q17: 21 | R17: =Q17*(C17*D17/1000000) -> 84 | S17: =Q17*(C17*D17*E17/1000000000) -> 4.2 | T17: 1200х1200 | U17: 2540 | V17: C | W17: =ROUNDUP(80/Q17,0) -> 4 | X17: =W17*R17 -> 336 | Y17: =W17*S17 -> 16.8 | AA17: =ROUND((AC17*E17)/1000,2) -> 836.69 | AB17: =ROUND(AA17*1.22,2) -> 1020.76 | AC17: =ROUND(AI17*(1-$AD$11),2) -> 16733.8 | AD17: =ROUND(AC17*1.22,2) -> 20415.24 | AE17: =SUBSTITUTE(F17,"ГП-","") -> 00008596 | AF17: Process | AG17: 222475 | AH17: 80 | AI17: 16733.8 | AJ17: =AA17 -> 836.69
A18: Прошивные маты ВАЙРЕД МАТ | B18: ВАЙРЕД МАТ 80 | C18: 4000 | D18: 1000 | E18: 60 | F18: ГП-00008571 | G18: ВАЙРЕД МАТ 80 4000х1000х60 (21 ПАЧ/ПАЛ) | H18: пал. | I18: * | M18: 1 | Q18: 21 | R18: =Q18*(C18*D18/1000000) -> 84 | S18: =Q18*(C18*D18*E18/1000000000) -> 5.04 | T18: 1200х1200 | U18: 2540 | V18: C | W18: =ROUNDUP(80/Q18,0) -> 4 | X18: =W18*R18 -> 336 | Y18: =W18*S18 -> 20.16 | AA18: =ROUND((AC18*E18)/1000,2) -> 997.8 | AB18: =ROUND(AA18*1.22,2) -> 1217.32 | AC18: =ROUND(AI18*(1-$AD$11),2) -> 16630 | AD18: =ROUND(AC18*1.22,2) -> 20288.6 | AE18: =SUBSTITUTE(F18,"ГП-","") -> 00008571 | AF18: Process | AG18: 222477 | AH18: 80 | AI18: 16630 | AJ18: =AA18 -> 997.8
A19: Прошивные маты ВАЙРЕД МАТ | B19: ВАЙРЕД МАТ 80 | C19: 2000 | D19: 1000 | E19: 70 | F19: ГП-00008597 | G19: ВАЙРЕД МАТ 80 2000х1000х70 (27 ПАЧ/ПАЛ) | H19: пал. | I19: * | M19: 1 | Q19: 27 | R19: =Q19*(C19*D19/1000000) -> 54 | S19: =Q19*(C19*D19*E19/1000000000) -> 3.78 | T19: 1200х1200 | U19: 2540 | V19: C | W19: =ROUNDUP(80/Q19,0) -> 3 | X19: =W19*R19 -> 162 | Y19: =W19*S19 -> 11.34 | AA19: =ROUND((AC19*E19)/1000,2) -> 1144.17 | AB19: =ROUND(AA19*1.22,2) -> 1395.89 | AC19: =ROUND(AI19*(1-$AD$11),2) -> 16345.3 | AD19: =ROUND(AC19*1.22,2) -> 19941.27 | AE19: =SUBSTITUTE(F19,"ГП-","") -> 00008597 | AF19: Process | AG19: 76535 | AH19: 80 | AI19: 16345.3 | AJ19: =AA19 -> 1144.17
A20: Прошивные маты ВАЙРЕД МАТ | B20: ВАЙРЕД МАТ 80 | C20: 2000 | D20: 1000 | E20: 80 | F20: ГП-00008598 | G20: ВАЙРЕД МАТ 80 2000х1000х80 (21 ПАЧ/ПАЛ) | H20: пал. | I20: * | M20: 1 | Q20: 21 | R20: =Q20*(C20*D20/1000000) -> 42 | S20: =Q20*(C20*D20*E20/1000000000) -> 3.36 | T20: 1200х1000 | U20: 2540 | V20: C | W20: =ROUNDUP(80/Q20,0) -> 4 | X20: =W20*R20 -> 168 | Y20: =W20*S20 -> 13.44 | AA20: =ROUND((AC20*E20)/1000,2) -> 1243.31 | AB20: =ROUND(AA20*1.22,2) -> 1516.84 | AC20: =ROUND(AI20*(1-$AD$11),2) -> 15541.4 | AD20: =ROUND(AC20*1.22,2) -> 18960.51 | AE20: =SUBSTITUTE(F20,"ГП-","") -> 00008598 | AF20: Process | AG20: 72377 | AH20: 80 | AI20: 15541.4 | AJ20: =AA20 -> 1243.31
A21: Прошивные маты ВАЙРЕД МАТ | B21: ВАЙРЕД МАТ 80 | C21: 2000 | D21: 1000 | E21: 90 | F21: ГП-00008599 | G21: ВАЙРЕД МАТ 80 2000х1000х90 (21 ПАЧ/ПАЛ) | H21: пал. | I21: * | M21: 1 | Q21: 21 | R21: =Q21*(C21*D21/1000000) -> 42 | S21: =Q21*(C21*D21*E21/1000000000) -> 3.78 | T21: 1200х1200 | U21: 2540 | V21: C | W21: =ROUNDUP(80/Q21,0) -> 4 | X21: =W21*R21 -> 168 | Y21: =W21*S21 -> 15.12 | AA21: =ROUND((AC21*E21)/1000,2) -> 1389.69 | AB21: =ROUND(AA21*1.22,2) -> 1695.42 | AC21: =ROUND(AI21*(1-$AD$11),2) -> 15441 | AD21: =ROUND(AC21*1.22,2) -> 18838.02 | AE21: =SUBSTITUTE(F21,"ГП-","") -> 00008599 | AF21: Process | AG21: 73766 | AH21: 80 | AI21: 15441 | AJ21: =AA21 -> 1389.69
A22: Прошивные маты ВАЙРЕД МАТ | B22: ВАЙРЕД МАТ 80 | C22: 2000 | D22: 1000 | E22: 100 | F22: ГП-00008600 | G22: ВАЙРЕД МАТ 80 2000х1000х100 (21 ПАЧ/ПАЛ) | H22: пал. | I22: * | M22: 1 | Q22: 21 | R22: =Q22*(C22*D22/1000000) -> 42 | S22: =Q22*(C22*D22*E22/1000000000) -> 4.2 | T22: 1200х1200 | U22: 2540 | V22: C | W22: =ROUNDUP(80/Q22,0) -> 4 | X22: =W22*R22 -> 168 | Y22: =W22*S22 -> 16.8 | AA22: =ROUND((AC22*E22)/1000,2) -> 1527.35 | AB22: =ROUND(AA22*1.22,2) -> 1863.37 | AC22: =ROUND(AI22*(1-$AD$11),2) -> 15273.5 | AD22: =ROUND(AC22*1.22,2) -> 18633.67 | AE22: =SUBSTITUTE(F22,"ГП-","") -> 00008600 | AF22: Process | AG22: 72272 | AH22: 80 | AI22: 15273.5 | AJ22: =AA22 -> 1527.35
A23: Прошивные маты ВАЙРЕД МАТ | B23: ВАЙРЕД МАТ 80 | C23: 2000 | D23: 1000 | E23: 110 | F23: ГП-00008601 | G23: ВАЙРЕД МАТ 80 2000х1000х110 (21 ПАЧ/ПАЛ) | H23: пал. | I23: * | M23: 1 | Q23: 21 | R23: =Q23*(C23*D23/1000000) -> 42 | S23: =Q23*(C23*D23*E23/1000000000) -> 4.62 | T23: 1200х1200 | U23: 2540 | V23: C | W23: =ROUNDUP(80/Q23,0) -> 4 | X23: =W23*R23 -> 168 | Y23: =W23*S23 -> 18.48 | AA23: =ROUND((AC23*E23)/1000,2) -> 1737.02 | AB23: =ROUND(AA23*1.22,2) -> 2119.16 | AC23: =ROUND(AI23*(1-$AD$11),2) -> 15791.1 | AD23: =ROUND(AC23*1.22,2) -> 19265.14 | AE23: =SUBSTITUTE(F23,"ГП-","") -> 00008601 | AF23: Process | AG23: 84237 | AH23: 80 | AI23: 15791.1 | AJ23: =AA23 -> 1737.02
A24: Прошивные маты ВАЙРЕД МАТ | B24: ВАЙРЕД МАТ 80 | C24: 2000 | D24: 1000 | E24: 120 | F24: ГП-00012427 | G24: ВАЙРЕД МАТ 80 2000х1000х120 (21 ПАЧ/ПАЛ) | H24: пал. | I24: * | M24: 1 | Q24: 21 | R24: =Q24*(C24*D24/1000000) -> 42 | S24: =Q24*(C24*D24*E24/1000000000) -> 5.04 | T24: 1200х1200 | U24: 2540 | V24: C | W24: =ROUNDUP(80/Q24,0) -> 4 | X24: =W24*R24 -> 168 | Y24: =W24*S24 -> 20.16 | AA24: =ROUND((AC24*E24)/1000,2) -> 1895.11 | AB24: =ROUND(AA24*1.22,2) -> 2312.03 | AC24: =ROUND(AI24*(1-$AD$11),2) -> 15792.6 | AD24: =ROUND(AC24*1.22,2) -> 19266.97 | AE24: =SUBSTITUTE(F24,"ГП-","") -> 00012427 | AF24: Process | AG24: 82605 | AH24: 80 | AI24: 15792.6 | AJ24: =AA24 -> 1895.11
A25: Прошивные маты ВАЙРЕД МАТ | B25: ВАЙРЕД МАТ 80 SST | C25: 5000 | D25: 1000 | E25: 40 | F25: no code | G25: ВАЙРЕД МАТ 80 SST 5000х1000х40 (21 ПАЧ/ПАЛ) | H25: пал. | I25: * | M25: 1 | Q25: 21 | R25: =Q25*(C25*D25/1000000) -> 105 | S25: =Q25*(C25*D25*E25/1000000000) -> 4.2 | T25: 1200х1200 | U25: 2540 | V25: C | W25: =ROUNDUP(80/Q25,0) -> 4 | X25: =W25*R25 -> 420 | Y25: =W25*S25 -> 16.8 | AA25: =ROUND((AC25*E25)/1000,2) -> 1462.37 | AB25: =ROUND(AA25*1.22,2) -> 1784.09 | AC25: =ROUND(AI25*(1-$AD$11),2) -> 36559.2 | AD25: =ROUND(AC25*1.22,2) -> 44602.22 | AE25: =SUBSTITUTE(F25,"ГП-","") -> no code | AF25: Process | AG25: 223405 | AH25: 80 | AI25: 36559.2 | AJ25: =AA25 -> 1462.37
A26: Прошивные маты ВАЙРЕД МАТ | B26: ВАЙРЕД МАТ 80 SST | C26: 4000 | D26: 1000 | E26: 50 | F26: no code | G26: ВАЙРЕД МАТ 80 SST 4000х1000х50 (21 ПАЧ/ПАЛ) | H26: пал. | I26: * | M26: 1 | Q26: 21 | R26: =Q26*(C26*D26/1000000) -> 84 | S26: =Q26*(C26*D26*E26/1000000000) -> 4.2 | T26: 1200х1200 | U26: 2540 | V26: C | W26: =ROUNDUP(80/Q26,0) -> 4 | X26: =W26*R26 -> 336 | Y26: =W26*S26 -> 16.8 | AA26: =ROUND((AC26*E26)/1000,2) -> 1640.56 | AB26: =ROUND(AA26*1.22,2) -> 2001.48 | AC26: =ROUND(AI26*(1-$AD$11),2) -> 32811.2 | AD26: =ROUND(AC26*1.22,2) -> 40029.66 | AE26: =SUBSTITUTE(F26,"ГП-","") -> no code | AF26: Process | AG26: 223406 | AH26: 80 | AI26: 32811.2 | AJ26: =AA26 -> 1640.56
A27: Прошивные маты ВАЙРЕД МАТ | B27: ВАЙРЕД МАТ 80 SST | C27: 4000 | D27: 1000 | E27: 60 | F27: no code | G27: ВАЙРЕД МАТ 80 SST 4000х1000х60 (21 ПАЧ/ПАЛ) | H27: пал. | I27: * | M27: 1 | Q27: 21 | R27: =Q27*(C27*D27/1000000) -> 84 | S27: =Q27*(C27*D27*E27/1000000000) -> 5.04 | T27: 1200х1200 | U27: 2540 | V27: C | W27: =ROUNDUP(80/Q27,0) -> 4 | X27: =W27*R27 -> 336 | Y27: =W27*S27 -> 20.16 | AA27: =ROUND((AC27*E27)/1000,2) -> 1823.77 | AB27: =ROUND(AA27*1.22,2) -> 2225 | AC27: =ROUND(AI27*(1-$AD$11),2) -> 30396.2 | AD27: =ROUND(AC27*1.22,2) -> 37083.36 | AE27: =SUBSTITUTE(F27,"ГП-","") -> no code | AF27: Process | AG27: 223410 | AH27: 80 | AI27: 30396.2 | AJ27: =AA27 -> 1823.77
... A75: Прошивные маты ВАЙРЕД МАТ | B75: ВАЙРЕД МАТ 105 Кф1 | C75: 2000 | D75: 1000 | E75: 70 | F75: ГП-00009035 | G75: ВАЙРЕД МАТ 105 Кф1 2000х1000х70 (21 ПАЧ/ПАЛ) | H75: пал. | I75: * | M75: 1 | Q75: 21 | R75: =Q75*(C75*D75/1000000) -> 42 | S75: =Q75*(C75*D75*E75/1000000000) -> 2.94 | T75: 1200х1000 | U75: 2540 | V75: C | W75: =ROUNDUP(80/Q75,0) -> 4 | X75: =W75*R75 -> 168 | Y75: =W75*S75 -> 11.76 | AA75: =ROUND((AC75*E75)/1000,2) -> 1588.65 | AB75: =ROUND(AA75*1.22,2) -> 1938.15 | AC75: =ROUND(AI75*(1-$AD$11),2) -> 22695 | AD75: =ROUND(AC75*1.22,2) -> 27687.9 | AE75: =SUBSTITUTE(F75,"ГП-","") -> 00009035 | AF75: HVAC | AG75: 96411 | AH75: 105 | AI75: 22695 | AJ75: =AA75 -> 1588.65

Sheet Цилиндры
A1: ПРАЙС-ЛИСТ НА ТЕПЛОИЗОЛЯЦИОННУЮ ПРОДУКЦИЮ
A2: ООО "РОКВУЛ"
A4: ТЕХНИЧЕСКАЯ ИЗОЛЯЦИЯ: ЦИЛИНДРЫ НАВИВНЫЕ
A6: от 01 апреля 2026 года
A9: Важные примечания:
A10: 1. Ставка НДС применяется в соответствии с действующим законодательством.
A11: 2. Счет является действительным к оплате в течение 3-х банковских дней. | Q11: СКИДКА
A12: 3. Заказы на теплоизоляционные материалы поступают в производство с момента поступления денег на расчетный счет производителя. | Q12: 0
A13: 4. Размер минимального заказа указан на листе "Возможности пр-ва" и в колонках M-O.
I15: ПР-ВО | K15: ПАЧКА | M15: КАТЕГОРИЯ + МИН.ЗАКАЗ | P15: ='Маты и плиты'!Z21 -> ЦЕНА от 01.04.2026
A16: Сегмент | B16: Продукт | C16: Длина | D16: Толщина | E16: Диаметр | F16: RWL код | G16: Название | H16: Упаковка | I16: ZHE | J16: TRK | K16: шт./пач. | L16: м/пач. | M16: ABC | N16: пач. | O16: м | P16: руб./м без НДС | Q16: руб./м с НДС 22% | R16: Segment | S16: RWL код | T16: руб./м без НДС
A17: Цилиндры навивные | B17: Цилиндр навивной RWL 100 | C17: 1000 | D17: 25 | E17: 28 | F17: ГП-137114 | G17: Цилиндр навивной RWL 100 D 28 T 25 | H17: пач. | I17: * | K17: 12 | L17: =K17 -> 12 | M17: B | N17: =IF(M17="A",1,IF(M17="B", ROUNDUP(10/L17,0),ROUNDUP(40/L17,0))) -> 1 | O17: =N17*L17 -> 12 | P17: =ROUND(T17*(1-$Q$12),2) -> 350 | Q17: =ROUND(P17*1.22,2) -> 427 | R17: Process | S17: =TEXT(F17,0) -> ГП-137114 | T17: 350
A18: Цилиндры навивные | B18: Цилиндр навивной RWL 100 | C18: 1000 | D18: 25 | E18: 32 | F18: ГП-137119 | G18: Цилиндр навивной RWL 100 D 32 T 25 | H18: пач. | I18: * | K18: 12 | L18: =K18 -> 12 | M18: B | N18: =IF(M18="A",1,IF(M18="B", ROUNDUP(10/L18,0),ROUNDUP(40/L18,0))) -> 1 | O18: =N18*L18 -> 12 | P18: =ROUND(T18*(1-$Q$12),2) -> 387.5 | Q18: =ROUND(P18*1.22,2) -> 472.75 | R18: Process | S18: =TEXT(F18,0) -> ГП-137119 | T18: 387.5
A19: Цилиндры навивные | B19: Цилиндр навивной RWL 100 | C19: 1000 | D19: 25 | E19: 35 | F19: ГП-136914 | G19: Цилиндр навивной RWL 100 D 35 T 25 | H19: пач. | I19: * | J19: * | K19: 12 | L19: =K19 -> 12 | M19: B | N19: =IF(M19="A",1,IF(M19="B", ROUNDUP(10/L19,0),ROUNDUP(40/L19,0))) -> 1 | O19: =N19*L19 -> 12 | P19: =ROUND(T19*(1-$Q$12),2) -> 398.3 | Q19: =ROUND(P19*1.22,2) -> 485.93 | R19: Process | S19: =TEXT(F19,0) -> ГП-136914 | T19: 398.3
A20: Цилиндры навивные | B20: Цилиндр навивной RWL 100 | C20: 1000 | D20: 25 | E20: 38 | F20: ГП-137133 | G20: Цилиндр навивной RWL 100 D 38 T 25 | H20: пач. | I20: * | K20: 10 | L20: =K20 -> 10 | M20: C | N20: =IF(M20="A",1,IF(M20="B", ROUNDUP(10/L20,0),ROUNDUP(40/L20,0))) -> 4 | O20: =N20*L20 -> 40 | P20: =ROUND(T20*(1-$Q$12),2) -> 409.2 | Q20: =ROUND(P20*1.22,2) -> 499.22 | R20: Process | S20: =TEXT(F20,0) -> ГП-137133 | T20: 409.2
A21: Цилиндры навивные | B21: Цилиндр навивной RWL 100 | C21: 1000 | D21: 25 | E21: 42 | F21: ГП-137134 | G21: Цилиндр навивной RWL 100 D 42 T 25 | H21: пач. | I21: * | J21: * | K21: 11 | L21: =K21 -> 11 | M21: B | N21: =IF(M21="A",1,IF(M21="B", ROUNDUP(10/L21,0),ROUNDUP(40/L21,0))) -> 1 | O21: =N21*L21 -> 11 | P21: =ROUND(T21*(1-$Q$12),2) -> 424.8 | Q21: =ROUND(P21*1.22,2) -> 518.26 | R21: Process | S21: =TEXT(F21,0) -> ГП-137134 | T21: 424.8
A22: Цилиндры навивные | B22: Цилиндр навивной RWL 100 | C22: 1000 | D22: 25 | E22: 45 | F22: ГП-137168 | G22: Цилиндр навивной RWL 100 D 45 T 25 | H22: пач. | I22: * | K22: 10 | L22: =K22 -> 10 | M22: C | N22: =IF(M22="A",1,IF(M22="B", ROUNDUP(10/L22,0),ROUNDUP(40/L22,0))) -> 4 | O22: =N22*L22 -> 40 | P22: =ROUND(T22*(1-$Q$12),2) -> 434.8 | Q22: =ROUND(P22*1.22,2) -> 530.46 | R22: Process | S22: =TEXT(F22,0) -> ГП-137168 | T22: 434.8
A23: Цилиндры навивные | B23: Цилиндр навивной RWL 100 | C23: 1000 | D23: 25 | E23: 48 | F23: ГП-137184 | G23: Цилиндр навивной RWL 100 D 48 T 25 | H23: пач. | I23: * | K23: 10 | L23: =K23 -> 10 | M23: B | N23: =IF(M23="A",1,IF(M23="B", ROUNDUP(10/L23,0),ROUNDUP(40/L23,0))) -> 1 | O23: =N23*L23 -> 10 | P23: =ROUND(T23*(1-$Q$12),2) -> 440.2 | Q23: =ROUND(P23*1.22,2) -> 537.04 | R23: Process | S23: =TEXT(F23,0) -> ГП-137184 | T23: 440.2
A24: Цилиндры навивные | B24: Цилиндр навивной RWL 100 | C24: 1000 | D24: 25 | E24: 54 | F24: ГП-137205 | G24: Цилиндр навивной RWL 100 D 54 T 25 | H24: пач. | I24: * | K24: 9 | L24: =K24 -> 9 | M24: C | N24: =IF(M24="A",1,IF(M24="B", ROUNDUP(10/L24,0),ROUNDUP(40/L24,0))) -> 5 | O24: =N24*L24 -> 45 | P24: =ROUND(T24*(1-$Q$12),2) -> 448.5 | Q24: =ROUND(P24*1.22,2) -> 547.17 | R24: Process | S24: =TEXT(F24,0) -> ГП-137205 | T24: 448.5
A25: Цилиндры навивные | B25: Цилиндр навивной RWL 100 | C25: 1000 | D25: 25 | E25: 57 | F25: ГП-137209 | G25: Цилиндр навивной RWL 100 D 57 T 25 | H25: пач. | I25: * | K25: 9 | L25: =K25 -> 9 | M25: B | N25: =IF(M25="A",1,IF(M25="B", ROUNDUP(10/L25,0),ROUNDUP(40/L25,0))) -> 2 | O25: =N25*L25 -> 18 | P25: =ROUND(T25*(1-$Q$12),2) -> 460.2 | Q25: =ROUND(P25*1.22,2) -> 561.44 | R25: Process | S25: =TEXT(F25,0) -> ГП-137209 | T25: 460.2
A26: Цилиндры навивные | B26: Цилиндр навивной RWL 100 | C26: 1000 | D26: 25 | E26: 60 | F26: ГП-137260 | G26: Цилиндр навивной RWL 100 D 60 T 25 | H26: пач. | I26: * | K26: 9 | L26: =K26 -> 9 | M26: B | N26: =IF(M26="A",1,IF(M26="B", ROUNDUP(10/L26,0),ROUNDUP(40/L26,0))) -> 2 | O26: =N26*L26 -> 18 | P26: =ROUND(T26*(1-$Q$12),2) -> 465.9 | Q26: =ROUND(P26*1.22,2) -> 568.4 | R26: Process | S26: =TEXT(F26,0) -> ГП-137260 | T26: 465.9
A27: Цилиндры навивные | B27: Цилиндр навивной RWL 100 | C27: 1000 | D27: 25 | E27: 64 | F27: ГП-137261 | G27: Цилиндр навивной RWL 100 D 64 T 25 | H27: пач. | I27: * | K27: 8 | L27: =K27 -> 8 | M27: C | N27: =IF(M27="A",1,IF(M27="B", ROUNDUP(10/L27,0),ROUNDUP(40/L27,0))) -> 5 | O27: =N27*L27 -> 40 | P27: =ROUND(T27*(1-$Q$12),2) -> 487 | Q27: =ROUND(P27*1.22,2) -> 594.14 | R27: Process | S27: =TEXT(F27,0) -> ГП-137261 | T27: 487
A28: Цилиндры навивные | B28: Цилиндр навивной RWL 100 | C28: 1000 | D28: 25 | E28: 76 | F28: ГП-137264 | G28: Цилиндр навивной RWL 100 D 76 T 25 | H28: пач. | I28: * | J28: * | K28: 7 | L28: =K28 -> 7 | M28: B | N28: =IF(M28="A",1,IF(M28="B", ROUNDUP(10/L28,0),ROUNDUP(40/L28,0))) -> 2 | O28: =N28*L28 -> 14 | P28: =ROUND(T28*(1-$Q$12),2) -> 516.1 | Q28: =ROUND(P28*1.22,2) -> 629.64 | R28: Process | S28: =TEXT(F28,0) -> ГП-137264 | T28: 516.1
A29: Цилиндры навивные | B29: Цилиндр навивной RWL 100 | C29: 1000 | D29: 25 | E29: 89 | F29: ГП-137273 | G29: Цилиндр навивной RWL 100 D 89 T 25 | H29: пач. | I29: * | J29: * | K29: 6 | L29: =K29 -> 6 | M29: B | N29: =IF(M29="A",1,IF(M29="B", ROUNDUP(10/L29,0),ROUNDUP(40/L29,0))) -> 2 | O29: =N29*L29 -> 12 | P29: =ROUND(T29*(1-$Q$12),2) -> 576.4 | Q29: =ROUND(P29*1.22,2) -> 703.21 | R29: Process | S29: =TEXT(F29,0) -> ГП-137273 | T29: 576.4
A30: Цилиндры навивные | B30: Цилиндр навивной RWL 100 | C30: 1000 | D30: 25 | E30: 108 | F30: ГП-136982 | G30: Цилиндр навивной RWL 100 D 108 T 25 | H30: пач. | I30: * | K30: 6 | L30: =K30 -> 6 | M30: B | N30: =IF(M30="A",1,IF(M30="B", ROUNDUP(10/L30,0),ROUNDUP(40/L30,0))) -> 2 | O30: =N30*L30 -> 12 | P30: =ROUND(T30*(1-$Q$12),2) -> 751.7 | Q30: =ROUND(P30*1.22,2) -> 917.07 | R30: Process | S30: =TEXT(F30,0) -> ГП-136982 | T30: 751.7
A31: Цилиндры навивные | B31: Цилиндр навивной RWL 100 | C31: 1000 | D31: 25 | E31: 114 | F31: ГП-136986 | G31: Цилиндр навивной RWL 100 D 114 T 25 | H31: пач. | I31: * | K31: 5 | L31: =K31 -> 5 | M31: C | N31: =IF(M31="A",1,IF(M31="B", ROUNDUP(10/L31,0),ROUNDUP(40/L31,0))) -> 8 | O31: =N31*L31 -> 40 | P31: =ROUND(T31*(1-$Q$12),2) -> 799.9 | Q31: =ROUND(P31*1.22,2) -> 975.88 | R31: Process | S31: =TEXT(F31,0) -> ГП-136986 | T31: 799.9
A32: Цилиндры навивные | B32: Цилиндр навивной RWL 100 | C32: 1000 | D32: 25 | E32: 133 | F32: ГП-136998 | G32: Цилиндр навивной RWL 100 D 133 T 25 | H32: пач. | I32: * | K32: 5 | L32: =K32 -> 5 | M32: C | N32: =IF(M32="A",1,IF(M32="B", ROUNDUP(10/L32,0),ROUNDUP(40/L32,0))) -> 8 | O32: =N32*L32 -> 40 | P32: =ROUND(T32*(1-$Q$12),2) -> 837.1 | Q32: =ROUND(P32*1.22,2) -> 1021.26 | R32: Process | S32: =TEXT(F32,0) -> ГП-136998 | T32: 837.1
A33: Цилиндры навивные | B33: Цилиндр навивной RWL 100 | C33: 1000 | D33: 25 | E33: 159 | F33: ГП-137019 | G33: Цилиндр навивной RWL 100 D 159 T 25 | H33: пач. | I33: * | K33: 4 | L33: =K33 -> 4 | M33: C | N33: =IF(M33="A",1,IF(M33="B", ROUNDUP(10/L33,0),ROUNDUP(40/L33,0))) -> 10 | O33: =N33*L33 -> 40 | P33: =ROUND(T33*(1-$Q$12),2) -> 933.9 | Q33: =ROUND(P33*1.22,2) -> 1139.36 | R33: Process | S33: =TEXT(F33,0) -> ГП-137019 | T33: 933.9
A34: Цилиндры навивные | B34: Цилиндр навивной RWL 100 | C34: 1000 | D34: 25 | E34: 169 | F34: ГП-137037 | G34: Цилиндр навивной RWL 100 D 169 T 25 | H34: пач. | I34: * | K34: 4 | L34: =K34 -> 4 | M34: C | N34: =IF(M34="A",1,IF(M34="B", ROUNDUP(10/L34,0),ROUNDUP(40/L34,0))) -> 10 | O34: =N34*L34 -> 40 | P34: =ROUND(T34*(1-$Q$12),2) -> 978 | Q34: =ROUND(P34*1.22,2) -> 1193.16 | R34: Process | S34: =TEXT(F34,0) -> ГП-137037 | T34: 978
A35: Цилиндры навивные | B35: Цилиндр навивной RWL 100 | C35: 1000 | D35: 25 | E35: 219 | F35: ГП-137053 | G35: Цилиндр навивной RWL 100 D 219 T 25 | H35: пач. | I35: * | K35: 3 | L35: =K35 -> 3 | M35: C | N35: =IF(M35="A",1,IF(M35="B", ROUNDUP(10/L35,0),ROUNDUP(40/L35,0))) -> 14 | O35: =N35*L35 -> 42 | P35: =ROUND(T35*(1-$Q$12),2) -> 1244.6 | Q35: =ROUND(P35*1.22,2) -> 1518.41 | R35: Process | S35: =TEXT(F35,0) -> ГП-137053 | T35: 1244.6
A36: Цилиндры навивные | B36: Цилиндр навивной RWL 100 | C36: 1000 | D36: 25 | E36: 273 | F36: ГП-137295 | G36: Цилиндр навивной RWL 100 D 273 T 25 | H36: пач. | I36: * | K36: 2 | L36: =K36 -> 2 | M36: C | N36: =IF(M36="A",1,IF(M36="B", ROUNDUP(10/L36,0),ROUNDUP(40/L36,0))) -> 20 | O36: =N36*L36 -> 40 | P36: =ROUND(T36*(1-$Q$12),2) -> 1666.4 | Q36: =ROUND(P36*1.22,2) -> 2033.01 | R36: Process | S36: =TEXT(F36,0) -> ГП-137295 | T36: 1666.4
A37: Цилиндры навивные | B37: Цилиндр навивной RWL 100 | C37: 1000 | D37: 30 | E37: 18 | F37: ГП-136984 | G37: Цилиндр навивной RWL 100 D 18 T 30 | H37: пач. | I37: * | K37: 12 | L37: =K37 -> 12 | M37: B | N37: =IF(M37="A",1,IF(M37="B", ROUNDUP(10/L37,0),ROUNDUP(40/L37,0))) -> 1 | O37: =N37*L37 -> 12 | P37: =ROUND(T37*(1-$Q$12),2) -> 318.5 | Q37: =ROUND(P37*1.22,2) -> 388.57 | R37: Process | S37: =TEXT(F37,0) -> ГП-136984 | T37: 318.5
A38: Цилиндры навивные | B38: Цилиндр навивной RWL 100 | C38: 1000 | D38: 30 | E38: 21 | F38: ГП-137042 | G38: Цилиндр навивной RWL 100 D 21 T 30 | H38: пач. | I38: * | K38: 12 | L38: =K38 -> 12 | M38: A | N38: =IF(M38="A",1,IF(M38="B", ROUNDUP(10/L38,0),ROUNDUP(40/L38,0))) -> 1 | O38: =N38*L38 -> 12 | P38: =ROUND(T38*(1-$Q$12),2) -> 324.3 | Q38: =ROUND(P38*1.22,2) -> 395.65 | R38: Process | S38: =TEXT(F38,0) -> ГП-137042 | T38: 324.3
A39: Цилиндры навивные | B39: Цилиндр навивной RWL 100 | C39: 1000 | D39: 30 | E39: 25 | F39: ГП-136928 | G39: Цилиндр навивной RWL 100 D 25 T 30 | H39: пач. | I39: * | K39: 12 | L39: =K39 -> 12 | M39: B | N39: =IF(M39="A",1,IF(M39="B", ROUNDUP(10/L39,0),ROUNDUP(40/L39,0))) -> 1 | O39: =N39*L39 -> 12 | P39: =ROUND(T39*(1-$Q$12),2) -> 378.2 | Q39: =ROUND(P39*1.22,2) -> 461.4 | R39: Process | S39: =TEXT(F39,0) -> ГП-136928 | T39: 378.2
A40: Цилиндры навивные | B40: Цилиндр навивной RWL 100 | C40: 1000 | D40: 30 | E40: 28 | F40: ГП-137052 | G40: Цилиндр навивной RWL 100 D 28 T 30 | H40: пач. | I40: * | K40: 10 | L40: =K40 -> 10 | M40: A | N40: =IF(M40="A",1,IF(M40="B", ROUNDUP(10/L40,0),ROUNDUP(40/L40,0))) -> 1 | O40: =N40*L40 -> 10 | P40: =ROUND(T40*(1-$Q$12),2) -> 381.5 | Q40: =ROUND(P40*1.22,2) -> 465.43 | R40: Process | S40: =TEXT(F40,0) -> ГП-137052 | T40: 381.5
A41: Цилиндры навивные | B41: Цилиндр навивной RWL 100 | C41: 1000 | D41: 30 | E41: 32 | F41: ГП-135137 | G41: Цилиндр навивной RWL 100 D 32 T 30 | H41: пач. | I41: * | K41: 10 | L41: =K41 -> 10 | M41: A | N41: =IF(M41="A",1,IF(M41="B", ROUNDUP(10/L41,0),ROUNDUP(40/L41,0))) -> 1 | O41: =N41*L41 -> 10 | P41: =ROUND(T41*(1-$Q$12),2) -> 400 | Q41: =ROUND(P41*1.22,2) -> 488 | R41: Process | S41: =TEXT(F41,0) -> ГП-135137 | T41: 400
A42: Цилиндры навивные | B42: Цилиндр навивной RWL 100 | C42: 1000 | D42: 30 | E42: 35 | F42: ГП-135141 | G42: Цилиндр навивной RWL 100 D 35 T 30 | H42: пач. | I42: * | J42: * | K42: 10 | L42: =K42 -> 10 | M42: A | N42: =IF(M42="A",1,IF(M42="B", ROUNDUP(10/L42,0),ROUNDUP(40/L42,0))) -> 1 | O42: =N42*L42 -> 10 | P42: =ROUND(T42*(1-$Q$12),2) -> 424.8 | Q42: =ROUND(P42*1.22,2) -> 518.26 | R42: Process | S42: =TEXT(F42,0) -> ГП-135141 | T42: 424.8
A43: Цилиндры навивные | B43: Цилиндр навивной RWL 100 | C43: 1000 | D43: 30 | E43: 38 | F43: ГП-135145 | G43: Цилиндр навивной RWL 100 D 38 T 30 | H43: пач. | I43: * | K43: 9 | L43: =K43 -> 9 | M43: B | N43: =IF(M43="A",1,IF(M43="B", ROUNDUP(10/L43,0),ROUNDUP(40/L43,0))) -> 2 | O43: =N43*L43 -> 18 | P43: =ROUND(T43*(1-$Q$12),2) -> 446.9 | Q43: =ROUND(P43*1.22,2) -> 545.22 | R43: Process | S43: =TEXT(F43,0) -> ГП-135145 | T43: 446.9
A44: Цилиндры навивные | B44: Цилиндр навивной RWL 100 | C44: 1000 | D44: 30 | E44: 42 | F44: ГП-135149 | G44: Цилиндр навивной RWL 100 D 42 T 30 | H44: пач. | I44: * | J44: * | K44: 9 | L44: =K44 -> 9 | M44: A | N44: =IF(M44="A",1,IF(M44="B", ROUNDUP(10/L44,0),ROUNDUP(40/L44,0))) -> 1 | O44: =N44*L44 -> 9 | P44: =ROUND(T44*(1-$Q$12),2) -> 448.5 | Q44: =ROUND(P44*1.22,2) -> 547.17 | R44: Process | S44: =TEXT(F44,0) -> ГП-135149 | T44: 448.5
A45: Цилиндры навивные | B45: Цилиндр навивной RWL 100 | C45: 1000 | D45: 30 | E45: 45 | F45: ГП-135152 | G45: Цилиндр навивной RWL 100 D 45 T 30 | H45: пач. | I45: * | J45: * | K45: 9 | L45: =K45 -> 9 | M45: A | N45: =IF(M45="A",1,IF(M45="B", ROUNDUP(10/L45,0),ROUNDUP(40/L45,0))) -> 1 | O45: =N45*L45 -> 9 | P45: =ROUND(T45*(1-$Q$12),2) -> 458.3 | Q45: =ROUND(P45*1.22,2) -> 559.13 | R45: Process | S45: =TEXT(F45,0) -> ГП-135152 | T45: 458.3
A46: Цилиндры навивные | B46: Цилиндр навивной RWL 100 | C46: 1000 | D46: 30 | E46: 48 | F46: ГП-158140 | G46: Цилиндр навивной RWL 100 D 48 T 30 | H46: пач. | I46: * | J46: * | K46: 9 | L46: =K46 -> 9 | M46: A | N46: =IF(M46="A",1,IF(M46="B", ROUNDUP(10/L46,0),ROUNDUP(40/L46,0))) -> 1 | O46: =N46*L46 -> 9 | P46: =ROUND(T46*(1-$Q$12),2) -> 462.2 | Q46: =ROUND(P46*1.22,2) -> 563.88 | R46: Process | S46: =TEXT(F46,0) -> ГП-158140 | T46: 462.2
A47: Цилиндры навивные | B47: Цилиндр навивной RWL 100 | C47: 1000 | D47: 30 | E47: 54 | F47: ГП-135157 | G47: Цилиндр навивной RWL 100 D 54 T 30 | H47: пач. | I47: * | K47: 8 | L47: =K47 -> 8 | M47: C | N47: =IF(M47="A",1,IF(M47="B", ROUNDUP(10/L47,0),ROUNDUP(40/L47,0))) -> 5 | O47: =N47*L47 -> 40 | P47: =ROUND(T47*(1-$Q$12),2) -> 467.9 | Q47: =ROUND(P47*1.22,2) -> 570.84 | R47: Process | S47: =TEXT(F47,0) -> ГП-135157 | T47: 467.9
A48: Цилиндры навивные | B48: Цилиндр навивной RWL 100 | C48: 1000 | D48: 30 | E48: 57 | F48: ГП-135159 | G48: Цилиндр навивной RWL 100 D 57 T 30 | H48: пач. | I48: * | J48: * | K48: 8 | L48: =K48 -> 8 | M48: A | N48: =IF(M48="A",1,IF(M48="B", ROUNDUP(10/L48,0),ROUNDUP(40/L48,0))) -> 1 | O48: =N48*L48 -> 8 | P48: =ROUND(T48*(1-$Q$12),2) -> 477.6 | Q48: =ROUND(P48*1.22,2) -> 582.67 | R48: Process | S48: =TEXT(F48,0) -> ГП-135159 | T48: 477.6
A49: Цилиндры навивные | B49: Цилиндр навивной RWL 100 | C49: 1000 | D49: 30 | E49: 60 | F49: ГП-135165 | G49: Цилиндр навивной RWL 100 D 60 T 30 | H49: пач. | I49: * | J49: * | K49: 8 | L49: =K49 -> 8 | M49: B | N49: =IF(M49="A",1,IF(M49="B", ROUNDUP(10/L49,0),ROUNDUP(40/L49,0))) -> 2 | O49: =N49*L49 -> 16 | P49: =ROUND(T49*(1-$Q$12),2) -> 479.6 | Q49: =ROUND(P49*1.22,2) -> 585.11 | R49: Process | S49: =TEXT(F49,0) -> ГП-135165 | T49: 479.6
A50: Цилиндры навивные | B50: Цилиндр навивной RWL 100 | C50: 1000 | D50: 30 | E50: 64 | F50: ГП-135170 | G50: Цилиндр навивной RWL 100 D 64 T 30 | H50: пач. | I50: * | J50: * | K50: 7 | L50: =K50 -> 7 | M50: C | N50: =IF(M50="A",1,IF(M50="B", ROUNDUP(10/L50,0),ROUNDUP(40/L50,0))) -> 6 | O50: =N50*L50 -> 42 | P50: =ROUND(T50*(1-$Q$12),2) -> 503.8 | Q50: =ROUND(P50*1.22,2) -> 614.64 | R50: Process | S50: =TEXT(F50,0) -> ГП-135170 | T50: 503.8
A51: Цилиндры навивные | B51: Цилиндр навивной RWL 100 | C51: 1000 | D51: 30 | E51: 70 | F51: ГП-134712 | G51: Цилиндр навивной RWL 100 D 70 T 30 | H51: пач. | J51: * | K51: 7 | L51: =K51 -> 7 | M51: C | N51: =IF(M51="A",1,IF(M51="B", ROUNDUP(10/L51,0),ROUNDUP(40/L51,0))) -> 6 | O51: =N51*L51 -> 42 | P51: =ROUND(T51*(1-$Q$12),2) -> 534.2 | Q51: =ROUND(P51*1.22,2) -> 651.72 | R51: Process | S51: =TEXT(F51,0) -> ГП-134712 | T51: 534.2
A52: Цилиндры навивные | B52: Цилиндр навивной RWL 100 | C52: 1000 | D52: 30 | E52: 76 | F52: ГП-135177 | G52: Цилиндр навивной RWL 100 D 76 T 30 | H52: пач. | I52: * | J52: * | K52: 6 | L52: =K52 -> 6 | M52: A | N52: =IF(M52="A",1,IF(M52="B", ROUNDUP(10/L52,0),ROUNDUP(40/L52,0))) -> 1 | O52: =N52*L52 -> 6 | P52: =ROUND(T52*(1-$Q$12),2) -> 546.6 | Q52: =ROUND(P52*1.22,2) -> 666.85 | R52: Process | S52: =TEXT(F52,0) -> ГП-135177 | T52: 546.6
A53: Цилиндры навивные | B53: Цилиндр навивной RWL 100 | C53: 1000 | D53: 30 | E53: 83 | F53: ГП-134727 | G53: Цилиндр навивной RWL 100 D 83 T 30 | H53: пач. | J53: * | K53: 6 | L53: =K53 -> 6 | M53: C | N53: =IF(M53="A",1,IF(M53="B", ROUNDUP(10/L53,0),ROUNDUP(40/L53,0))) -> 7 | O53: =N53*L53 -> 42 | P53: =ROUND(T53*(1-$Q$12),2) -> 582.2 | Q53: =ROUND(P53*1.22,2) -> 710.28 | R53: Process | S53: =TEXT(F53,0) -> ГП-134727 | T53: 582.2
A54: Цилиндры навивные | B54: Цилиндр навивной RWL 100 | C54: 1000 | D54: 30 | E54: 89 | F54: ГП-135183 | G54: Цилиндр навивной RWL 100 D 89 T 30 | H54: пач. | I54: * | J54: * | K54: 6 | L54: =K54 -> 6 | M54: A | N54: =IF(M54="A",1,IF(M54="B", ROUNDUP(10/L54,0),ROUNDUP(40/L54,0))) -> 1 | O54: =N54*L54 -> 6 | P54: =ROUND(T54*(1-$Q$12),2) -> 631.7 | Q54: =ROUND(P54*1.22,2) -> 770.67 | R54: Process | S54: =TEXT(F54,0) -> ГП-135183 | T54: 631.7
A55: Цилиндры навивные | B55: Цилиндр навивной RWL 100 | C55: 1000 | D55: 30 | E55: 102 | F55: ГП-256980 | G55: Цилиндр навивной RWL 100 D 102 T 30 | H55: пач. | J55: * | K55: 5 | L55: =K55 -> 5 | M55: C | N55: =IF(M55="A",1,IF(M55="B", ROUNDUP(10/L55,0),ROUNDUP(40/L55,0))) -> 8 | O55: =N55*L55 -> 40 | P55: =ROUND(T55*(1-$Q$12),2) -> 756.7 | Q55: =ROUND(P55*1.22,2) -> 923.17 | R55: Process | S55: =TEXT(F55,0) -> ГП-256980 | T55: 756.7
A56: Цилиндры навивные | B56: Цилиндр навивной RWL 100 | C56: 1000 | D56: 30 | E56: 108 | F56: ГП-135189 | G56: Цилиндр навивной RWL 100 D 108 T 30 | H56: пач. | I56: * | J56: * | K56: 5 | L56: =K56 -> 5 | M56: B | N56: =IF(M56="A",1,IF(M56="B", ROUNDUP(10/L56,0),ROUNDUP(40/L56,0))) -> 2 | O56: =N56*L56 -> 10 | P56: =ROUND(T56*(1-$Q$12),2) -> 876.5 | Q56: =ROUND(P56*1.22,2) -> 1069.33 | R56: Process | S56: =TEXT(F56,0) -> ГП-135189 | T56: 876.5
A57: Цилиндры навивные | B57: Цилиндр навивной RWL 100 | C57: 1000 | D57: 30 | E57: 114 | F57: ГП-135195 | G57: Цилиндр навивной RWL 100 D 114 T 30 | H57: пач. | I57: * | J57: * | K57: 5 | L57: =K57 -> 5 | M57: B | N57: =IF(M57="A",1,IF(M57="B", ROUNDUP(10/L57,0),ROUNDUP(40/L57,0))) -> 2 | O57: =N57*L57 -> 10 | P57: =ROUND(T57*(1-$Q$12),2) -> 905 | Q57: =ROUND(P57*1.22,2) -> 1104.1 | R57: Process | S57: =TEXT(F57,0) -> ГП-135195 | T57: 905
A58: Цилиндры навивные | B58: Цилиндр навивной RWL 100 | C58: 1000 | D58: 30 | E58: 133 | F58: ГП-135201 | G58: Цилиндр навивной RWL 100 D 133 T 30 | H58: пач. | I58: * | J58: * | K58: 4 | L58: =K58 -> 4 | M58: B | N58: =IF(M58="A",1,IF(M58="B", ROUNDUP(10/L58,0),ROUNDUP(40/L58,0))) -> 3 | O58: =N58*L58 -> 12 | P58: =ROUND(T58*(1-$Q$12),2) -> 924.4 | Q58: =ROUND(P58*1.22,2) -> 1127.77 | R58: Process | S58: =TEXT(F58,0) -> ГП-135201 | T58: 924.4
A59: Цилиндры навивные | B59: Цилиндр навивной RWL 100 | C59: 1000 | D59: 30 | E59: 159 | F59: ГП-135207 | G59: Цилиндр навивной RWL 100 D 159 T 30 | H59: пач. | I59: * | J59: * | K59: 4 | L59: =K59 -> 4 | M59: B | N59: =IF(M59="A",1,IF(M59="B", ROUNDUP(10/L59,0),ROUNDUP(40/L59,0))) -> 3 | O59: =N59*L59 -> 12 | P59: =ROUND(T59*(1-$Q$12),2) -> 1037.7 | Q59: =ROUND(P59*1.22,2) -> 1265.99 | R59: Process | S59: =TEXT(F59,0) -> ГП-135207 | T59: 1037.7
A60: Цилиндры навивные | B60: Цилиндр навивной RWL 100 | C60: 1000 | D60: 30 | E60: 169 | F60: ГП-135213 | G60: Цилиндр навивной RWL 100 D 169 T 30 | H60: пач. | I60: * | K60: 4 | L60: =K60 -> 4 | M60: C | N60: =IF(M60="A",1,IF(M60="B", ROUNDUP(10/L60,0),ROUNDUP(40/L60,0))) -> 10 | O60: =N60*L60 -> 40 | P60: =ROUND(T60*(1-$Q$12),2) -> 1087.2 | Q60: =ROUND(P60*1.22,2) -> 1326.38 | R60: Process | S60: =TEXT(F60,0) -> ГП-135213 | T60: 1087.2
A61: Цилиндры навивные | B61: Цилиндр навивной RWL 100 | C61: 1000 | D61: 30 | E61: 194 | F61: ГП-134792 | G61: Цилиндр навивной RWL 100 D 194 T 30 | H61: пач. | J61: * | K61: 3 | L61: =K61 -> 3 | M61: C | N61: =IF(M61="A",1,IF(M61="B", ROUNDUP(10/L61,0),ROUNDUP(40/L61,0))) -> 14 | O61: =N61*L61 -> 42 | P61: =ROUND(T61*(1-$Q$12),2) -> 1213.9 | Q61: =ROUND(P61*1.22,2) -> 1480.96 | R61: Process | S61: =TEXT(F61,0) -> ГП-134792 | T61: 1213.9
A62: Цилиндры навивные | B62: Цилиндр навивной RWL 100 | C62: 1000 | D62: 30 | E62: 205 | F62: ГП-134800 | G62: Цилиндр навивной RWL 100 D 205 T 30 | H62: пач. | J62: * | K62: 3 | L62: =K62 -> 3 | M62: C | N62: =IF(M62="A",1,IF(M62="B", ROUNDUP(10/L62,0),ROUNDUP(40/L62,0))) -> 14 | O62: =N62*L62 -> 42 | P62: =ROUND(T62*(1-$Q$12),2) -> 1376 | Q62: =ROUND(P62*1.22,2) -> 1678.72 | R62: Process | S62: =TEXT(F62,0) -> ГП-134800 | T62: 1376
A63: Цилиндры навивные | B63: Цилиндр навивной RWL 100 | C63: 1000 | D63: 30 | E63: 219 | F63: ГП-135219 | G63: Цилиндр навивной RWL 100 D 219 T 30 | H63: пач. | I63: * | K63: 3 | L63: =K63 -> 3 | M63: B | N63: =IF(M63="A",1,IF(M63="B", ROUNDUP(10/L63,0),ROUNDUP(40/L63,0))) -> 4 | O63: =N63*L63 -> 12 | P63: =ROUND(T63*(1-$Q$12),2) -> 1381.7 | Q63: =ROUND(P63*1.22,2) -> 1685.67 | R63: Process | S63: =TEXT(F63,0) -> ГП-135219 | T63: 1381.7
A64: Цилиндры навивные | B64: Цилиндр навивной RWL 100 | C64: 1000 | D64: 30 | E64: 273 | F64: ГП-135223 | G64: Цилиндр навивной RWL 100 D 273 T 30 | H64: пач. | I64: * | K64: 2 | L64: =K64 -> 2 | M64: B | N64: =IF(M64="A",1,IF(M64="B", ROUNDUP(10/L64,0),ROUNDUP(40/L64,0))) -> 5 | O64: =N64*L64 -> 10 | P64: =ROUND(T64*(1-$Q$12),2) -> 1901.1 | Q64: =ROUND(P64*1.22,2) -> 2319.34 | R64: Process | S64: =TEXT(F64,0) -> ГП-135223 | T64: 1901.1
A65: Цилиндры навивные | B65: Цилиндр навивной RWL 100 | C65: 1000 | D65: 40 | E65: 18 | F65: ГП-135126 | G65: Цилиндр навивной RWL 100 D 18 T 40 | H65: пач. | I65: * | K65: 9 | L65: =K65 -> 9 | M65: C | N65: =IF(M65="A",1,IF(M65="B", ROUNDUP(10/L65,0),ROUNDUP(40/L65,0))) -> 5 | O65: =N65*L65 -> 45 | P65: =ROUND(T65*(1-$Q$12),2) -> 462.2 | Q65: =ROUND(P65*1.22,2) -> 563.88 | R65: Process | S65: =TEXT(F65,0) -> ГП-135126 | T65: 462.2
A66: Цилиндры навивные | B66: Цилиндр навивной RWL 100 | C66: 1000 | D66: 40 | E66: 21 | F66: ГП-135129 | G66: Цилиндр навивной RWL 100 D 21 T 40 | H66: пач. | I66: * | J66: * | K66: 9 | L66: =K66 -> 9 | M66: B | N66: =IF(M66="A",1,IF(M66="B", ROUNDUP(10/L66,0),ROUNDUP(40/L66,0))) -> 2 | O66: =N66*L66 -> 18 | P66: =ROUND(T66*(1-$Q$12),2) -> 479.6 | Q66: =ROUND(P66*1.22,2) -> 585.11 | R66: Process | S66: =TEXT(F66,0) -> ГП-135129 | T66: 479.6
A67: Цилиндры навивные | B67: Цилиндр навивной RWL 100 | C67: 1000 | D67: 40 | E67: 25 | F67: ГП-135132 | G67: Цилиндр навивной RWL 100 D 25 T 40 | H67: пач. | I67: * | K67: 9 | L67: =K67 -> 9 | M67: B | N67: =IF(M67="A",1,IF(M67="B", ROUNDUP(10/L67,0),ROUNDUP(40/L67,0))) -> 2 | O67: =N67*L67 -> 18 | P67: =ROUND(T67*(1-$Q$12),2) -> 552.4 | Q67: =ROUND(P67*1.22,2) -> 673.93 | R67: Process | S67: =TEXT(F67,0) -> ГП-135132 | T67: 552.4
A68: Цилиндры навивные | B68: Цилиндр навивной RWL 100 | C68: 1000 | D68: 40 | E68: 28 | F68: ГП-158138 | G68: Цилиндр навивной RWL 100 D 28 T 40 | H68: пач. | I68: * | K68: 9 | L68: =K68 -> 9 | M68: B | N68: =IF(M68="A",1,IF(M68="B", ROUNDUP(10/L68,0),ROUNDUP(40/L68,0))) -> 2 | O68: =N68*L68 -> 18 | P68: =ROUND(T68*(1-$Q$12),2) -> 570.5 | Q68: =ROUND(P68*1.22,2) -> 696.01 | R68: Process | S68: =TEXT(F68,0) -> ГП-158138 | T68: 570.5
A69: Цилиндры навивные | B69: Цилиндр навивной RWL 100 | C69: 1000 | D69: 40 | E69: 32 | F69: ГП-135138 | G69: Цилиндр навивной RWL 100 D 32 T 40 | H69: пач. | I69: * | K69: 8 | L69: =K69 -> 8 | M69: B | N69: =IF(M69="A",1,IF(M69="B", ROUNDUP(10/L69,0),ROUNDUP(40/L69,0))) -> 2 | O69: =N69*L69 -> 16 | P69: =ROUND(T69*(1-$Q$12),2) -> 600.6 | Q69: =ROUND(P69*1.22,2) -> 732.73 | R69: Process | S69: =TEXT(F69,0) -> ГП-135138 | T69: 600.6
A70: Цилиндры навивные | B70: Цилиндр навивной RWL 100 | C70: 1000 | D70: 40 | E70: 35 | F70: ГП-135142 | G70: Цилиндр навивной RWL 100 D 35 T 40 | H70: пач. | I70: * | J70: * | K70: 8 | L70: =K70 -> 8 | M70: B | N70: =IF(M70="A",1,IF(M70="B", ROUNDUP(10/L70,0),ROUNDUP(40/L70,0))) -> 2 | O70: =N70*L70 -> 16 | P70: =ROUND(T70*(1-$Q$12),2) -> 603.2 | Q70: =ROUND(P70*1.22,2) -> 735.9 | R70: Process | S70: =TEXT(F70,0) -> ГП-135142 | T70: 603.2
A71: Цилиндры навивные | B71: Цилиндр навивной RWL 100 | C71: 1000 | D71: 40 | E71: 38 | F71: ГП-135146 | G71: Цилиндр навивной RWL 100 D 38 T 40 | H71: пач. | I71: * | K71: 8 | L71: =K71 -> 8 | M71: C | N71: =IF(M71="A",1,IF(M71="B", ROUNDUP(10/L71,0),ROUNDUP(40/L71,0))) -> 5 | O71: =N71*L71 -> 40 | P71: =ROUND(T71*(1-$Q$12),2) -> 611.6 | Q71: =ROUND(P71*1.22,2) -> 746.15 | R71: Process | S71: =TEXT(F71,0) -> ГП-135146 | T71: 611.6
A72: Цилиндры навивные | B72: Цилиндр навивной RWL 100 | C72: 1000 | D72: 40 | E72: 42 | F72: ГП-135150 | G72: Цилиндр навивной RWL 100 D 42 T 40 | H72: пач. | I72: * | J72: * | K72: 7 | L72: =K72 -> 7 | M72: B | N72: =IF(M72="A",1,IF(M72="B", ROUNDUP(10/L72,0),ROUNDUP(40/L72,0))) -> 2 | O72: =N72*L72 -> 14 | P72: =ROUND(T72*(1-$Q$12),2) -> 617.7 | Q72: =ROUND(P72*1.22,2) -> 753.59 | R72: Process | S72: =TEXT(F72,0) -> ГП-135150 | T72: 617.7
A73: Цилиндры навивные | B73: Цилиндр навивной RWL 100 | C73: 1000 | D73: 40 | E73: 45 | F73: ГП-135153 | G73: Цилиндр навивной RWL 100 D 45 T 40 | H73: пач. | I73: * | J73: * | K73: 7 | L73: =K73 -> 7 | M73: C | N73: =IF(M73="A",1,IF(M73="B", ROUNDUP(10/L73,0),ROUNDUP(40/L73,0))) -> 6 | O73: =N73*L73 -> 42 | P73: =ROUND(T73*(1-$Q$12),2) -> 630 | Q73: =ROUND(P73*1.22,2) -> 768.6 | R73: Process | S73: =TEXT(F73,0) -> ГП-135153 | T73: 630
A74: Цилиндры навивные | B74: Цилиндр навивной RWL 100 | C74: 1000 | D74: 40 | E74: 48 | F74: ГП-135155 | G74: Цилиндр навивной RWL 100 D 48 T 40 | H74: пач. | I74: * | J74: * | K74: 7 | L74: =K74 -> 7 | M74: B | N74: =IF(M74="A",1,IF(M74="B", ROUNDUP(10/L74,0),ROUNDUP(40/L74,0))) -> 2 | O74: =N74*L74 -> 14 | P74: =ROUND(T74*(1-$Q$12),2) -> 643.4 | Q74: =ROUND(P74*1.22,2) -> 784.95 | R74: Process | S74: =TEXT(F74,0) -> ГП-135155 | T74: 643.4
A75: Цилиндры навивные | B75: Цилиндр навивной RWL 100 | C75: 1000 | D75: 40 | E75: 54 | F75: ГП-165825 | G75: Цилиндр навивной RWL 100 D 54 T 40 | H75: пач. | I75: * | K75: 7 | L75: =K75 -> 7 | M75: C | N75: =IF(M75="A",1,IF(M75="B", ROUNDUP(10/L75,0),ROUNDUP(40/L75,0))) -> 6 | O75: =N75*L75 -> 42 | P75: =ROUND(T75*(1-$Q$12),2) -> 660.9 | Q75: =ROUND(P75*1.22,2) -> 806.3 | R75: Process | S75: =TEXT(F75,0) -> ГП-165825 | T75: 660.9
A76: Цилиндры навивные | B76: Цилиндр навивной RWL 100 | C76: 1000 | D76: 40 | E76: 57 | F76: ГП-135160 | G76: Цилиндр навивной RWL 100 D 57 T 40 | H76: пач. | I76: * | J76: * | K76: 7 | L76: =K76 -> 7 | M76: A | N76: =IF(M76="A",1,IF(M76="B", ROUNDUP(10/L76,0),ROUNDUP(40/L76,0))) -> 1 | O76: =N76*L76 -> 7 | P76: =ROUND(T76*(1-$Q$12),2) -> 689.7 | Q76: =ROUND(P76*1.22,2) -> 841.43 | R76: Process | S76: =TEXT(F76,0) -> ГП-135160 | T76: 689.7
A77: Цилиндры навивные | B77: Цилиндр навивной RWL 100 | C77: 1000 | D77: 40 | E77: 60 | F77: ГП-135166 | G77: Цилиндр навивной RWL 100 D 60 T 40 | H77: пач. | I77: * | J77: * | K77: 7 | L77: =K77 -> 7 | M77: C | N77: =IF(M77="A",1,IF(M77="B", ROUNDUP(10/L77,0),ROUNDUP(40/L77,0))) -> 6 | O77: =N77*L77 -> 42 | P77: =ROUND(T77*(1-$Q$12),2) -> 712.4 | Q77: =ROUND(P77*1.22,2) -> 869.13 | R77: Process | S77: =TEXT(F77,0) -> ГП-135166 | T77: 712.4
A78: Цилиндры навивные | B78: Цилиндр навивной RWL 100 | C78: 1000 | D78: 40 | E78: 64 | F78: ГП-135171 | G78: Цилиндр навивной RWL 100 D 64 T 40 | H78: пач. | I78: * | J78: * | K78: 7 | L78: =K78 -> 7 | M78: C | N78: =IF(M78="A",1,IF(M78="B", ROUNDUP(10/L78,0),ROUNDUP(40/L78,0))) -> 6 | O78: =N78*L78 -> 42 | P78: =ROUND(T78*(1-$Q$12),2) -> 738.6 | Q78: =ROUND(P78*1.22,2) -> 901.09 | R78: Process | S78: =TEXT(F78,0) -> ГП-135171 | T78: 738.6
A79: Цилиндры навивные | B79: Цилиндр навивной RWL 100 | C79: 1000 | D79: 40 | E79: 70 | F79: ГП-135172 | G79: Цилиндр навивной RWL 100 D 70 T 40 | H79: пач. | I79: * | J79: * | K79: 6 | L79: =K79 -> 6 | M79: C | N79: =IF(M79="A",1,IF(M79="B", ROUNDUP(10/L79,0),ROUNDUP(40/L79,0))) -> 7 | O79: =N79*L79 -> 42 | P79: =ROUND(T79*(1-$Q$12),2) -> 832.3 | Q79: =ROUND(P79*1.22,2) -> 1015.41 | R79: Process | S79: =TEXT(F79,0) -> ГП-135172 | T79: 832.3
A80: Цилиндры навивные | B80: Цилиндр навивной RWL 100 | C80: 1000 | D80: 40 | E80: 76 | F80: ГП-135178 | G80: Цилиндр навивной RWL 100 D 76 T 40 | H80: пач. | I80: * | J80: * | K80: 6 | L80: =K80 -> 6 | M80: B | N80: =IF(M80="A",1,IF(M80="B", ROUNDUP(10/L80,0),ROUNDUP(40/L80,0))) -> 2 | O80: =N80*L80 -> 12 | P80: =ROUND(T80*(1-$Q$12),2) -> 844.7 | Q80: =ROUND(P80*1.22,2) -> 1030.53 | R80: Process | S80: =TEXT(F80,0) -> ГП-135178 | T80: 844.7
A81: Цилиндры навивные | B81: Цилиндр навивной RWL 100 | C81: 1000 | D81: 40 | E81: 83 | F81: ГП-134728 | G81: Цилиндр навивной RWL 100 D 83 T 40 | H81: пач. | J81: * | K81: 5 | L81: =K81 -> 5 | M81: C | N81: =IF(M81="A",1,IF(M81="B", ROUNDUP(10/L81,0),ROUNDUP(40/L81,0))) -> 8 | O81: =N81*L81 -> 40 | P81: =ROUND(T81*(1-$Q$12),2) -> 871.9 | Q81: =ROUND(P81*1.22,2) -> 1063.72 | R81: Process | S81: =TEXT(F81,0) -> ГП-134728 | T81: 871.9
A82: Цилиндры навивные | B82: Цилиндр навивной RWL 100 | C82: 1000 | D82: 40 | E82: 89 | F82: ГП-135184 | G82: Цилиндр навивной RWL 100 D 89 T 40 | H82: пач. | I82: * | J82: * | K82: 5 | L82: =K82 -> 5 | M82: A | N82: =IF(M82="A",1,IF(M82="B", ROUNDUP(10/L82,0),ROUNDUP(40/L82,0))) -> 1 | O82: =N82*L82 -> 5 | P82: =ROUND(T82*(1-$Q$12),2) -> 918.4 | Q82: =ROUND(P82*1.22,2) -> 1120.45 | R82: Process | S82: =TEXT(F82,0) -> ГП-135184 | T82: 918.4
A83: Цилиндры навивные | B83: Цилиндр навивной RWL 100 | C83: 1000 | D83: 40 | E83: 102 | F83: ГП-134744 | G83: Цилиндр навивной RWL 100 D 102 T 40 | H83: пач. | J83: * | K83: 5 | L83: =K83 -> 5 | M83: C | N83: =IF(M83="A",1,IF(M83="B", ROUNDUP(10/L83,0),ROUNDUP(40/L83,0))) -> 8 | O83: =N83*L83 -> 40 | P83: =ROUND(T83*(1-$Q$12),2) -> 945.6 | Q83: =ROUND(P83*1.22,2) -> 1153.63 | R83: Process | S83: =TEXT(F83,0) -> ГП-134744 | T83: 945.6
A84: Цилиндры навивные | B84: Цилиндр навивной RWL 100 | C84: 1000 | D84: 40 | E84: 108 | F84: ГП-135190 | G84: Цилиндр навивной RWL 100 D 108 T 40 | H84: пач. | I84: * | J84: * | K84: 5 | L84: =K84 -> 5 | M84: B | N84: =IF(M84="A",1,IF(M84="B", ROUNDUP(10/L84,0),ROUNDUP(40/L84,0))) -> 2 | O84: =N84*L84 -> 10 | P84: =ROUND(T84*(1-$Q$12),2) -> 961 | Q84: =ROUND(P84*1.22,2) -> 1172.42 | R84: Process | S84: =TEXT(F84,0) -> ГП-135190 | T84: 961
A85: Цилиндры навивные | B85: Цилиндр навивной RWL 100 | C85: 1000 | D85: 40 | E85: 114 | F85: ГП-135196 | G85: Цилиндр навивной RWL 100 D 114 T 40 | H85: пач. | I85: * | J85: * | K85: 4 | L85: =K85 -> 4 | M85: C | N85: =IF(M85="A",1,IF(M85="B", ROUNDUP(10/L85,0),ROUNDUP(40/L85,0))) -> 10 | O85: =N85*L85 -> 40 | P85: =ROUND(T85*(1-$Q$12),2) -> 995.1 | Q85: =ROUND(P85*1.22,2) -> 1214.02 | R85: Process | S85: =TEXT(F85,0) -> ГП-135196 | T85: 995.1
A86: Цилиндры навивные | B86: Цилиндр навивной RWL 100 | C86: 1000 | D86: 40 | E86: 133 | F86: ГП-135202 | G86: Цилиндр навивной RWL 100 D 133 T 40 | H86: пач. | I86: * | J86: * | K86: 4 | L86: =K86 -> 4 | M86: B | N86: =IF(M86="A",1,IF(M86="B", ROUNDUP(10/L86,0),ROUNDUP(40/L86,0))) -> 3 | O86: =N86*L86 -> 12 | P86: =ROUND(T86*(1-$Q$12),2) -> 1078.8 | Q86: =ROUND(P86*1.22,2) -> 1316.14 | R86: Process | S86: =TEXT(F86,0) -> ГП-135202 | T86: 1078.8
A87: Цилиндры навивные | B87: Цилиндр навивной RWL 100 | C87: 1000 | D87: 40 | E87: 140 | F87: ГП-134771 | G87: Цилиндр навивной RWL 100 D 140 T 40 | H87: пач. | J87: * | K87: 4 | L87: =K87 -> 4 | M87: C | N87: =IF(M87="A",1,IF(M87="B", ROUNDUP(10/L87,0),ROUNDUP(40/L87,0))) -> 10 | O87: =N87*L87 -> 40 | P87: =ROUND(T87*(1-$Q$12),2) -> 1119.8 | Q87: =ROUND(P87*1.22,2) -> 1366.16 | R87: Process | S87: =TEXT(F87,0) -> ГП-134771 | T87: 1119.8
A88: Цилиндры навивные | B88: Цилиндр навивной RWL 100 | C88: 1000 | D88: 40 | E88: 159 | F88: ГП-135208 | G88: Цилиндр навивной RWL 100 D 159 T 40 | H88: пач. | I88: * | J88: * | K88: 3 | L88: =K88 -> 3 | M88: B | N88: =IF(M88="A",1,IF(M88="B", ROUNDUP(10/L88,0),ROUNDUP(40/L88,0))) -> 4 | O88: =N88*L88 -> 12 | P88: =ROUND(T88*(1-$Q$12),2) -> 1198.8 | Q88: =ROUND(P88*1.22,2) -> 1462.54 | R88: Process | S88: =TEXT(F88,0) -> ГП-135208 | T88: 1198.8
A89: Цилиндры навивные | B89: Цилиндр навивной RWL 100 | C89: 1000 | D89: 40 | E89: 169 | F89: ГП-135214 | G89: Цилиндр навивной RWL 100 D 169 T 40 | H89: пач. | I89: * | J89: * | K89: 3 | L89: =K89 -> 3 | M89: C | N89: =IF(M89="A",1,IF(M89="B", ROUNDUP(10/L89,0),ROUNDUP(40/L89,0))) -> 14 | O89: =N89*L89 -> 42 | P89: =ROUND(T89*(1-$Q$12),2) -> 1254.1 | Q89: =ROUND(P89*1.22,2) -> 1530 | R89: Process | S89: =TEXT(F89,0) -> ГП-135214 | T89: 1254.1
A90: Цилиндры навивные | B90: Цилиндр навивной RWL 100 | C90: 1000 | D90: 40 | E90: 194 | F90: ГП-134793 | G90: Цилиндр навивной RWL 100 D 194 T 40 | H90: пач. | J90: * | K90: 3 | L90: =K90 -> 3 | M90: C | N90: =IF(M90="A",1,IF(M90="B", ROUNDUP(10/L90,0),ROUNDUP(40/L90,0))) -> 14 | O90: =N90*L90 -> 42 | P90: =ROUND(T90*(1-$Q$12),2) -> 1362.6 | Q90: =ROUND(P90*1.22,2) -> 1662.37 | R90: Process | S90: =TEXT(F90,0) -> ГП-134793 | T90: 1362.6
A91: Цилиндры навивные | B91: Цилиндр навивной RWL 100 | C91: 1000 | D91: 40 | E91: 205 | F91: ГП-134801 | G91: Цилиндр навивной RWL 100 D 205 T 40 | H91: пач. | J91: * | K91: 3 | L91: =K91 -> 3 | M91: C | N91: =IF(M91="A",1,IF(M91="B", ROUNDUP(10/L91,0),ROUNDUP(40/L91,0))) -> 14 | O91: =N91*L91 -> 42 | P91: =ROUND(T91*(1-$Q$12),2) -> 1465.1 | Q91: =ROUND(P91*1.22,2) -> 1787.42 | R91: Process | S91: =TEXT(F91,0) -> ГП-134801 | T91: 1465.1
A92: Цилиндры навивные | B92: Цилиндр навивной RWL 100 | C92: 1000 | D92: 40 | E92: 219 | F92: ГП-135220 | G92: Цилиндр навивной RWL 100 D 219 T 40 | H92: пач. | I92: * | J92: * | K92: 3 | L92: =K92 -> 3 | M92: C | N92: =IF(M92="A",1,IF(M92="B", ROUNDUP(10/L92,0),ROUNDUP(40/L92,0))) -> 14 | O92: =N92*L92 -> 42 | P92: =ROUND(T92*(1-$Q$12),2) -> 1578.2 | Q92: =ROUND(P92*1.22,2) -> 1925.4 | R92: Process | S92: =TEXT(F92,0) -> ГП-135220 | T92: 1578.2
A93: Цилиндры навивные | B93: Цилиндр навивной RWL 100 | C93: 1000 | D93: 40 | E93: 245 | F93: ГП-134815 | G93: Цилиндр навивной RWL 100 D 245 T 40 | H93: пач. | J93: * | K93: 2 | L93: =K93 -> 2 | M93: C | N93: =IF(M93="A",1,IF(M93="B", ROUNDUP(10/L93,0),ROUNDUP(40/L93,0))) -> 20 | O93: =N93*L93 -> 40 | P93: =ROUND(T93*(1-$Q$12),2) -> 2189.5 | Q93: =ROUND(P93*1.22,2) -> 2671.19 | R93: Process | S93: =TEXT(F93,0) -> ГП-134815 | T93: 2189.5
A94: Цилиндры навивные | B94: Цилиндр навивной RWL 100 | C94: 1000 | D94: 40 | E94: 273 | F94: ГП-135224 | G94: Цилиндр навивной RWL 100 D 273 T 40 | H94: пач. | I94: * | K94: 2 | L94: =K94 -> 2 | M94: C | N94: =IF(M94="A",1,IF(M94="B", ROUNDUP(10/L94,0),ROUNDUP(40/L94,0))) -> 20 | O94: =N94*L94 -> 40 | P94: =ROUND(T94*(1-$Q$12),2) -> 2260.9 | Q94: =ROUND(P94*1.22,2) -> 2758.3 | R94: Process | S94: =TEXT(F94,0) -> ГП-135224 | T94: 2260.9
A95: Цилиндры навивные | B95: Цилиндр навивной RWL 100 | C95: 1000 | D95: 50 | E95: 18 | F95: ГП-135127 | G95: Цилиндр навивной RWL 100 D 18 T 50 | H95: пач. | I95: * | K95: 8 | L95: =K95 -> 8 | M95: C | N95: =IF(M95="A",1,IF(M95="B", ROUNDUP(10/L95,0),ROUNDUP(40/L95,0))) -> 5 | O95: =N95*L95 -> 40 | P95: =ROUND(T95*(1-$Q$12),2) -> 552.4 | Q95: =ROUND(P95*1.22,2) -> 673.93 | R95: Process | S95: =TEXT(F95,0) -> ГП-135127 | T95: 552.4
A96: Цилиндры навивные | B96: Цилиндр навивной RWL 100 | C96: 1000 | D96: 50 | E96: 21 | F96: ГП-135130 | G96: Цилиндр навивной RWL 100 D 21 T 50 | H96: пач. | I96: * | J96: * | K96: 7 | L96: =K96 -> 7 | M96: C | N96: =IF(M96="A",1,IF(M96="B", ROUNDUP(10/L96,0),ROUNDUP(40/L96,0))) -> 6 | O96: =N96*L96 -> 42 | P96: =ROUND(T96*(1-$Q$12),2) -> 566.7 | Q96: =ROUND(P96*1.22,2) -> 691.37 | R96: Process | S96: =TEXT(F96,0) -> ГП-135130 | T96: 566.7
A97: Цилиндры навивные | B97: Цилиндр навивной RWL 100 | C97: 1000 | D97: 50 | E97: 25 | F97: ГП-135133 | G97: Цилиндр навивной RWL 100 D 25 T 50 | H97: пач. | I97: * | K97: 7 | L97: =K97 -> 7 | M97: C | N97: =IF(M97="A",1,IF(M97="B", ROUNDUP(10/L97,0),ROUNDUP(40/L97,0))) -> 6 | O97: =N97*L97 -> 42 | P97: =ROUND(T97*(1-$Q$12),2) -> 643.4 | Q97: =ROUND(P97*1.22,2) -> 784.95 | R97: Process | S97: =TEXT(F97,0) -> ГП-135133 | T97: 643.4
A98: Цилиндры навивные | B98: Цилиндр навивной RWL 100 | C98: 1000 | D98: 50 | E98: 28 | F98: ГП-135135 | G98: Цилиндр навивной RWL 100 D 28 T 50 | H98: пач. | I98: * | J98: * | K98: 7 | L98: =K98 -> 7 | M98: B | N98: =IF(M98="A",1,IF(M98="B", ROUNDUP(10/L98,0),ROUNDUP(40/L98,0))) -> 2 | O98: =N98*L98 -> 14 | P98: =ROUND(T98*(1-$Q$12),2) -> 664.9 | Q98: =ROUND(P98*1.22,2) -> 811.18 | R98: Process | S98: =TEXT(F98,0) -> ГП-135135 | T98: 664.9
A99: Цилиндры навивные | B99: Цилиндр навивной RWL 100 | C99: 1000 | D99: 50 | E99: 32 | F99: ГП-135139 | G99: Цилиндр навивной RWL 100 D 32 T 50 | H99: пач. | I99: * | K99: 7 | L99: =K99 -> 7 | M99: B | N99: =IF(M99="A",1,IF(M99="B", ROUNDUP(10/L99,0),ROUNDUP(40/L99,0))) -> 2 | O99: =N99*L99 -> 14 | P99: =ROUND(T99*(1-$Q$12),2) -> 703.1 | Q99: =ROUND(P99*1.22,2) -> 857.78 | R99: Process | S99: =TEXT(F99,0) -> ГП-135139 | T99: 703.1
A100: Цилиндры навивные | B100: Цилиндр навивной RWL 100 | C100: 1000 | D100: 50 | E100: 35 | F100: ГП-135143 | G100: Цилиндр навивной RWL 100 D 35 T 50 | H100: пач. | I100: * | J100: * | K100: 7 | L100: =K100 -> 7 | M100: C | N100: =IF(M100="A",1,IF(M100="B", ROUNDUP(10/L100,0),ROUNDUP(40/L100,0))) -> 6 | O100: =N100*L100 -> 42 | P100: =ROUND(T100*(1-$Q$12),2) -> 740.2 | Q100: =ROUND(P100*1.22,2) -> 903.04 | R100: Process | S100: =TEXT(F100,0) -> ГП-135143 | T100: 740.2
A101: Цилиндры навивные | B101: Цилиндр навивной RWL 100 | C101: 1000 | D101: 50 | E101: 38 | F101: ГП-135147 | G101: Цилиндр навивной RWL 100 D 38 T 50 | H101: пач. | I101: * | K101: 7 | L101: =K101 -> 7 | M101: C | N101: =IF(M101="A",1,IF(M101="B", ROUNDUP(10/L101,0),ROUNDUP(40/L101,0))) -> 6 | O101: =N101*L101 -> 42 | P101: =ROUND(T101*(1-$Q$12),2) -> 829.3 | Q101: =ROUND(P101*1.22,2) -> 1011.75 | R101: Process | S101: =TEXT(F101,0) -> ГП-135147 | T101: 829.3
A102: Цилиндры навивные | B102: Цилиндр навивной RWL 100 | C102: 1000 | D102: 50 | E102: 42 | F102: ГП-135151 | G102: Цилиндр навивной RWL 100 D 42 T 50 | H102: пач. | I102: * | J102: * | K102: 7 | L102: =K102 -> 7 | M102: B | N102: =IF(M102="A",1,IF(M102="B", ROUNDUP(10/L102,0),ROUNDUP(40/L102,0))) -> 2 | O102: =N102*L102 -> 14 | P102: =ROUND(T102*(1-$Q$12),2) -> 865.8 | Q102: =ROUND(P102*1.22,2) -> 1056.28 | R102: Process | S102: =TEXT(F102,0) -> ГП-135151 | T102: 865.8
A103: Цилиндры навивные | B103: Цилиндр навивной RWL 100 | C103: 1000 | D103: 50 | E103: 45 | F103: ГП-135154 | G103: Цилиндр навивной RWL 100 D 45 T 50 | H103: пач. | I103: * | J103: * | K103: 7 | L103: =K103 -> 7 | M103: C | N103: =IF(M103="A",1,IF(M103="B", ROUNDUP(10/L103,0),ROUNDUP(40/L103,0))) -> 6 | O103: =N103*L103 -> 42 | P103: =ROUND(T103*(1-$Q$12),2) -> 876.5 | Q103: =ROUND(P103*1.22,2) -> 1069.33 | R103: Process | S103: =TEXT(F103,0) -> ГП-135154 | T103: 876.5
A104: Цилиндры навивные | B104: Цилиндр навивной RWL 100 | C104: 1000 | D104: 50 | E104: 48 | F104: ГП-135156 | G104: Цилиндр навивной RWL 100 D 48 T 50 | H104: пач. | I104: * | J104: * | K104: 6 | L104: =K104 -> 6 | M104: B | N104: =IF(M104="A",1,IF(M104="B", ROUNDUP(10/L104,0),ROUNDUP(40/L104,0))) -> 2 | O104: =N104*L104 -> 12 | P104: =ROUND(T104*(1-$Q$12),2) -> 879.5 | Q104: =ROUND(P104*1.22,2) -> 1072.99 | R104: Process | S104: =TEXT(F104,0) -> ГП-135156 | T104: 879.5
A105: Цилиндры навивные | B105: Цилиндр навивной RWL 100 | C105: 1000 | D105: 50 | E105: 54 | F105: ГП-135158 | G105: Цилиндр навивной RWL 100 D 54 T 50 | H105: пач. | I105: * | K105: 6 | L105: =K105 -> 6 | M105: C | N105: =IF(M105="A",1,IF(M105="B", ROUNDUP(10/L105,0),ROUNDUP(40/L105,0))) -> 7 | O105: =N105*L105 -> 42 | P105: =ROUND(T105*(1-$Q$12),2) -> 900.4 | Q105: =ROUND(P105*1.22,2) -> 1098.49 | R105: Process | S105: =TEXT(F105,0) -> ГП-135158 | T105: 900.4
...

Sheet Сопутствующая продукция
A1: ПРАЙС-ЛИСТ НА СОПУТСТВУЮЩУЮ ПРОДУКЦИЮ
A2: ООО "РОКВУЛ"
A4: ТЕХНИЧЕСКАЯ ИЗОЛЯЦИЯ: СОПУТСТВУЮЩАЯ ПРОДУКЦИЯ
A6: от 01 апреля 2026 года
A9: Важные примечания:
A10: 1. Ставка НДС применяется в соответствии с действующим законодательством.
A11: 2. Счет является действительным к оплате в течение 3-х банковских дней. | L11: СКИДКА
A12: 3. Отгрузка производится кратно упаковкам. | L12: 0
A13: 4. Сроки поставки уточняйте у сотрудника отдела по работе с клиентами.
F15: УПАКОВКА | H15: Расход | I15: Цена от 01.04.2026
A16: Сегмент | B16: Продукт | C16: RWL код | D16: Название | E16: Упаковка | F16: шт./уп. | G16: ЕИ | H16: ЕИ/м2 | I16: руб./ЕИ без НДС | J16: руб./ЕИ с НДС 22% | K16: руб./уп. без НДС | L16: руб./уп. с НДС 22% | M16: =C16 -> RWL код | N16: руб./ЕИ без НДС
A17: Сопутствующая продукция для ФТ БАРЬЕР / ФТ БАРЬЕР Д | B17: Анкер стальной | C17: ТП-00008966 | D17: Анкер ТМА-080 | E17: кор. | F17: 500 | G17: шт. | I17: =N17*(1-$L$12) -> 25.2 | J17: =ROUND(I17*1.22,2) -> 30.74 | K17: =I17*F17 -> 12600 | L17: =ROUND(K17*1.22,2) -> 15372 | M17: =TEXT(C17,0) -> ТП-00008966 | N17: 25.2
A18: Сопутствующая продукция для ФТ БАРЬЕР / ФТ БАРЬЕР Д | B18: Анкер стальной | C18: ТП-00008967 | D18: Анкер ТМА-110 | E18: кор. | F18: 500 | G18: шт. | I18: =N18*(1-$L$12) -> 28.5 | J18: =ROUND(I18*1.22,2) -> 34.77 | K18: =I18*F18 -> 14250 | L18: =ROUND(K18*1.22,2) -> 17385 | M18: =TEXT(C18,0) -> ТП-00008967 | N18: 28.5
A19: Сопутствующая продукция для ФТ БАРЬЕР / ФТ БАРЬЕР Д | B19: Анкер стальной | C19: ТП-00008968 | D19: Анкер ТМА-140 | E19: кор. | F19: 250 | G19: шт. | I19: =N19*(1-$L$12) -> 31.6 | J19: =ROUND(I19*1.22,2) -> 38.55 | K19: =I19*F19 -> 7900 | L19: =ROUND(K19*1.22,2) -> 9638 | M19: =TEXT(C19,0) -> ТП-00008968 | N19: 31.6
A20: Сопутствующая продукция для ФТ БАРЬЕР / ФТ БАРЬЕР Д | B20: Анкер стальной | C20: ТП-00008969 | D20: Анкер ТМА-170 | E20: кор. | F20: 250 | G20: шт. | I20: =N20*(1-$L$12) -> 34.3 | J20: =ROUND(I20*1.22,2) -> 41.85 | K20: =I20*F20 -> 8575 | L20: =ROUND(K20*1.22,2) -> 10461.5 | M20: =TEXT(C20,0) -> ТП-00008969 | N20: 34.3
A21: Сопутствующая продукция для ФТ БАРЬЕР / ФТ БАРЬЕР Д | B21: Анкер стальной | C21: ТП-00008970 | D21: Анкер ТМА-200 | E21: кор. | F21: 250 | G21: шт. | I21: =N21*(1-$L$12) -> 37.9 | J21: =ROUND(I21*1.22,2) -> 46.24 | K21: =I21*F21 -> 9475 | L21: =ROUND(K21*1.22,2) -> 11559.5 | M21: =TEXT(C21,0) -> ТП-00008970 | N21: 37.9
A22: Сопутствующая продукция для ФТ БАРЬЕР / ФТ БАРЬЕР Д | B22: Анкер стальной | C22: ТП-00008971 | D22: Анкер ТМА-250 | E22: кор. | F22: 200 | G22: шт. | I22: =N22*(1-$L$12) -> 56.8 | J22: =ROUND(I22*1.22,2) -> 69.3 | K22: =I22*F22 -> 11360 | L22: =ROUND(K22*1.22,2) -> 13859.2 | M22: =TEXT(C22,0) -> ТП-00008971 | N22: 56.8
A23: Сопутствующая продукция для ФТ БАРЬЕР / ФТ БАРЬЕР Д | B23: Тарельчатый держатель | C23: ТП-00008972 | D23: Тарельчатый держатель MDB-80 | E23: кор. | F23: 250 | G23: шт. | I23: =N23*(1-$L$12) -> 19.8 | J23: =ROUND(I23*1.22,2) -> 24.16 | K23: =I23*F23 -> 4950 | L23: =ROUND(K23*1.22,2) -> 6039 | M23: =TEXT(C23,0) -> ТП-00008972 | N23: 19.8
A24: Сопутствующая продукция для ФТ БАРЬЕР / ФТ БАРЬЕР Д | B24: Декоративная краска ФТ Декор | C24: ТП-50694 | D24: Краска ФТ Декор (белый) | E24: вед. | F24: 20 | G24: кг | H24: 1.5-1.8 | I24: =N24*(1-$L$12) -> 490.1 | J24: =ROUND(I24*1.22,2) -> 597.92 | K24: =I24*F24 -> 9802 | L24: =ROUND(K24*1.22,2) -> 11958.44 | M24: =TEXT(C24,0) -> ТП-50694 | N24: 490.1
A25: Сопутствующая продукция для ФТ БАРЬЕР / ФТ БАРЬЕР Д | B25: Декоративная краска ФТ Декор | D25: Краска FT DÉCOR (Категория 1) | E25: вед. | F25: 20 | G25: кг | I25: =N25*(1-$L$12) -> 584.21 | J25: =ROUND(I25*1.22,2) -> 712.74 | K25: =I25*F25 -> 11684.2 | L25: =ROUND(K25*1.22,2) -> 14254.72 | N25: 584.21
A26: Сопутствующая продукция для ФТ БАРЬЕР / ФТ БАРЬЕР Д | B26: Декоративная краска ФТ Декор | D26: Краска FT DÉCOR (категория 2) | E26: вед. | F26: 20 | G26: кг | I26: =N26*(1-$L$12) -> 631.3 | J26: =ROUND(I26*1.22,2) -> 770.19 | K26: =I26*F26 -> 12626 | L26: =ROUND(K26*1.22,2) -> 15403.72 | N26: 631.3
A27: Сопутствующая продукция для ФТ БАРЬЕР / ФТ БАРЬЕР Д | B27: Декоративная краска ФТ Декор | D27: Краска FT DÉCOR (категория 3) | E27: вед. | F27: 20 | G27: кг | I27: =N27*(1-$L$12) -> 725.47 | J27: =ROUND(I27*1.22,2) -> 885.07 | K27: =I27*F27 -> 14509.4 | L27: =ROUND(K27*1.22,2) -> 17701.47 | N27: 725.47
A28: Сопутствующая продукция для ФТ БАРЬЕР / ФТ БАРЬЕР Д | B28: Декоративная краска ФТ Декор | D28: Краска FT DÉCOR (категория 4) | E28: вед. | F28: 20 | G28: кг | I28: =N28*(1-$L$12) -> 1055.01 | J28: =ROUND(I28*1.22,2) -> 1287.11 | K28: =I28*F28 -> 21100.2 | L28: =ROUND(K28*1.22,2) -> 25742.24 | N28: 1055.01
A29: Сопутствующая продукция для КОНЛИТ SL 150 | B29: Клей КОНЛИТ | C29: ТП-90610 | D29: Клей КОНЛИТ Глю | E29: вед. | F29: 20 | G29: кг | H29: -- | I29: =N29*(1-$L$12) -> 392.2 | J29: =ROUND(I29*1.22,2) -> 478.48 | K29: =I29*F29 -> 7844 | L29: =ROUND(K29*1.22,2) -> 9569.68 | M29: =TEXT(C29,0) -> ТП-90610 | N29: 392.2
A30: Сопутствующая продукция для КОНЛИТ SL 150 | B30: =B29 -> Клей КОНЛИТ | C30: ТП-00014502 | D30: Клей КОНЛИТ Глю mineral | E30: пал. | F30: 42 | G30: уп. | H30: -- | I30: =N30*25 -> 1135 | J30: =ROUND(I30*1.22,2) -> 1384.7 | K30: =I30*F30 -> 47670 | L30: =ROUND(K30*1.22,2) -> 58157.4 | M30: ТП-00014502 | N30: 45.4
A31: Аксессуары к технической изоляции | B31: Самоклеящееся покрытие для теплоизоляции | C31: ТП-276973 | D31: РОКпротект 600 мм (50 м, ш = 600 мм) | E31: шт. | F31: 1 | G31: шт. | H31: -- | I31: =N31*(1-$L$12) -> 45129.2 | J31: =ROUND(I31*1.22,2) -> 55057.62 | K31: =I31*F31 -> 45129.2 | L31: =ROUND(K31*1.22,2) -> 55057.62 | M31: =TEXT(C31,0) -> ТП-276973 | N31: 45129.2
A32: Аксессуары к технической изоляции | B32: Лента алюминиевая самоклеящаяся | C32: ТП-68626 | D32: Лента алюминиевая самоклеящаяся ЛАС (50 м, ш = 100 мм) | E32: пач. | F32: 12 | G32: рул. | H32: -- | I32: =N32*(1-$L$12) -> 1452.1 | J32: =ROUND(I32*1.22,2) -> 1771.56 | K32: =I32*F32 -> 17425.2 | L32: =ROUND(K32*1.22,2) -> 21258.74 | M32: ТП-68626 | N32: 1452.1
A33: Аксессуары к технической изоляции | B33: Лента алюминиевая самоклеящаяся | C33: ТП-331784 | D33: Лента алюминиевая самоклеящаяся ЛАС (50 м, ш = 75 мм) | E33: пач. | F33: 24 | G33: рул. | H33: -- | I33: =N33*(1-$L$12) -> 1095.5 | J33: =ROUND(I33*1.22,2) -> 1336.51 | K33: =I33*F33 -> 26292 | L33: =ROUND(K33*1.22,2) -> 32076.24 | M33: ТП-331784 | N33: 1095.5
A34: Аксессуары к технической изоляции | B34: Лента алюминиевая самоклеящаяся | C34: ТП-70119 | D34: Лента алюминиевая самоклеящаяся ЛАС (50 м, ш = 50 мм) | E34: пач. | F34: 24 | G34: рул. | H34: -- | I34: =N34*(1-$L$12) -> 737 | J34: =ROUND(I34*1.22,2) -> 899.14 | K34: =I34*F34 -> 17688 | L34: =ROUND(K34*1.22,2) -> 21579.36 | M34: ТП-70119 | N34: 737
A35: Аксессуары к технической изоляции | B35: Лента алюминиевая самоклеящаяся | C35: ТП-68621 | D35: Лента алюминиевая самоклеящаяся армированная ЛАС-А (50 м, ш = 100 мм) | E35: пач. | F35: 12 | G35: рул. | H35: -- | I35: =N35*(1-$L$12) -> 1676.3 | J35: =ROUND(I35*1.22,2) -> 2045.09 | K35: =I35*F35 -> 20115.6 | L35: =ROUND(K35*1.22,2) -> 24541.03 | M35: ТП-68621 | N35: 1676.3
A36: Аксессуары к технической изоляции | B36: Лента алюминиевая самоклеящаяся | C36: ТП-68622 | D36: Лента алюминиевая самоклеящаяся армированная ЛАС-А (50 м, ш = 75 мм) | E36: пач. | F36: 16 | G36: рул. | H36: -- | I36: =N36*(1-$L$12) -> 1259.9 | J36: =ROUND(I36*1.22,2) -> 1537.08 | K36: =I36*F36 -> 20158.4 | L36: =ROUND(K36*1.22,2) -> 24593.25 | M36: ТП-68622 | N36: 1259.9
A37: Аксессуары к технической изоляции | B37: Лента алюминиевая самоклеящаяся | C37: ТП-70122 | D37: Лента алюминиевая самоклеящаяся армированная ЛАС-А (50 м, ш = 50 мм) | E37: пач. | F37: 24 | G37: рул. | H37: -- | I37: =N37*(1-$L$12) -> 849.9 | J37: =ROUND(I37*1.22,2) -> 1036.88 | K37: =I37*F37 -> 20397.6 | L37: =ROUND(K37*1.22,2) -> 24885.07 | M37: ТП-70122 | N37: 849.9

Sheet Возможности пр-ва
A1: ВОЗМОЖНОСТИ ПРОИЗВОДСТВА ТЕХНИЧЕСКОЙ ТЕПЛОИЗОЛЯЦИОННОЙ ПРОДУКЦИИ ООО "РОКВУЛ"
A3: Важные примечания:
A4: 1. Данный список не является публичной офертой и носит информационный характер.
A5: 2. Возможности производства цилиндров полностью указаны в Прайс-листе.
A6: 3. * Диапазон толщин для каждого завода может отличаться. Возможности производства конкретной толщины на конкретном заводе уточняйте у торгового представителя в вашем регионе.
A7: 4. ** Варианты упаковки на разных заводах могут отличаться. Возможность упаковки конкретной толщины на конкретном заводе уточняйте у торгового представителя в вашем регионе.
A8: 5. *** Минимальная партия при отгрузке с завода (при отсутствии материала на складе) согласовывается с отделом продаж.
A9: 6. Цену уточняйте у торгового представителя в вашем регионе.
G11: МИНИМАЛЬНЫЙ ЗАКАЗ | J11: ПРОИЗВОДСТВО* | N11: УПАКОВКА**
A12: Сегмент | B12: Продукт | C12: Применение | D12: Размер плиты | E12: Толщины | F12: Упаковка | G12: A | H12: B | I12: C, D | J12: ZHE | K12: VYB | L12: ELA | M12: TRK | N12: рул. или пач. | O12: рул./пал. или пач./пал.
A13: Прошивные маты ВАЙРЕД МАТ | B13: ВАЙРЕД МАТ 80 | C13: Тепловая изоляция технологического и энергетического оборудования, тепловых сетей, магистральных и промышленных трубопроводов с температурой до 640°С. Маты выпускаются с односторонним покрытием сеткой из гальванизированной проволоки (негорючий материал - НГ) | D13: Длина 2000-6000 мм (в зависимости от толщины); Ширина 1000 мм | E13: 40-120 мм c шагом 10 мм | F13: рул. | G13: 80 рул. | H13: 80 рул. | I13: 80 рул. | J13: * | N13: ДА | O13: ДА***
A14: Прошивные маты ВАЙРЕД МАТ | B14: ВАЙРЕД МАТ 80 SST | C14: Тепловая изоляция технологического и энергетического оборудования, тепловых сетей, магистральных и промышленных трубопроводов с температурой до 640°С. Маты выпускаются с односторонним покрытием сеткой из нержавеющей проволоки | D14: Длина 2000-6000 мм (в зависимости от толщины); Ширина 1000 мм | E14: 40-120 мм c шагом 10 мм | F14: рул. | G14: 80 рул. | H14: 80 рул. | I14: 80 рул. | J14: * | N14: ДА | O14: ДА***
A15: Прошивные маты ВАЙРЕД МАТ | B15: ВАЙРЕД МАТ 80 Кф | C15: Тепловая изоляция технологического и энергетического оборудования, тепловых сетей, магистральных и промышленных трубопроводов с температурой до 640°С. Маты выпускаются с односторонним покрытием сеткой из гальванизированной проволоки, кашированные армированной алюминиевой фольгой | D15: Длина 2000-6000 мм (в зависимости от толщины); Ширина 1000 мм | E15: 40-120 мм c шагом 10 мм | F15: рул. | G15: 80 рул. | H15: 80 рул. | I15: 80 рул. | J15: * | N15: ДА | O15: ДА***
A16: Прошивные маты ВАЙРЕД МАТ | B16: ВАЙРЕД МАТ 80 Кф1 | C16: Тепловая изоляция технологического и энергетического оборудования, тепловых сетей, магистральных и промышленных трубопроводов с температурой до 640°С. Маты выпускаются с односторонним покрытием сеткой из гальванизированной проволоки, кашированные неармированной алюминиевой фольгой (негорючий материал - НГ) | D16: Длина 2000-6000 мм (в зависимости от толщины); Ширина 1000 мм | E16: 40-120 мм c шагом 10 мм | F16: рул. | G16: 80 рул. | H16: 80 рул. | I16: 80 рул. | J16: * | N16: ДА
A17: Прошивные маты ВАЙРЕД МАТ | B17: ВАЙРЕД МАТ 105 | C17: Тепловая изоляция технологического и энергетического оборудования, тепловых сетей, магистральных и промышленных трубопроводов с температурой до 660°С. Огнезащита воздуховодов с пределом огнестойкости до EI 240 мин. Маты выпускаются с односторонним покрытием сеткой из гальванизированной проволоки (негорючий материал - НГ) | D17: Длина 2000-7000 мм (в зависимости от толщины); Ширина 1000 мм | E17: 25, 30-100 мм с шагом 10 мм | F17: рул. | G17: 80 рул. | H17: 80 рул. | I17: 80 рул. | J17: * | N17: ДА | O17: ДА***
A18: Прошивные маты ВАЙРЕД МАТ | B18: ВАЙРЕД МАТ 105 SST | C18: Тепловая изоляция технологического и энергетического оборудования, тепловых сетей, магистральных и промышленных трубопроводов с температурой до 660°С. Маты выпускаются с односторонним покрытием сеткой из нержавеющей проволоки | D18: Длина 2000-7000 мм (в зависимости от толщины); Ширина 1000 мм | E18: 25, 30-100 мм с шагом 10 мм | F18: рул. | G18: 80 рул. | H18: 80 рул. | I18: 80 рул. | J18: * | N18: ДА | O18: ДА***
A19: Прошивные маты ВАЙРЕД МАТ | B19: ВАЙРЕД МАТ 105 Кф | C19: Тепловая изоляция технологического и энергетического оборудования, тепловых сетей, магистральных и промышленных трубопроводов с температурой до 660°С. Маты выпускаются с односторонним покрытием сеткой из гальванизированной проволоки, кашированные армированной алюминиевой фольгой | D19: Длина 2000-7000 мм (в зависимости от толщины); Ширина 1000 мм | E19: 25, 30-100 мм с шагом 10 мм | F19: рул. | G19: 80 рул. | H19: 80 рул. | I19: 80 рул. | J19: * | N19: ДА | O19: ДА***
A20: Прошивные маты ВАЙРЕД МАТ | B20: ВАЙРЕД МАТ 105 Кф1 | C20: Тепловая изоляция технологического и энергетического оборудования, тепловых сетей, магистральных и промышленных трубопроводов с температурой до 660°С. Огнезащита воздуховодов с пределом огнестойкости до EI 240 мин. Маты выпускаются с односторонним покрытием сеткой из гальванизированной проволоки, кашированные неармированной алюминиевой фольгой (негорючий материал - НГ) | D20: Длина 2000-7000 мм (в зависимости от толщины); Ширина 1000 мм | E20: 25, 30-100 мм с шагом 10 мм | F20: рул. | G20: 80 рул. | H20: 80 рул. | I20: 80 рул. | J20: * | N20: ДА | O20: ДА***
A21: Прошивные маты ВАЙРЕД МАТ | B21: ВАЙРЕД МАТ 50 | C21: Тепловая изоляция технологического и энергетического оборудования, тепловых сетей, магистральных и промышленных трубопроводов с температурой до 520°С. Маты выпускаются с односторонним покрытием сеткой из гальванизированной проволоки | D21: Длина 2000-5000 мм (в зависимости от толщины); Ширина 1000 мм | E21: 50-100 мм с шагом 10 мм | F21: рул. | G21: 80 рул. | H21: 80 рул. | I21: 80 рул. | J21: * | N21: ДА
A22: Ламельные маты | B22: ЛАМЕЛЛА МАТ (AL) | C22: Изоляция трубопроводов, оборудования и воздуховодов. Маты выпускаются с покрытием алюминиевой фольгой | D22: Длина 2500-10000 мм (в зависимости от толщины); Ширина 1000 мм | E22: 25, 20-60, 80, 100 мм | F22: рул. | G22: 1 рул. | H22: **** | I22: **** | J22: * | N22: ДА
A23: Маты ТЕХ МАТ | B23: ТЕХ МАТ | C23: Теплоизоляция трубороводов различного назначения, промышленного и энергетического оборудования с температурой до 420°С. | D23: Длина 5000-4000 мм (в зависимости от толщины); Ширина 1000 мм | E23: 50-90 мм с шагом 10 мм | F23: рул. | G23: 80 рул. | H23: 4.5 т | I23: 6 т | J23: * | N23: ДА
A24: Маты ТЕХ МАТ | B24: ТЕХ МАТ Кф | C24: Теплоизоляция трубороводов различного назначения, промышленного и энергетического оборудования с температурой до 420°С. Маты выпускаются с покрытием алюминиевой фольгой | D24: Длина 5000-4000 мм (в зависимости от толщины); Ширина 1000 мм | E24: 50-90 мм с шагом 10 мм | F24: рул. | G24: 80 рул. | H24: 4.5 т | I24: 6 т | J24: * | N24: ДА
A25: Плиты ФТ БАРЬЕР | B25: ФТ БАРЬЕР | C25: Тепло- огнезащита железобетнных плит перекрытий | D25: 1000х600 мм | E25: 30-200 мм с шагом 10 мм | F25: пал. | G25: 1 пал. | H25: 4.5 т | I25: 6 т | J25: * | K25: * | M25: * | O25: ДА
A26: Плиты ФТ БАРЬЕР | B26: ФТ БАРЬЕР Д | C26: Тепло- огнезащита железобетнных плит перекрытий. Плита с переменной плотностью | D26: 1000х600 мм | E26: 80-200 мм с шагом 10 мм | F26: пал. | G26: 1 пал. | H26: 4.5 т | I26: 6 т | J26: * | M26: * | O26: ДА
A27: Плиты КОНЛИТ SL | B27: КОНЛИТ SL 150 | C27: Огнезащитное решение для стальных конструкций (колонны, балки) Применяется совместно с клеем КОНЛИТ Glue | D27: 1000х600 мм | E27: 25, 35, 30-100 мм с шагом 10 мм | F27: пал. | G27: 1 пал. | H27: 4.5 т | I27: 6 т | J27: * | O27: ДА
A28: Плиты ТЕХ БАТТС | B28: ТЕХ БАТТС 50 | C28: Теплоизоляция промышленного оборудования, воздуховодов, резервуаров с температурой до 400°С. | D28: 1000х600 мм | E28: 50-200 мм с шагом 10 мм | F28: пал. | G28: 1 пал. | H28: 4.5 т | I28: 6 т (9 т ELA) | J28: * | K28: * | L28: * | M28: * | O28: ДА
A29: Плиты ТЕХ БАТТС | B29: ТЕХ БАТТС 50 Кф | C29: Теплоизоляция промышленного оборудования, воздуховодов, резервуаров с температурой до 400°С. Плиты кашируются алюминиевой фольгой | D29: 1000х600 мм | E29: 50-200 мм с шагом 10 мм | F29: пал. | G29: 1 пал. | H29: 4.5 т | I29: 6 т | J29: * | O29: ДА
A30: Плиты ТЕХ БАТТС | B30: ТЕХ БАТТС 75 | C30: Теплоизоляция промышленного оборудования, бойлеров, котлов, воздуховодов, резервуаров с температурой до 450°С. | D30: 1000х600 мм | E30: 50-200 мм с шагом 10 мм | F30: пал. | G30: 1 пал. | H30: 4.5 т | I30: 6 т (9 т ELA) | J30: * | K30: * | L30: * | M30: * | O30: ДА
A31: Плиты ТЕХ БАТТС | B31: ТЕХ БАТТС 75 Кф | C31: Теплоизоляция промышленного оборудования, бойлеров, котлов, воздуховодов, резервуаров с температурой до 450°С. Плиты кашируются алюминиевой фольгой | D31: 1000х600 мм | E31: 50-200 мм с шагом 10 мм | F31: пал. | G31: 1 пал. | H31: 4.5 т | I31: 6 т | J31: * | O31: ДА
A32: Плиты ТЕХ БАТТС | B32: ТЕХ БАТТС 100 | C32: Теплоизоляция промышленного оборудования, бойлеров, котлов, воздуховодов, резервуаров с температурой до 650°С. | D32: 1000х600 мм | E32: 50-200 мм с шагом 10 мм | F32: пал. | G32: 1 пал. | H32: 4.5 т | I32: 6 т (9 т ELA) | J32: * | K32: * | L32: * | M32: * | O32: ДА
A33: Плиты ТЕХ БАТТС | B33: ТЕХ БАТТС 100 Кф | C33: Теплоизоляция промышленного оборудования, бойлеров, котлов, воздуховодов, резервуаров с температурой до 650°С. Плиты кашируются алюминиевой фольгой | D33: 1000х600 мм | E33: 50-200 мм с шагом 10 мм | F33: пал. | G33: 1 пал. | H33: 4.5 т | I33: 6 т | J33: * | O33: ДА
A34: Плиты ТЕХ БАТТС | B34: ТЕХ БАТТС 125 | C34: Теплоизоляция промышленного оборудования, бойлеров, котлов, воздуховодов, резервуаров с температурой до 680°С. | D34: 1000х600 мм | E34: 50-200 мм с шагом 10 мм | F34: пал. | G34: 1 пал. | H34: 4.5 т | I34: 6 т (9 т ELA) | J34: * | K34: * | L34: * | M34: * | O34: ДА
A35: Плиты ТЕХ БАТТС | B35: ТЕХ БАТТС 125 Кф | C35: Теплоизоляция промышленного оборудования, бойлеров, котлов, воздуховодов, резервуаров с температурой до 680°С. Плиты кашируются алюминиевой фольгой | D35: 1000х600 мм | E35: 50-180 мм с шагом 10 мм | F35: пал. | G35: 1 пал. | H35: 4.5 т | I35: 6 т | J35: * | O35: ДА
A36: Плиты ТЕХ БАТТС | B36: ТЕХ БАТТС 150 | C36: Теплоизоляция промышленного оборудования, бойлеров, котлов, воздуховодов, резервуаров с температурой до 700°С. | D36: 1000х600 мм | E36: 50-180 мм с шагом 10 мм | F36: пал. | G36: 1 пал. | H36: 4.5 т | I36: 6 т (9 т ELA) | J36: * | K36: * | L36: * | M36: * | O36: ДА
A37: Плиты ТЕХ БАТТС | B37: ТЕХ БАТТС 150 Кф | C37: Теплоизоляция промышленного оборудования, бойлеров, котлов, воздуховодов, резервуаров с температурой до 700°С. Плиты кашируются алюминиевой фольгой | D37: 1000х600 мм | E37: 50-130 мм с шагом 10 мм | F37: пал. | G37: 1 пал. | H37: 4.5 т | I37: 6 т | J37: * | O37: ДА
A38: Плиты ФАЙЕР БАТТС | B38: ФАЙЕР БАТТС | C38: Теплоизоляция промышленного оборудования, бойлеров, котлов, воздуховодов, резервуаров. Максимальная температура применения 700°С | D38: 1000х600 мм | E38: 30-140 мм с шагом 10 мм | F38: пал. | G38: 1 пал. | H38: VYB - 9 т, ZHE - 6 т | I38: VYB - 9 т, ZHE - 6 т | J38: * | K38: * | O38: ДА
A39: Плиты ФАЙЕР БАТТС | B39: ФАЙЕР БАТТС Кф | C39: Теплоизоляция промышленного оборудования, бойлеров, котлов, воздуховодов, резервуаров. Теплоизоляция при устройстве каминного оборудования | D39: 1000х600 мм | E39: 25, 30-80 мм с шагом 10 мм | F39: пал. | G39: 1 пал. | H39: 9 т | I39: 9 т | K39: * | O39: ДА
A40: Плиты ИНДАСТРИАЛ БАТТС | B40: ИНДАСТРИАЛ БАТТС 80 | C40: Шумоизоляция котлов, тепловых насосов и воздуховодов со скоростью движения воздуха внутри до 20 м/с. Плиты покрыты стеклохолстом с одной стороны | D40: 1000х600 мм | E40: 15, 25, 35, 20-80 мм с шагом 10 мм | F40: пал. | G40: 1 пал. | H40: 9 т | I40: 9 т | K40: * | O40: ДА
A41: Плиты ИНДАСТРИАЛ БАТТС | B41: ИНДАСТРИАЛ БАТТС 80 BF | C41: Шумоизоляция котлов, тепловых насосов и воздуховодов со скоростью движения воздуха внутри до 20 м/с. Плиты покрыты стеклохолстом c двух сторон | D41: 1000х600 мм | E41: 50, 100 мм | F41: пал. | G41: 1 пал. | H41: 9 т | I41: 9 т | K41: * | O41: ДА
A42: Цилиндры навивные RWL | B42: Цилиндр навивной RWL 100 | C42: Тепловая изоляция трубопроводов различного назначения с температурой до 650°С. | D42: Диаметр 18-273 мм | E42: 25, 30-100 мм с шагом 10 мм | F42: пач. | G42: 1 пач. | H42: 10 п.м (кратно 1 пач.) | I42: 40 п.м (кратно 1 пач.) | J42: * | M42: * | N42: ДА
A43: Цилиндры навивные RWL | B43: Цилиндр навивной RWL 100 Кф | C43: Тепловая изоляция трубопроводов различного назначения с температурой до 650°С. Цилиндры кашируются алюминиевой фольгой | D43: Диаметр 18-273 мм | E43: 25, 30-100 мм с шагом 10 мм | F43: пач. | G43: 1 пач. | H43: 10 п.м (кратно 1 пач.) | I43: 40 п.м (кратно 1 пач.) | J43: * | M43: * | N43: ДА
A44: Цилиндры RWL | B44: Цилиндр RWL 80 Кф1 | C44: Тепловая изоляция технологических трубопроводов с температурой теплоносителя до 600°С. Цилиндры кашируются неармированной алюминиевой фольгой | D44: Диаметр 18-273 мм | E44: 20,25,30-80 мм с шагом 10 мм | F44: пач. | G44: 1 пач. | H44: 10 п.м (кратно 1 пач.) | I44: 40 п.м (кратно 1 пач.) | J44: * | N44: ДА
A45: Цилиндры RWL | B45: Цилиндр RWL 80 Кф | C45: Тепловая изоляция трубопроводов различного назначения с температурой до 600°С. Цилиндры кашируются алюминиевой фольгой | D45: Диаметр 18-159 мм | E45: 20, 25, 30-50 мм с шагом 10 мм | F45: пач. | G45: 40 п.м (кратно 1 пач.) | H45: 40 п.м (кратно 1 пач.) | I45: 40 п.м (кратно 1 пач.) | J45: * | N45: ДА
A46: Цилиндры навивные RWL | B46: Цилиндр навивной RWL 150 | C46: Тепловая изоляция технологических трубопроводов с температурой до 680°С | D46: Диаметр 18-273 мм | E46: 25, 30-100 мм с шагом 10 мм | F46: пач. | G46: 1 пач. | H46: 10 п.м (кратно 1 пач.) | I46: 40 п.м (кратно 1 пач.) | J46: * | M46: * | N46: ДА

Sheet Контакты
A1: КОНТАКТНАЯ ИНФОРМАЦИЯ
A2: ООО "РОКВУЛ"
A6: Москва | B6: Дмитрий Чугусов Региональный торговый представитель, направление «Техническая изоляция и огнезащита» | C6: +7 963 996 64 82 dmitriy.chugusov@rwl.ru
B7: Дмитрий Климов Региональный торговый представитель, направление «Техническая изоляция и огнезащита» | C7: +7 980 400 69 16 dmitriy.klimov@rwl.ru
B8: Игорь Савостин Инженер по проектам, направление «Техническая изоляция и огнезащита» | C8: +7 980 400 69 25 igor.savostin@rwl.ru
A9: Санкт-Петербург | B9: Александр Зозуля Региональный менеджер по продажам, направление «Техническая изоляция и огнезащита» | C9: +7 921 995 62 00 alexander.zozulya@rwl.ru
B10: Игорь Долматов Региональный торговый представитель, направление «Техническая изоляция и огнезащита» | C10: +7 921 953 60 85 igor.dolmatov@rwl.ru
B11: Анна Головлёва Инженер по проектам, направление «Техническая изоляция и огнезащита» | C11: +7 985 174 02 56 anna.golovleva@rwl.ru
A12: Ростов-на-Дону | B12: Александр Чернышев Региональный торговый представитель, направление «Техническая изоляция и огнезащита» | C12: +7 918 558 73 21 alexander.chernyshev@rwl.ru
A13: Казань | B13: Александр Зозуля Региональный менеджер по продажам, направление «Техническая изоляция и огнезащита» | C13: +7 921 995 62 00 alexander.zozulya@rwl.ru
A14: Уфа | B14: Артем Фукалов Региональный торговый представитель, направление «Техническая изоляция и огнезащита» | C14: +7 922 109 53 23 artem.fukalov@rwl.ru
A15: Екатеринбург | B15: Михаил Маслов Региональный торговый представитель, направление «Техническая изоляция и огнезащита» | C15: +7 922 109 41 08 mikhail.maslov@rwl.ru
A16: Новосибирск | B16: Николай Никитин Менеджер по работе с ключевыми клиентами, направление «Техническая изоляция и огнезащита» | C16: +7 913 917 46 24 nikolay.nikitin@rwl.ru
B17: Валерий Запрудский Региональный торговый представитель, направление «Техническая изоляция и огнезащита» | C17: +7 913 269 44 14 valery.zaprudskiy@rwl.ru
A18: Центральный офис | B18: Центр проектирования | C18: 8 800 200 22 77 support@rwl.ru
B19: Пресс-служба | C19: +7 016 901 59 03 press@rwl.ru
B20: Обучение по продукции | C20: +7 968 650 04 18 university@rwl.ru
B21: Профессиональные консультации | C21: 8 800 200 22 77
